Workbook
Name \0: #REF!
Name \0: #REF!
Name \00: #REF!
Name \a: #REF!
Name \a: #REF!
Name \AA: #REF!
Name \b: #REF!
Name \b: #REF!
Name \bb: #REF!
Name \c: #REF!
Name \d: #REF!
Name \e: #REF!
Name \EE: #REF!
Name \eliminar: #REF!
Name \eliminar1: #REF!
Name \g: #REF!
Name \g: #REF!
Name \i: #REF!
Name \k: #REF!
Name \L: #REF!
Name \m: #REF!
Name \m: #REF!
Name \n: #REF!
Name \n: #REF!
Name \ñ: #REF!
Name \p: #REF!
Name \PX: #REF!
Name \q: #REF!
Name \r: #REF!
Name \s: #REF!
Name \t: #REF!
Name \V: #REF!
Name \w: #REF!
Name \X: #N/A
Name \X: #N/A
Name \x: #REF!
Name \z: #REF!
Name _: #REF!
Name ___: #REF!
Name _________________________________________________AFC1: #REF!
Name _________________________________________________AFC3: #REF!
Name _________________________________________________AFC5: #REF!
Name _________________________________________________BGC1: #REF!
Name _________________________________________________BGC3: #REF!
Name _________________________________________________BGC5: #REF!
Name _________________________________________________CAC1: #REF!
Name _________________________________________________CAC3: #REF!
Name _________________________________________________CAC5: #REF!
Name _________________________________________________SBC1: #REF!
Name _________________________________________________SBC3: #REF!
Name _________________________________________________SBC5: #REF!
Name ________________________________________________AFC1: #REF!
Name ________________________________________________AFC3: #REF!
Name ________________________________________________AFC5: #REF!
Name ________________________________________________BGC1: #REF!
Name ________________________________________________BGC3: #REF!
Name ________________________________________________BGC5: #REF!
Name ________________________________________________CAC1: #REF!
Name ________________________________________________CAC3: #REF!
Name ________________________________________________CAC5: #REF!

Sheet F.M.
D2: DEAPRTAMENTO DEL HUILA MUNICIPIO DE OPORAPA
D4: =+INTERVENTORIA!D3 -> CONSTRUCCION, ADECUACION Y MEJORAMIENTO DEL POLIDEPORTIVO EN LA VEREDA EL CARMEN AREA RURAL DEL MUNICIPIO DE OPORAPA HUILA
B10: DESGLOSE FACTOR MULTIPLICADOR | F10: %
B12: A. | D12: VALOR BASE (Sueldo) | F12: 1
B13: A1. | D13: Subsidio de transporte | F13: 0.124
B14: B. | D14: PRESTACIONES SOCIALES | F14: =SUM(F15:F26) -> 0.72753333
C15: a. | D15: Cesantías | E15: (A/12) | F15: =1/12 -> 0.083333333
C16: b. | D16: Intereses sobre cesantía | E16: (A*12%) | F16: 0.01
C17: c. | D17: Prima anual | E17: (A/12) | F17: =F12/12 -> 0.083333333
C18: d. | D18: Caja de Compensación | E18: % A | F18: 0.04
C19: e. | D19: Subsidio de transporte | E19: % A | F19: 0.1246
C20: f. | D20: SENA | E20: % A | F20: 0.02
C21: g. | D21: ICBF | E21: % A | F21: 0.03
C22: h. | D22: Sistema de seguridad social : Salud | E22: % A | F22: 0.085
C23: i. | D23: Sistema de seguridad social : Pensión | E23: % A | F23: 0.12
C24: j. | D24: ARP personal | E24: % A | F24: 0.0696
C25: k. | D25: Vacaciones | E25: (15/360*100) | F25: =15/360 -> 0.041666667
C26: l. | D26: Dotación | E26: % A | F26: 0.02
B27: C. | D27: COSTOS INDIRECTOS | F27: =SUM(F28:F35) -> 0.1272
C28: a. | D28: Estampilla Pro-desarrollo | F28: 0.02
C29: b. | D29: Estampilla Pro-cultura | F29: 0.015
C30: c. | D30: Tasa Pro deporte y Recreación | F30: 0.015
C31: d. | D31: Estampilla Pro Desarrollo de la Universidad Surcolombiana | F31: 0.005
C32: e. | D32: Costos de Bienes y servicios | F32: 0.0007
C33: f. | D33: Reteica | F33: 0.004
C34: g. | D34: Reteiva | F34: 0.0285
C35: h. | D35: Publicación en gaceta | F35: 0.039
B37: D. | D37: GASTOS OFICINA DEL CONSULTOR | F37: =+SUM(F38:F41) -> 0.165
D38: Arriendo de oficina y servicios público | F38: 0.12
D39: Papelería y útiles de oficina | F39: 0.02
D40: Edición y elaboración de informes | F40: 0.015
D41: Fotocopias | F41: 0.01
B43: E. | D43: SUBTOTAL (A + A1 + B + C) | F43: =F27+F13+F14+F12+F37 -> 2.1437333
B44: F. | D44: HONORARIOS | E44: % A | F44: 0.1
D45: SUBTOTAL FM | F45: =ROUND(+F43+F44,2) -> 2.24
D46: FACTOR MULTIPLICADOR FINAL | F46: =+F45*100 -> 224
B51: Ing. JOSE DAVID VARGAS ARIAS | E51: VoBo. ALEJANDRO PARRA COLLAZOS
B52: INGENIERO CIVIL | E52: Secretario de Planeación

Sheet INTERVENTORIA
D1: REPUBLICA DE COLOMBIA DEPARTAMENTO DEL HUILA MUNICIPIO DE OPORAPA
D3: =+'Presupuesto INDERHUILA'!A7 -> CONSTRUCCION, ADECUACION Y MEJORAMIENTO DEL POLIDEPORTIVO EN LA VEREDA EL CARMEN AREA RURAL DEL MUNICIPIO DE OPORAPA HUILA
D6: PRESUPUESTO GENERAL DE INTERVENTORÍA
B9: CONCEPTO | D9: CANTIDAD | E9: SUELDO MES BASICO | F9: % DE DEDICACION | G9: FM % | H9: VALORES MES | I9: No MESES | J9: TOTAL PARCIAL
B10: PERSONAL PROFESIONAL
B11: DIRECTOR DE INTERVENTORÍA | D11: 1 | E11: 4000000 | F11: 0.3 | G11: 2.24 | H11: =ROUND(E11*F11*G11*D11,0) -> 2688000 | I11: 4 | J11: =ROUND(H11*I11,0) -> 10752000 | M11: =+G11/100 -> 0.0224
B12: RESIDENTE DE INTERVENTORÍA | D12: 1 | E12: 3000000 | F12: 1 | G12: =+G11 -> 2.24 | H12: =E12*F12*G12*D12 -> 6720000 | I12: 4 | J12: =ROUND(H12*I12,0) -> 26880000
B13: SUBTOTAL COSTO PERSONAL PROFESIONAL | J13: =SUM(J11:K12) -> 37632000
B14: PROFESIONAL TECNICO
B15: ESPECIALISTA EN ESTRUCTURAS | D15: 1 | E15: 4500000 | F15: 0.2 | G15: =+G12 -> 2.24 | H15: =E15*F15*G15*D15 -> 2016000 | I15: 4 | J15: =ROUND(H15*I15,0) -> 8064000
B16: SUBTOTAL COSTO PERSONAL TECNICO | J16: =SUM(J15:K15) -> 8064000
B17: OTROS COSTOS DIRECTOS
B18: CONCEPTO | F18: UNIDAD | G18: CANTIDAD | H18: VALOR UNITARIO | I18: VALOR TOTAL
B19: Ensayos de Resistencia concreto (Toma, Trasporte y Rotura) | F19: UNIDAD | G19: 20 | H19: 138571.85 | I19: =H19*G19 -> 2771437
B21: SUBTOTAL COSTO PERSONAL TECNICO | I21: =SUM(I19:K20) -> 2771437
B23: COSTO TOTAL | I23: =I21+J16+J13 -> 48467437
B24: IVA 19% | I24: =ROUND(I23*0.19,0) -> 9208813
B25: VALOR TOTAL DE LA INTERVENTORIA | I25: =I23+I24 -> 57676250
L27: =+'Presupuesto INDERHUILA'!G80 -> 57676250
L29: =+L27-I25 -> 0.025200002
C30: Ing. JOSE DAVID VARGAS ARIAS | F30: VoBo. ALEJANDRO PARRA COLLAZOS | L30: =+L29/1.19 -> 0.021176472
C31: INGENIERO CIVIL | F31: Secretario de Planeación | L31: =+L30/20 -> 0.0010588236

Sheet Presupuesto INDERHUILA
A1: DEPARTAMENTO DEL HUILA
A2: MUNICIPIO DE OPORAPA
A5: PRESUPUESTO GENERAL
A7: CONSTRUCCION, ADECUACION Y MEJORAMIENTO DEL POLIDEPORTIVO EN LA VEREDA EL CARMEN AREA RURAL DEL MUNICIPIO DE OPORAPA HUILA
C8: MUNICIPIO: | E8: OPORAPA
C9: LUGAR: | E9: VDA EL CARMEN
C10: FECHA: | E10: MAYO DE 2026
A12: ITEM | B12: DESCRIPCION | C12: UNIDAD | D12: CANTIDAD | E12: V/R. UNITARIO | F12: V/PARCIAL | G12: V/R. TOTAL | L12: PRESUPUESTO INDERHUILA | M12: PRESUPUESTO MUNICIPIO
A13: 1 | B13: PRELIMINARES | G13: =ROUND(SUM(F14:F20),0) -> 51343079 | H13: =ROUND(G13*0.3,0) -> 15402924 | I13: =ROUND(H13+G13,0) -> 66746003 | K13: =+I13-'[4]PRESUPUESTO OFICIAL (Entidad)'!$K$17 -> 692.32 | L13: =G13 -> 51343079
A14: 1.1 | B14: Localización y replanteo | C14: M2 | D14: 570.25 | E14: =+'APU1.1'!H29 -> 2721 | F14: =ROUND(D14*E14,0) -> 1551650 | H14: =ROUND(E14*0.3,0) -> 816 | I14: =+H14+E14 -> 3537 | J14: =ROUND(D14*I14,0) -> 2016974 | L14: =F14 -> 1551650
A15: 1.2 | B15: Excavación manual en material común con retiro de sobrantes. | C15: M3 | D15: 140.55 | E15: =+'APU1.2'!H29 -> 85310 | F15: =ROUND(D15*E15,0) -> 11990321 | H15: =ROUND(E15*0.3,0) -> 25593 | I15: =+H15+E15 -> 110903 | J15: =ROUND(D15*I15,0) -> 15587417 | L15: =F15 -> 11990321
A16: 1.3 | B16: Excavación mecanica para explanación a todo factor. Incluye Retiro | C16: M3 | D16: 102.52 | E16: =+'APU1.3'!H33 -> 70703 | F16: =ROUND(D16*E16,0) -> 7248472 | H16: =ROUND(E16*0.3,0) -> 21211 | I16: =+H16+E16 -> 91914 | J16: =ROUND(D16*I16,0) -> 9423023 | L16: =F16 -> 7248472
A17: 1.4 | B17: Relleno en recebo compactado PM 95% | C17: M3 | D17: 107.16 | E17: =+'APU1.4'!H30 -> 124149 | F17: =ROUND(D17*E17,0) -> 13303807 | H17: =ROUND(E17*0.3,0) -> 37245 | I17: =+H17+E17 -> 161394 | J17: =ROUND(D17*I17,0) -> 17294981 | L17: =F17 -> 13303807
A18: 1.5 | B18: Demolición de piso en concreto. Incluye Retiro | C18: M3 | D18: 402 | E18: =+'APU1.5'!G27 -> 32627 | F18: =ROUND(D18*E18,0) -> 13116054 | H18: =ROUND(E18*0.3,0) -> 9788 | I18: =+H18+E18 -> 42415 | J18: =ROUND(D18*I18,0) -> 17050830 | L18: =F18 -> 13116054
A19: 1.6 | B19: Desmonte de malla eslabonada | C19: M2 | D19: 60.79 | E19: =+'APU1.6'!F29 -> 27214 | F19: =ROUND(D19*E19,0) -> 1654339 | H19: =ROUND(E19*0.3,0) -> 8164 | I19: =+H19+E19 -> 35378 | J19: =ROUND(D19*I19,0) -> 2150629 | L19: =F19 -> 1654339
A20: 1.7 | B20: Retiro de postes existentes, incluye demolición y retiro de cimentación, acometida, lamparas, crucetas y demás elementos | C20: Und | D20: 2 | E20: =+'APU1.7'!F32 -> 1239218 | F20: =ROUND(D20*E20,0) -> 2478436 | H20: =ROUND(E20*0.3,0) -> 371765 | I20: =+H20+E20 -> 1610983 | J20: =ROUND(D20*I20,0) -> 3221966 | L20: =F20 -> 2478436
A21: 2 | B21: CONSTRUCCION DE ESTRUCTURA EN CONCRETO | G21: =ROUND(SUM(F22:F32),0) -> 231335130 | H21: =ROUND(G21*0.3,0) -> 69400539 | I21: =+H21+G21 -> 300735669 | J21: =ROUND(D21*I21,0) -> 0 | K21: =+I21-'[4]PRESUPUESTO OFICIAL (Entidad)'!$K$30 -> -483.25 | L21: =G21 -> 231335130
A22: 2.1 | B22: Viga de cimiento en concreto de 3000 PSI | C22: M3 | D22: 7.98 | E22: =+'APU2.1'!G27 -> 1107042 | F22: =ROUND(D22*E22,0) -> 8834195 | H22: =ROUND(E22*0.3,0) -> 332113 | I22: =+H22+E22 -> 1439155 | J22: =ROUND(D22*I22,0) -> 11484457 | L22: =F22 -> 8834195
A23: 2.2 | B23: Placa en concreto de 3000 PSI, e=0.10 mts incluye malla electrosoldada 6mm; Huecos 15x15 cm | C23: M2 | D23: 510.98 | E23: =+'APU2.2'!F29 -> 146942 | F23: =ROUND(D23*E23,0) -> 75084423 | H23: =ROUND(E23*0.3,0) -> 44083 | I23: =+H23+E23 -> 191025 | J23: =ROUND(D23*I23,0) -> 97609955 | L23: =F23 -> 75084423
A24: 2.3 | B24: Concreto Zapatas de 3000 PSI | C24: M3 | D24: 27.68 | E24: =+'APU2.3'!G27 -> 953042 | F24: =ROUND(D24*E24,0) -> 26380203 | H24: =ROUND(E24*0.3,0) -> 285913 | I24: =+H24+E24 -> 1238955 | J24: =ROUND(D24*I24,0) -> 34294274 | L24: =F24 -> 26380203
A25: 2.4 | B25: Columna en concreto de 3000 PSI | C25: M3 | D25: 8.06 | E25: =+'APU2.4'!G27 -> 1458168 | F25: =ROUND(D25*E25,0) -> 11752834 | H25: =ROUND(E25*0.3,0) -> 437450 | I25: =+H25+E25 -> 1895618 | J25: =ROUND(D25*I25,0) -> 15278681 | L25: =F25 -> 11752834
A26: 2.5 | B26: Viga aerea en concreto de 3000 PSI | C26: M3 | D26: 6.79 | E26: =+'APU2.5'!G27 -> 1516977 | F26: =ROUND(D26*E26,0) -> 10300274 | H26: =ROUND(E26*0.3,0) -> 455093 | I26: =+H26+E26 -> 1972070 | J26: =ROUND(D26*I26,0) -> 13390355 | L26: =F26 -> 10300274
A27: 2.6 | B27: Cuneta A. LL. en concreto de 3000 psi a= 0.50 mt. Incluye: tapa en madera plástica | C27: Ml | D27: 55.12 | E27: =+'APU2.6'!G26 -> 222737 | F27: =ROUND(D27*E27,0) -> 12277263 | H27: =ROUND(E27*0.3,0) -> 66821 | I27: =+H27+E27 -> 289558 | J27: =ROUND(D27*I27,0) -> 15960437 | L27: =F27 -> 12277263
A28: 2.7 | B28: Acero de refuerzo 60.000 PSI | C28: Kg. | D28: 7766.29 | E28: =+'APU2.7'!F28 -> 9493 | F28: =ROUND(D28*E28,0) -> 73725391 | H28: =ROUND(E28*0.3,0) -> 2848 | I28: =+H28+E28 -> 12341 | J28: =ROUND(D28*I28,0) -> 95843785 | L28: =F28 -> 73725391
A29: 2.8 | B29: Caja de inspección de 0,80*0,80 m en concreto de 3000 PSI para sistema de agua lluvias | C29: UND | D29: 2 | E29: =+'APU2.8'!F29 -> 443933 | F29: =ROUND(D29*E29,0) -> 887866 | H29: =ROUND(E29*0.3,0) -> 133180 | I29: =+H29+E29 -> 577113 | J29: =ROUND(D29*I29,0) -> 1154226 | L29: =F29 -> 887866 | N29: unitario | O29: total
A30: 2.9 | B30: Concreto pobre de 2000 PSI para limpieza | C30: M3 | D30: 7.42 | E30: =+'APU2.9'!F24 -> 792361 | F30: =ROUND(D30*E30,0) -> 5879319 | H30: =ROUND(E30*0.3,0) -> 237708 | I30: =+H30+E30 -> 1030069 | J30: =ROUND(D30*I30,0) -> 7643112 | L30: =F30 -> 5879319 | N30: 80671 | O30: 6387530
A31: 2.1 | B31: Concreto ciclópeo, 60% en concreto de 2500 PSI, y 40% en piedra, para cerramiento | C31: M3 | D31: 3.73 | E31: =+'APU2.10'!G31 -> 760678 | F31: =ROUND(D31*E31,0) -> 2837329 | H31: =ROUND(E31*0.3,0) -> 228203 | I31: =+H31+E31 -> 988881 | J31: =ROUND(D31*I31,0) -> 3688526 | L31: =F31 -> 2837329 | N31: 730
A32: 2.11 | B32: Suministro e instalación de tuberia PVC de 6" sanitaria incluye accesorios. | C32: ML | D32: 36.7 | E32: =+'APU2.11'!G27 -> 91990 | F32: =ROUND(D32*E32,0) -> 3376033 | H32: =ROUND(E32*0.3,0) -> 27597 | I32: =+H32+E32 -> 119587 | J32: =ROUND(D32*I32,0) -> 4388843 | L32: =F32 -> 3376033
A33: 3 | B33: CONSTRUCCION DE CUBIERTA | G33: =ROUND(SUM(F34:F38),0) -> 246370579 | H33: =ROUND(G33*0.3,0) -> 73911174 | I33: =+H33+G33 -> 320281753 | J33: =ROUND(D33*I33,0) -> 0 | K33: =+I33-'[4]PRESUPUESTO OFICIAL (Entidad)'!$K$37 -> -174.362 | L33: =G33 -> 246370579
A34: 3.1 | B34: Suministro, fabricación e instalación de cubierta auto portante elaborada en sitio, con lamina de acero, color blanco almendra, calibre 22 galvanizado, prepintado y en grado 40, flecha al 20% con respecto al ancho a cubrir, tipo membrana (Sistema modular con secciones únicas y sin traslapo a lo ancho, unidas entre sí por medio de grafado mecánico). para placa de polideportivo. | C34: M2 | D34: 562.04 | E34: =+'APU3.1'!F29 -> 299476 | F34: =ROUND(D34*E34,0) -> 168317491 | H34: =ROUND(E34*0.3,0) -> 89843 | I34: =+H34+E34 -> 389319 | J34: =ROUND(D34*I34,0) -> 218812851 | L34: =F34 -> 168317491 | N34: =15100*D34 -> 8486804
A35: 3.2 | B35: Suministro e instalación de anclajes de canalón, compuesto por platina metálica de 30x45 e-3/8 ángulo de fijación a canal de 4"x1/4" L=0,25 m, 4 pernos de anclaje de 01/2 long= 0,10m, según diseño. | C35: UND | D35: 26 | E35: =+'APU3.2'!F30 -> 137468 | F35: =ROUND(D35*E35,0) -> 3574168 | H35: =ROUND(E35*0.3,0) -> 41240 | I35: =+H35+E35 -> 178708 | J35: =ROUND(D35*I35,0) -> 4646408 | L35: =F35 -> 3574168
A36: 3.3 | B36: Suministro e Instalación de canalón metálico de acero estructural con 3/16" de espesor (según diseño), una mano de pintura 3 en 1. | C36: ML | D36: 56.8 | E36: =+'APU3.3'!F30 -> 635386 | F36: =ROUND(D36*E36,0) -> 36089925 | H36: =ROUND(E36*0.3,0) -> 190616 | I36: =+H36+E36 -> 826002 | J36: =ROUND(D36*I36,0) -> 46916914 | L36: =F36 -> 36089925
A37: 3.4 | B37: Bajante aguas lluvias en PVC 4" incluye: Accesorios | C37: ML | D37: 36 | E37: =+'APU3.4'!F28 -> 85832 | F37: =ROUND(D37*E37,0) -> 3089952 | H37: =ROUND(E37*0.3,0) -> 25750 | I37: =+H37+E37 -> 111582 | J37: =ROUND(D37*I37,0) -> 4016952 | L37: =F37 -> 3089952
A38: 3.5 | B38: Cerramiento en malla eslabonada Calibre 10 con rombos de 2" , ángulo de 3/16"X1/4" y tubo galvanizado de 2" h= 3.0m, antepecho en ladrillo a la vista de h=0.40m, pedestal en concreto de 3000 PSI de 0.20x0.20m, viga cinta de 0.10x0.12m y viga de cimiento de ,25x,25 incluye acero incluye acero 1/2 y estribos en 3/8" | C38: ML | D38: 41.41 | E38: =+'APU3.5'!F30 -> 852428 | F38: =ROUND(D38*E38,0) -> 35299043 | H38: =ROUND(E38*0.3,0) -> 255728 | I38: =+H38+E38 -> 1108156 | J38: =ROUND(D38*I38,0) -> 45888740 | L38: =F38 -> 35299043
A39: 4 | B39: CONSTRUCCIÓN DE ILUMINACIÓN POLIDEPORTIVO | G39: =ROUND(SUM(F41:F60),0) -> 43295023 | H39: =ROUND(G39*0.3,0) -> 12988507 | I39: =+H39+G39 -> 56283530 | J39: =ROUND(D39*I39,0) -> 0 | K39: =+I39-'[4]PRESUPUESTO OFICIAL (Entidad)'!$K$60 -> -36 | L39: =G39 -> 43295023
A40: 4.1 | B40: ACOMETIDAS Y ALIMENTADORES EN BAJA TENSION | H40: =ROUND(E40*0.3,0) -> 0 | I40: =+H40+E40 -> 0 | J40: =ROUND(D40*I40,0) -> 0
A41: 4,1,1 | B41: Suministro e instalación de circuito de iluminacion en 2#12+1#12T a instalar en tuberia EMT y/o PVC 3/4". Incluye tubería, accesorios y todo lo necesario para su correcto funcionamiento | C41: ML | D41: 200 | E41: =+'APU4.1.1'!F29 -> 38115 | F41: =ROUND(D41*E41,0) -> 7623000 | H41: =ROUND(E41*0.3,0) -> 11435 | I41: =+H41+E41 -> 49550 | J41: =ROUND(D41*I41,0) -> 9910000 | L41: =F41 -> 7623000
A42: 4,1,2 | B42: Suministro e instalación de salida para tomacorriente. Incluye tubería aparato y todo lo necesario para su cortecto funcionamiento. | C42: UND | D42: 16 | E42: =+'APU4.1.2'!F29 -> 291624 | F42: =ROUND(D42*E42,0) -> 4665984 | H42: =ROUND(E42*0.3,0) -> 87487 | I42: =+H42+E42 -> 379111 | J42: =ROUND(D42*I42,0) -> 6065776 | L42: =F42 -> 4665984
A43: 4,1,3 | B43: Suministro e instalación de camaras de inspeccion de 0,6x0,6 mts para sistema eléctrico en concreto de 2500 PSI | C43: UND | D43: 1 | E43: =+'APU4.1.3'!F28 -> 620067 | F43: =ROUND(D43*E43,0) -> 620067 | H43: =ROUND(E43*0.3,0) -> 186020 | I43: =+H43+E43 -> 806087 | J43: =ROUND(D43*I43,0) -> 806087 | L43: =F43 -> 620067
A44: 4,1,4 | B44: Suministro e instalación de camaras de inspeccion de 0,4x0,4 mts para sistema eléctrico en concreto de 2500 PSI | C44: UND | D44: 1 | E44: =+'APU4.1.4'!F28 -> 488609 | F44: =ROUND(D44*E44,0) -> 488609 | H44: =ROUND(E44*0.3,0) -> 146583 | I44: =+H44+E44 -> 635192 | J44: =ROUND(D44*I44,0) -> 635192 | L44: =F44 -> 488609
A45: 4,1,5 | B45: Suministro e instalación de circuito alimentador en cable antifraude 2#6+1#6 AWG para tablero de distribución. Incluye tubería PVC DB 2", accesorios y todo lo necesario para su correcto funcionamiento. | C45: ML | D45: 30 | E45: =+'APU4.1.5'!F28 -> 76331 | F45: =ROUND(D45*E45,0) -> 2289930 | H45: =ROUND(E45*0.3,0) -> 22899 | I45: =+H45+E45 -> 99230 | J45: =ROUND(D45*I45,0) -> 2976900 | L45: =F45 -> 2289930
A46: 4,1,6 | B46: Suministro e instalación de bajante de 2" IMC para acometida general en cable antifraude 2#6+1#6 AWG. | C46: UND | D46: 1 | E46: =+'APU4.1.6'!F31 -> 1344252 | F46: =ROUND(D46*E46,0) -> 1344252 | H46: =ROUND(E46*0.3,0) -> 403276 | I46: =+H46+E46 -> 1747528 | J46: =ROUND(D46*I46,0) -> 1747528 | L46: =F46 -> 1344252
A47: 4.2 | B47: APANTALLAMIENTO | H47: =ROUND(E47*0.3,0) -> 0 | I47: =+H47+E47 -> 0 | J47: =ROUND(D47*I47,0) -> 0
A48: 4,2,1 | B48: Suministro e instalación de punta captadora convencional ipo Frankin roscada a instalar en tuberia IMC 3/4% | C48: UND | D48: 6 | E48: =+'APU4.2.1'!F26 -> 157955 | F48: =ROUND(D48*E48,0) -> 947730 | H48: =ROUND(E48*0.3,0) -> 47387 | I48: =+H48+E48 -> 205342 | J48: =ROUND(D48*I48,0) -> 1232052 | L48: =F48 -> 947730
A49: 4,2,2 | B49: Suministro e instalación de tuberia IMC de 3/4" x 1.5m para soportar puntas Franklin. Incluye soportes y todo lo necesario para su correcto funcionamiento. | C49: UND | D49: 6 | E49: =+'APU4.2.2'!F26 -> 174930 | F49: =ROUND(D49*E49,0) -> 1049580 | H49: =ROUND(E49*0.3,0) -> 52479 | I49: =+H49+E49 -> 227409 | J49: =ROUND(D49*I49,0) -> 1364454 | L49: =F49 -> 1049580
A50: 4,2,3 | B50: Suministro e instalación de alambron 8 mm a instalar en techo. | C50: ML | D50: 77 | E50: =+'APU4.2.3'!F26 -> 22342 | F50: =ROUND(D50*E50,0) -> 1720334 | H50: =ROUND(E50*0.3,0) -> 6703 | I50: =+H50+E50 -> 29045 | J50: =ROUND(D50*I50,0) -> 2236465 | L50: =F50 -> 1720334
A51: 4,2,4 | B51: Suministro e instalación de bajantes en cable de aluminio 1/0 AWG a instalar en tubería IMC 3/4". | C51: UND | D51: 6 | E51: =+'APU4.2.4'!F26 -> 383594 | F51: =ROUND(D51*E51,0) -> 2301564 | H51: =ROUND(E51*0.3,0) -> 115078 | I51: =+H51+E51 -> 498672 | J51: =ROUND(D51*I51,0) -> 2992032 | L51: =F51 -> 2301564
A52: 4,2,5 | B52: Suministro e instalación de electrodo de puesta a tierra tipo varilla copperweld de 5/8" x 2,4 m. | C52: UND | D52: 6 | E52: =+'APU4.2.5'!F26 -> 304980 | F52: =ROUND(D52*E52,0) -> 1829880 | H52: =ROUND(E52*0.3,0) -> 91494 | I52: =+H52+E52 -> 396474 | J52: =ROUND(D52*I52,0) -> 2378844 | L52: =F52 -> 1829880
A53: 4,2,6 | B53: Suministro e instalación de soldadura exotérmica de 90gr. | C53: UND | D53: 6 | E53: =+'APU4.2.6'!F26 -> 61758 | F53: =ROUND(D53*E53,0) -> 370548 | H53: =ROUND(E53*0.3,0) -> 18527 | I53: =+H53+E53 -> 80285 | J53: =ROUND(D53*I53,0) -> 481710 | L53: =F53 -> 370548
A54: 4,2,7 | B54: Suministro e instalación de caja de inspección 30x30cm. | C54: UND | D54: 6 | E54: =+'APU4.2.7'!F26 -> 366827 | F54: =ROUND(D54*E54,0) -> 2200962 | H54: =ROUND(E54*0.3,0) -> 110048 | I54: =+H54+E54 -> 476875 | J54: =ROUND(D54*I54,0) -> 2861250 | L54: =F54 -> 2200962
A55: 4,2,8 | B55: Suministro e insta cable de cobre desnudo 2/0 AWG a enterrar directamente. | C55: ML | D55: 120 | E55: =+'APU4.2.8'!F26 -> 66507 | F55: =ROUND(D55*E55,0) -> 7980840 | H55: =ROUND(E55*0.3,0) -> 19952 | I55: =+H55+E55 -> 86459 | J55: =ROUND(D55*I55,0) -> 10375080 | L55: =F55 -> 7980840
A56: 4.3 | B56: ILUMINACION | H56: =ROUND(E56*0.3,0) -> 0 | I56: =+H56+E56 -> 0 | J56: =ROUND(D56*I56,0) -> 0
A57: 4,3,1 | B57: Proyector Led 200W-110/220V | C57: UND | D57: 8 | E57: =+'APU4.3.1'!F26 -> 662240 | F57: =ROUND(D57*E57,0) -> 5297920 | H57: =ROUND(E57*0.3,0) -> 198672 | I57: =+H57+E57 -> 860912 | J57: =ROUND(D57*I57,0) -> 6887296 | L57: =F57 -> 5297920
A58: 4.4 | B58: TABLERO DE MEDIDA Y CONTROL | H58: =ROUND(E58*0.3,0) -> 0 | I58: =+H58+E58 -> 0 | J58: =ROUND(D58*I58,0) -> 0
A59: 4,4,1 | B59: Suministro e instalacion de caja para medidor. Incluye medidor bifasico y breaker | C59: UND | D59: 1 | E59: =+'APU4.4.1'!F26 -> 907251 | F59: =ROUND(D59*E59,0) -> 907251 | H59: =ROUND(E59*0.3,0) -> 272175 | I59: =+H59+E59 -> 1179426 | J59: =ROUND(D59*I59,0) -> 1179426 | L59: =F59 -> 907251
A60: 4,4,2 | B60: Suministro e instalacion de tablero de control de alumbrado. | C60: UND | D60: 1 | E60: =+'APU4.4.2'!F31 -> 1656572 | F60: =ROUND(D60*E60,0) -> 1656572 | H60: =ROUND(E60*0.3,0) -> 496972 | I60: =+H60+E60 -> 2153544 | J60: =ROUND(D60*I60,0) -> 2153544 | L60: =F60 -> 1656572
A61: 5 | B61: CANCHA Y DEMARCACIÓN Y ACABADOS | G61: =ROUND(SUM(F62:F67),0) -> 27278446 | H61: =ROUND(G61*0.3,0) -> 8183534 | I61: =+H61+G61 -> 35461980 | J61: =ROUND(D61*I61,0) -> 0 | K61: =+I61-'[4]PRESUPUESTO OFICIAL (Entidad)'!$K$68 -> 1.292 | L61: =G61 -> 27278446
A62: 5.1 | B62: Graniplast aplicado en muros o superficies receptoras de la aplicación | C62: M2 | D62: 136.54 | E62: =+'APU5.1'!F27 -> 49214 | F62: =ROUND(D62*E62,0) -> 6719680 | H62: =ROUND(E62*0.3,0) -> 14764 | I62: =+H62+E62 -> 63978 | J62: =ROUND(D62*I62,0) -> 8735556 | L62: =F62 -> 6719680
A63: 5.2 | B63: Pintura para columnas tipo Koraza | C63: M2 | D63: 18 | E63: =+'APU5.2'!F27 -> 33833 | F63: =ROUND(D63*E63,0) -> 608994 | H63: =ROUND(E63*0.3,0) -> 10150 | I63: =+H63+E63 -> 43983 | J63: =ROUND(D63*I63,0) -> 791694 | L63: =F63 -> 608994
A64: 5.3 | B64: Pintura antideslizante resistente al trafico peatonal y deportivo | C64: M2 | D64: 458.5 | E64: =+'APU5.3'!F27 -> 32360 | F64: =ROUND(D64*E64,0) -> 14837060 | H64: =ROUND(E64*0.3,0) -> 9708 | I64: =+H64+E64 -> 42068 | J64: =ROUND(D64*I64,0) -> 19288178 | L64: =F64 -> 14837060
A65: 5.4 | B65: Demarcación de cancha multiple | C65: ML | D65: 344.287 | E65: ='APU5.4'!F25 -> 7763 | F65: =ROUND(D65*E65,0) -> 2672700 | H65: =ROUND(E65*0.3,0) -> 2329 | I65: =+H65+E65 -> 10092 | J65: =ROUND(D65*I65,0) -> 3474544 | L65: =F65 -> 2672700
A66: 5.5 | B66: Suministro e instalación de tableros acrílicos. Incluye: Aro, malla, tornillos y todo lo necesario para su correcto funcionamiento | C66: Und | D66: =+'M5,5'!H25 -> 2 | E66: =+'APU5.5'!F27 -> 958832 | F66: =ROUND(D66*E66,0) -> 1917664 | H66: =ROUND(E66*0.3,0) -> 287650 | I66: =+H66+E66 -> 1246482 | J66: =ROUND(D66*I66,0) -> 2492964 | L66: =F66 -> 1917664
A67: 5.6 | B67: Suministro y aplicación de pintura en esmalte para portería existente | C67: ML | D67: =+'M5,6'!H26 -> 38 | E67: =+'APU5.6'!F27 -> 13746 | F67: =ROUND(D67*E67,0) -> 522348 | H67: =ROUND(E67*0.3,0) -> 4124 | I67: =+H67+E67 -> 17870 | J67: =ROUND(D67*I67,0) -> 679060 | L67: =F67 -> 522348
B68: COSTOS DIRECTOS | G68: =ROUND(SUM(G13:G65),0) -> 599622257 | J68: =ROUND(SUM(J13:J67),0) -> 779509968 | L68: =+J68-G72 -> 599623290 | M68: =+J68-L68 -> 179886678 | N68: 621565273
B69: ADMINISTRACION | F69: 0.24 | G69: =ROUND(G68*F69,0) -> 143909342 | J69: =+F73-J68 -> -779509968 | L69: =+L68-G68 -> 1033
B70: IMPREVISTOS (1%) | F70: 0.01 | G70: =ROUND(G68*F70,0) -> 5996223
B71: UTILIDAD | F71: 0.05 | G71: =ROUND(G68*F71,0) -> 29981113 | R71: =250.13+130.97 -> 381.1
B72: TOTAL AIU DEL 30% | G72: =ROUND(SUM(G69:G71),0) -> 179886678 | L72: =G72 -> 179886678 | N72: 186469583
B73: PGIO (PMA, SST,PMT) | G73: =+SUM(G74:G76) -> 32937500 | L73: 2113750 | M73: =G73-L73 -> 30823750
B74: PMA | G74: 9200000
B75: SST | G75: 18237500
B76: PMT | G76: 5500000
B77: CERTIFICADO RETIE | G77: 6000000 | M77: =G77 -> 6000000
B78: CERTIFICADO RETILAP | G78: 5500000 | M78: =G78 -> 5500000
B79: COSTO OBRA | G79: =G68+G72+G73+G78+G77 -> 823946435 | H79: 823946435 | N79: 822534856
B80: INTERVENTORÍA 7% | G80: =+ROUND(G79*0.07,0) -> 57676250 | M80: =G80 -> 57676250 | N80: 57577440
B81: COSTO TOTAL | G81: =+G80+G79 -> 881622685 | L81: =L61+L39+L33+L21+L13+L72+L73 -> 781622685 | M81: =M73+M77+M78+M80 -> 100000000 | N81: 880112296 | R81: =P81/7763 -> 0
N82: =+G81-N81 -> 1510389
H83: 57676250 | L83: =+G79-L81 -> 42323750
K85: 781622685 | L85: =+L83+G80 -> 100000000
B86: Ing. JOSE DAVID VARGAS ARIAS | F86: VoBo. ALEJANDRO PARRA COLLAZOS | K86: 42323750
B87: INGENIERO CIVIL | F87: Secretario de Planeación

Sheet A.I.U.
A1: REPUBLICA DE COLOMBIA
A2: DEPARTAMENTO DEL HUILA MUNICIPIO DE OPORAPA
A3: =+INTERVENTORIA!D3 -> CONSTRUCCION, ADECUACION Y MEJORAMIENTO DEL POLIDEPORTIVO EN LA VEREDA EL CARMEN AREA RURAL DEL MUNICIPIO DE OPORAPA HUILA
A4: ANALISIS A.I.U
A5: PRESUPUESTO OFICIAL COSTO DIRECTO DE OBRA | F5: =+'Presupuesto INDERHUILA'!G79 -> 823946435
A6: ÍTEM | B6: DESCRIPCIÓN | C6: CANTIDAD | D6: DEDICACIÓN | E6: TIEMPO (meses) | F6: VR. UNIT. | G6: FACTOR PRESTACIONAL | H6: VR. PARCIAL
A7: A | B7: ADMINISTRACIÓN | I7: =ROUND(SUM(I9:I34),2) -> 0.24
B8: PERSONAL PROFESIONAL
B9: Director de Obra | C9: 1 | D9: 0.6 | E9: 4 | F9: 4500000 | G9: 1.6079 | H9: =+C9*F9*E9*D9*G9 -> 17365320 | I9: =+H9/F5 -> 0.021075788
B10: Ingeniero Residente de Obra | C10: 1 | D10: 1 | E10: 4 | F10: 3500000 | G10: 1.7527 | H10: =+C10*F10*E10*D10*G10 -> 24537800 | I10: =+H10/F5 -> 0.029780819
B11: Especialista en estructuras | C11: 1 | D11: 0.5 | E11: 4 | F11: 4500000 | G11: 1.6079 | H11: =+C11*F11*E11*D11*G11 -> 14471100 | I11: =+H11/F5 -> 0.017563156
B12: PERSONAL AUXILIAR
B13: Secretaria | C13: 1 | D13: 0.6 | E13: 4 | F13: 1750905 | G13: 1.8002 | H13: =+C13*F13*E13*D13*G13 -> 7564750 | I13: =+H13/F5 -> 0.0091811187
B14: Almacenista | C14: 1 | D14: 0.6 | E14: 4 | F14: 1750905 | G14: 1.8002 | H14: =+C14*F14*E14*D14*G14 -> 7564750 | I14: =+H14/F5 -> 0.0091811187
B15: Auxiliar contable | C15: 1 | D15: 0.6 | E15: 4 | F15: 1750905 | G15: 1.8002 | H15: =+C15*F15*E15*D15*G15 -> 7564750 | I15: =+H15/F5 -> 0.0091811187
B16: IMPUESTOS
B17: Estampilla Pro-desarrollo | H17: =$F$5*I17 -> 16478929 | I17: 0.02
B18: Estampilla Pro-cultura | H18: =$F$5*I18 -> 12359197 | I18: 0.015
B19: Tasa Pro Deporte y recreacion | H19: =$F$5*I19 -> 12359197 | I19: 0.015
B20: Estampilla Pro Desarrollo de la universidad Surcolombiana | H20: =$F$5*I20 -> 4119732.2 | I20: 0.005
B21: Contibución de Obra Pública | H21: =$F$5*I21 -> 41197322 | I21: 0.05
B22: Costos de bienes y servicios | H22: 5800 | I22: =+(H22/F5) -> 7.0392925e-06
B23: Publicación en gaceta | H23: 315000 | I23: =+(H23/F5) -> 0.00038230641
B24: reica | H24: =$F$5*I24 -> 3295785.7 | I24: 0.004 | J24: colocar gaceta y otros
B25: GASTOS DE LEGALIZACION
B26: Polizas | H26: =$F$5*I26 -> 4943678.6 | I26: 0.006
B27: ADMINISTRACIÓN CENTRAL
B28: Ensayos de laboratorios (Toma, Trasporte y Rotura) | C28: 20 | F28: 150000 | H28: =+C28*F28 -> 3000000 | I28: =+H28/F5 -> 0.0036410134 | J28: =470000/4 -> 117500
B29: Alquiler Oficina | C29: 1 | E29: 4 | F29: 600000 | H29: =+C29*E29*F29 -> 2400000 | I29: =+H29/F5 -> 0.0029128107
B30: Registro fotográfico - informes | C30: 1 | E30: 4 | F30: 400000 | H30: =+C30*E30*F30 -> 1600000 | I30: =+H30/F5 -> 0.0019418738
B31: Registro elaboración planos record | C31: 1 | E31: 1 | F31: 600000 | H31: =+C31*E31*F31 -> 600000 | I31: =+H31/F5 -> 0.00072820268
B32: Alquiler de vehículo (incluye Conductor y combustible) | D32: 0.4 | E32: 4 | F32: 6000000 | H32: =+D32*E32*F32 -> 9600000 | I32: =+H32/F5 -> 0.011651243
B33: Gastos de mobiliario, papeleria, fotocopias, comunicaciones etc | C33: 1 | E33: 1 | F33: 3000000 | H33: =+C33*E33*F33 -> 3000000 | I33: =+H33/F5 -> 0.0036410134
A35: B | B35: IMPREVISTOS | I35: 0.01
A37: C | B37: UTILIDAD | I37: 0.05
B39: A.I.U | I39: =ROUND(I7+I35+I37,2) -> 0.3
B44: Ing. JOSE DAVID VARGAS ARIAS | E44: VoBo. ALEJANDRO PARRA COLLAZOS
B45: INGENIERO CIVIL | E45: Secretario de Planeación

Sheet INSUMOS
B2: Código | C2: ACTIVIDADES | D2: Unidad | E2: Valor Unitario
B3: A01 | C3: Puntilla 2" | D3: Lb
B4: A02 | C4: Cerco madera ,05*,10“3,00 | D4: Und
B5: A03 | C5: Pintura esmalte | D5: Galón
B6: A04 | C6: Volqueta 6m3 distancia hasta 10km | D6: viaje
B7: A05 | C7: Retroexcavadora de llantas | D7: Hr
B8: A06 | C8: Vibrocompactador manual tipo canguro | D8: día
B9: A07 | C9: Recebo | D9: m3
B10: A08 | C10: Gompresor 80 hp con martillo | D10: día
B11: A09 | C11: Grua | D11: día
B12: A10 | C12: Vibrador de concreto | D12: día
B13: A11 | C13: Cemento gris | D13: bulto
B14: A12 | C14: Arena | D14: m3
... B100: A98 | C100: Brocha de 3 " | D100: Und

Sheet Presta
B2: FACTOR PRESTACIONAL PARA EL SECTOR DE LA CONSTRUCCIÓN AÑO 2026
B4: FACTOR PRESTACIONAL SALARIO MENOR A 2 SMMLV
C5: MENSUAL | D5: DIARIO
B6: VALOR SALARIO MÍNIMO 2025 | C6: 1750905 | D6: =ROUND(C6/30,0) -> 58364 | E6: =+D6*1.7 -> 99218.8
B7: VALOR AUX. TRANSPORTE | C7: 249095 | D7: =ROUND(C7/30,0) -> 8303
B9: PRESTACIONES | C9: VALOR | D9: PORCENTAJE
B10: Salud | D10: 0.085
B11: Pensión | D11: 0.124
B12: Riesgos Profesionales | D12: 0.0696
B13: Auxilio Transporte (<2smmlv) | C13: =+C7 -> 249095 | D13: =+C13/(C13+C6) -> 0.1245475
B14: Dotación (<2smmlv) y haber trabajado 3 meses de manera ininterrumpida | C14: 153500 | D14: =(C14/C6)/4 -> 0.021917237
B15: Prima Servicios (1 salario x año) | D15: 0.0833
B16: Cesantías | D16: 0.0833
B17: Intereses Cesantías (12% del valor cesantías mensual) | D17: 0.12
B18: Vacaciones (laborado >1 mes) | D18: 0.0417
B19: Caja de Compensación | D19: 0.04
B20: Sena | D20: 0.02
B21: Icbf | D21: 0.03
B22: TOTAL | D22: =ROUND(SUM(D10:D21),2)+1 -> 1.84
B24: FACTOR PRESTACIONAL SALARIO MAYOR A 2 SMMLV
C25: MENSUAL | D25: DIARIO
B26: VALOR SALARIO MÍNIMO 2025 | C26: =+C6 -> 1750905 | D26: =ROUND(C26/30,0) -> 58364
B27: VALOR AUX. TRANSPORTE | C27: =+C7 -> 249095 | D27: =ROUND(C27/30,0) -> 8303
B29: PRESTACIONES | C29: VALOR | D29: PORCENTAJE
B30: Salud | D30: 0.085
B31: Pensión | D31: 0.12
B32: Riesgos Profesionales | D32: 0.0696
B33: Prima Servicios (1 salario x año) | D33: 0.0833
B34: Cesantías | D34: 0.0833
B35: Intereses Cesantías (12% del valor cesantías mensual) | D35: 0.12
B36: Vacaciones (laborado >1 mes) | D36: 0.0417
B37: Caja de Compensación | D37: 0.04
B38: Sena | D38: 0.02
B39: Icbf | D39: 0.03
B40: Exámenes médicos | D40: 0.02
B41: TOTAL | D41: =ROUND(SUM(D30:D40),2)+1 -> 1.71
B46: =+'CANTIDADES OBRA'!B170 -> JOSÉ DAVID VARGAS ARIAS | C46: =+'CANTIDADES OBRA'!I170 -> Vo.Bo. ALEJANDRO PARRA COLLAZOS
B47: =+'CANTIDADES OBRA'!B171 -> INGENIERO CIVIL | C47: =+'CANTIDADES OBRA'!I171 -> SEC DE PLANEACION

Sheet PRESTACIONES
A2: COSTO DE PRESTACIONES SOCIALES Y APORTES OBREROS DE CONSTRUCCIÓN
A3: 1 S.M.M.L.V.
A5: Salario mínimo legal año 2026 | F5: 1750905
A6: Auxilio de transporte año 2026 | F6: 249095
A7: Salario Diario Ayudante | F7: =ROUND(F5/30,0) -> 58364
A9: CONCEPTO | B9: % TOTAL | C9: APORTE EMPLEADOR | D9: APORTE EMPLEADO | E9: V/UNITARIO DÍA | F9: V/PARCIAL
A10: AYUDANTE | E10: =+F7 -> 58364 | F10: =+E10 -> 58364
A12: PRESTACIONES SOCIALES:
A13: Subsidio de Transporte | B13: 0.1423 | C13: 0.1423 | E13: =+E10 -> 58364 | F13: =ROUND(E13*B13,0) -> 8305
A14: Cesantías | B14: 0.0833 | C14: 0.0833 | E14: =+E10 -> 58364 | F14: =ROUND(E14*B14,0) -> 4862
A15: Intereses Cesantías | B15: 0.01 | C15: 0.01 | E15: =+E10 -> 58364 | F15: =ROUND(E15*B15,0) -> 584
A16: Prima Legal | B16: 0.0833 | C16: 0.0833 | E16: =+E10 -> 58364 | F16: =ROUND(E16*B16,0) -> 4862
A17: Vacaciones | B17: 0.0417 | C17: 0.0417 | E17: =+E10 -> 58364 | F17: =ROUND(E17*B17,0) -> 2434
A18: Salud | B18: 0.125 | C18: 0.085 | D18: 0.04 | E18: =+E10 -> 58364 | F18: =ROUND(E18*C18,0) -> 4961
A19: Pensiones | B19: 0.16 | C19: 0.12 | D19: 0.04 | E19: =+E10 -> 58364 | F19: =ROUND(E19*C19,0) -> 7004
A20: Riesgo Profesionales R5 | B20: 0.0696 | C20: 0.0696 | E20: =+E10 -> 58364 | F20: =ROUND(E20*B20,0) -> 4062
A21: SUB TOTAL | B21: =+SUM(B13:B20) -> 0.7152 | C21: =+SUM(C13:C20) -> 0.6352 | D21: =+SUM(D13:D20) -> 0.08
A23: APORTES PARAFISCALES
A24: Cajas de compensación Familiar | B24: 0.04 | C24: 0.04 | E24: =+E10 -> 58364 | F24: =ROUND(E24*B24,0) -> 2335
A25: SENA | B25: 0.02 | C25: 0.02 | E25: =+E10 -> 58364 | F25: =ROUND(E25*B25,0) -> 1167
A26: ICBF | B26: 0.03 | C26: 0.03 | E26: =+E10 -> 58364 | F26: =ROUND(E26*B26,0) -> 1751
A27: FIC | B27: 0.025 | C27: 0.025 | E27: =+E10 -> 58364 | F27: =ROUND(E27*B27,0) -> 1459
A28: SUBTOTAL | B28: =+SUM(B24:B27) -> 0.115 | C28: =+SUM(C24:C27) -> 0.115 | D28: =+SUM(D24:D27) -> 0
A30: OTROS
A31: Vestido de labor C.S.T. Art.230 Mod. Ley 11/84 art.7 | B31: 0.05 | C31: 0.05 | E31: =+E10 -> 58364 | F31: =ROUND(E31*B31,0) -> 2918
A32: TOTAL | B32: =+B21+B28+B31 -> 0.8802 | C32: =C21+C28+C31 -> 0.8002 | D32: =+D21+D28 -> 0.08
A33: VALOR UNITARIO | E33: DIA | F33: =+SUM(F10:F31) -> 105068
A34: VALOR UNITARIO | E34: Hora/Hombre | F34: =ROUND(F33/8,0) -> 13134
A37: COSTO DE PRESTACIONES SOCIALES Y APORTES OBREROS DE CONSTRUCCIÓN
A38: > A 1 S.M.M.L.V. Y <= A 2 S.M.M.L.V.
A40: Salario mínimo legal año 2026 | F40: 1750905
A41: 1,5 Salario mínimo legal año 2026 | F41: =+F40*1.5 -> 2626357.5
A42: Auxilio de transporte año 2026 | F42: 249095
A44: CONCEPTO | B44: % TOTAL | C44: APORTE EMPLEADOR | D44: APORTE EMPLEADO | E44: V/UNITARIO DÍA | F44: V/PARCIAL
A45: TRABAJADOR > A 1 S.M.M.L.V. Y <= A 2 S.M.M.L.V. | E45: =+F41/30 -> 87545.25 | F45: =+E45 -> 87545.25
A47: PRESTACIONES SOCIALES:
A48: Subsidio de Transporte | B48: 0.0948 | C48: 0.0948 | E48: =+E45 -> 87545.25 | F48: =ROUND(E48*B48,0) -> 8299
A49: Cesantías | B49: 0.0833 | C49: 0.0833 | E49: =+E45 -> 87545.25 | F49: =ROUND(E49*B49,0) -> 7293
A50: Intereses Cesantías | B50: 0.01 | C50: 0.01 | E50: =+E45 -> 87545.25 | F50: =ROUND(E50*B50,0) -> 875
A51: Prima Legal | B51: 0.0833 | C51: 0.0833 | E51: =+E45 -> 87545.25 | F51: =ROUND(E51*B51,0) -> 7293
A52: Vacaciones | B52: 0.0417 | C52: 0.0417 | E52: =+E45 -> 87545.25 | F52: =ROUND(E52*B52,0) -> 3651
A53: Salud | B53: 0.125 | C53: 0.085 | D53: 0.04 | E53: =+E45 -> 87545.25 | F53: =ROUND(E53*C53,0) -> 7441
A54: Pensiones | B54: 0.16 | C54: 0.12 | D54: 0.04 | E54: =+E45 -> 87545.25 | F54: =ROUND(E54*C54,0) -> 10505
A55: Riesgo Profesionales R5 | B55: 0.0696 | C55: 0.0696 | E55: =+E45 -> 87545.25 | F55: =ROUND(E55*B55,0) -> 6093
A56: SUB TOTAL | B56: =+SUM(B48:B55) -> 0.6677 | C56: =+SUM(C48:C55) -> 0.5877 | D56: =+SUM(D48:D55) -> 0.08
A58: APORTES PARAFISCALES
A59: Cajas de compensación Familiar | B59: 0.04 | C59: 0.04 | E59: =+E45 -> 87545.25 | F59: =ROUND(E59*B59,0) -> 3502
A60: SENA | B60: 0.02 | C60: 0.02 | E60: =+E45 -> 87545.25 | F60: =ROUND(E60*B60,0) -> 1751
A61: ICBF | B61: 0.03 | C61: 0.03 | E61: =+E45 -> 87545.25 | F61: =ROUND(E61*B61,0) -> 2626
A62: FIC | B62: 0.025 | C62: 0.025 | E62: =+E45 -> 87545.25 | F62: =ROUND(E62*B62,0) -> 2189
A63: SUBTOTAL | B63: =+SUM(B59:B62) -> 0.115 | C63: =+SUM(C59:C62) -> 0.115 | D63: =+SUM(D59:D62) -> 0
A65: OTROS
A66: Vestido de labor C.S.T. Art.230 Mod. Ley 11/84 art.7 | B66: 0.05 | C66: 0.05 | E66: =+E45 -> 87545.25 | F66: =ROUND(E66*B66,0) -> 4377
A67: TOTAL | B67: =+B56+B63+B66 -> 0.8327 | C67: =+C56+C63+C66 -> 0.7527 | D67: =+D56+D63 -> 0.08
A68: VALOR UNITARIO | E68: DIA | F68: =ROUND(SUM(F45:F66),0) -> 153440
A69: VALOR UNITARIO | E69: Hora/Hombre | F69: =ROUND(F68/8,0) -> 19180
A72: COSTO DE PRESTACIONES SOCIALES Y APORTES OBREROS DE CONSTRUCCIÓN
A73: > A 1 S.M.M.L.V. Y <= A 2 S.M.M.L.V.
A75: Salario mínimo legal año 2026 | F75: 1750905
A76: 2 Salario mínimo legal año 2026 | F76: =+F75*2 -> 3501810
A77: Auxilio de transporte año 2026 | F77: 249095
A79: CONCEPTO | B79: % TOTAL | C79: APORTE EMPLEADOR | D79: APORTE EMPLEADO | E79: V/UNITARIO DÍA | F79: V/PARCIAL
A80: TRABAJADOR > A 1 S.M.M.L.V. Y <= A 2 S.M.M.L.V. | E80: =+F76/30 -> 116727 | F80: =+E80 -> 116727
A82: PRESTACIONES SOCIALES:
A83: Subsidio de Transporte
A84: Cesantías | B84: 0.0833 | C84: 0.0833 | E84: =+E80 -> 116727 | F84: =ROUND(E84*B84,0) -> 9723
A85: Intereses Cesantías | B85: 0.01 | C85: 0.01 | E85: =+E80 -> 116727 | F85: =ROUND(E85*B85,0) -> 1167
A86: Prima Legal | B86: 0.0833 | C86: 0.0833 | E86: =+E80 -> 116727 | F86: =ROUND(E86*B86,0) -> 9723
A87: Vacaciones | B87: 0.0417 | C87: 0.0417 | E87: =+E80 -> 116727 | F87: =ROUND(E87*B87,0) -> 4868
A88: Salud | B88: 0.125 | C88: 0.085 | D88: 0.04 | E88: =+E80 -> 116727 | F88: =ROUND(E88*C88,0) -> 9922
A89: Pensiones | B89: 0.16 | C89: 0.12 | D89: 0.04 | E89: =+E80 -> 116727 | F89: =ROUND(E89*C89,0) -> 14007
A90: Riesgo Profesionales R5 | B90: 0.0696 | C90: 0.0696 | E90: =+E80 -> 116727 | F90: =ROUND(E90*B90,0) -> 8124
A91: SUB TOTAL | B91: =+SUM(B83:B90) -> 0.5729 | C91: =+SUM(C83:C90) -> 0.4929 | D91: =+SUM(D83:D90) -> 0.08
A93: APORTES PARAFISCALES
A94: Cajas de compensación Familiar | B94: 0.04 | C94: 0.04 | E94: =+E80 -> 116727 | F94: =ROUND(E94*B94,0) -> 4669
A95: SENA | B95: 0.02 | C95: 0.02 | E95: =+E80 -> 116727 | F95: =ROUND(E95*B95,0) -> 2335
A96: ICBF | B96: 0.03 | C96: 0.03 | E96: =+E80 -> 116727 | F96: =ROUND(E96*B96,0) -> 3502
A97: FIC | B97: 0.025 | C97: 0.025 | E97: =+E80 -> 116727 | F97: =ROUND(E97*B97,0) -> 2918
A98: SUBTOTAL | B98: =+SUM(B94:B97) -> 0.115 | C98: =+SUM(C94:C97) -> 0.115 | D98: =+SUM(D94:D97) -> 0
A100: OTROS
A101: Vestido de labor C.S.T. Art.230 Mod. Ley 11/84 art.7 | B101: 0 | C101: 0 | E101: 0 | F101: =ROUND(E101*B101,0) -> 0
A102: TOTAL | B102: =+B91+B98+B101 -> 0.6879 | C102: =+C91+C98+C101 -> 0.6079 | D102: =+D91+D98 -> 0.08
A103: VALOR UNITARIO | E103: DIA | F103: =ROUND(SUM(F80:F101),0) -> 187685
A104: VALOR UNITARIO | E104: Hora/Hombre | F104: =ROUND(F103/8,0) -> 23461
A109: =+INTERVENTORIA!C30 -> Ing. JOSE DAVID VARGAS ARIAS | D109: =+INTERVENTORIA!F30 -> VoBo. ALEJANDRO PARRA COLLAZOS
A110: =+INTERVENTORIA!C31 -> INGENIERO CIVIL | D110: =+INTERVENTORIA!F31 -> Secretario de Planeación

Sheet BASICOS
B1: MUNICIPIO DE OPORAPA | C1: DEPARTAMENTO DEL HUILA | F1: FORMULARIO UNICO
B2: PRESUPUESTO DE OBRA
B3: DEPENDENCIA: | C3: POLIDEPORTIVO VEREDA EL CARMEN
B4: FECHA: | C4: 46056
B5: PROPONENTE: | C5: ALCALDIA DE OPORAPA
B6: REPRESENTANTE LEGAL:
B7: PRESTACIONES: | C7: 185% - 171%
B10: =$C$1 -> DEPARTAMENTO DEL HUILA | D10: ANÁLISIS DE PRECIOS UNITARIOS - BASICOS
B11: =$C$3 -> POLIDEPORTIVO VEREDA EL CARMEN
B13: =$B$1 -> MUNICIPIO DE OPORAPA
B14: =$F$1 -> FORMULARIO UNICO
B16: PROPONENTE: | C16: =$C$5 -> ALCALDIA DE OPORAPA
B17: OBJETO: | E17: ITEM: | G17: UNIDAD: | H17: M3
B18: =+$B$2 -> PRESUPUESTO DE OBRA | E18: DESCRIPCION ITEM: | F18: CONCRETO 3000 PSI
B20: I. EQUIPO
B21: Descripción | C21: Especificacion | D21: Unidad de pago | E21: Tarifa/Hora | F21: Rendimiento | G21: Valor-Unit.
A22: 1006 | B22: MEZCLADORA 1 BULTO | D22: DIA | E22: =13102.8*8 -> 104822.4 | F22: 5 | G22: =ROUND(IF(F22>0,E22/F22,0),0) -> 20964
B23: 0 | D23: - | E23: 0 | G23: =IF(F23>0,E23/F23,0) -> 0
B24: 0 | D24: - | E24: 0 | G24: =IF(F24>0,E24/F24,0) -> 0
B25: 0 | D25: - | E25: 0 | G25: =IF(F25>0,E25/F25,0) -> 0
B26: 0 | D26: - | E26: 0 | G26: =IF(F26>0,E26/F26,0) -> 0
B27: 0 | D27: - | E27: 0 | G27: =IF(F27>0,E27/F27,0) -> 0
B28: 0 | D28: - | E28: 0 | G28: =IF(F28>0,E28/F28,0) -> 0
B29: HERRAMIENTA MENOR (% S./M.O.) | C29: 0.03 | D29: % | G29: =ROUND(C29*H61,0) -> 2812
G30: Sub-Total | H30: =SUM(G22:G29) -> 23776
B31: II. MATERIALES EN OBRA
B32: Descripción | C32: Detalle | D32: Unidad | E32: Precio-Unit. | F32: Cantidad | G32: Valor-Unit.
A33: 13 | B33: CEMENTO | D33: BULTO 50 KG | E33: =+'EST MERCADO'!H32 -> 36850 | F33: 7 | G33: =ROUND(F33*E33,0) -> 257950 | I33: 350
A34: 14 | B34: ARENA | D34: M3 | E34: =+'EST MERCADO'!O11 -> 77350 | F34: 0.56 | G34: =ROUND(F34*E34,0) -> 43316 | I34: 175000 | J34: 120000 | K34: 100000 | L34: =+K34/200 -> 500
A35: 15 | B35: TRITURADO | D35: M3 | E35: =+'EST MERCADO'!O14 -> 119000 | F35: 0.84 | G35: =ROUND(F35*E35,0) -> 99960 | I35: 190000 | J35: 150000 | K35: 100000
A36: 16 | B36: AGUA | D36: LT | E36: 90 | F36: 180 | G36: =ROUND(F36*E36,0) -> 16200
B37: 0 | D37: 0 | E37: 0 | G37: =F37*E37 -> 0
B38: 0 | D38: 0 | E38: 0 | G38: =F38*E38 -> 0
B39: 0 | D39: 0 | E39: 0 | G39: =F39*E39 -> 0
B40: 0 | D40: 0 | E40: 0 | G40: =F40*E40 -> 0 | J40: =1000/50 -> 20 | K40: 120000
B41: 0 | D41: 0 | E41: 0 | G41: =F41*E41 -> 0 | J41: 7 | K41: =+(J41*K40)/(J40) -> 42000
B42: 0 | D42: 0 | E42: 0 | G42: =F42*E42 -> 0
B43: 0 | D43: 0 | E43: 0 | G43: =F43*E43 -> 0
B44: 0 | D44: 0 | E44: 0 | G44: =F44*E44 -> 0
B45: 0 | D45: 0 | E45: 0 | G45: =F45*E45 -> 0
G46: Sub-Total | H46: =SUM(G33:G45) -> 417426
B47: III. TRANSPORTES
B48: Material | C48: Vol-peso ó Cant. | D48: Distancia | E48: $M3-Km | F48: Tonelada | G48: Valor-Unit. | J48: =48000/7 -> 6857.1429
A49: 18 | B49: TRANSPORTE CEMENTO (Tonelada) | C49: 0.35 | E49: 0 | F49: 120000 | G49: =ROUND(C49*F49,0) -> 42000
B50: TRANSPORTE ARENA | C50: 0.56 | D50: 55 | E50: 1800 | F50: 0 | G50: =ROUND(C50*D50*E50,0) -> 55440
B51: TRANSPORTE TRITURADO | C51: 0.84 | D51: 55 | E51: 1800 | F51: 0 | G51: =ROUND(C51*D51*E51,0) -> 83160
B52: 0
G53: Sub-Total | H53: =SUM(G49:G52) -> 180600
B54: IV. MANO DE OBRA
B55: Trabajador | C55: Jornal | D55: Prestaciones | E55: Jornal Total | F55: Rendimiento | G55: Valor-Unit.
A56: 2009 | B56: =+'Mano de obra - Cargos'!C105 -> CUADRILLA TIPO IV - (1 Of + 3 Ay) | C56: =+'Mano de obra - Cargos'!F112 -> 262635.74 | D56: 1.85 | E56: =+'Mano de obra - Cargos'!J112 -> 468638.47 | F56: 5 | G56: =ROUND(IF(F56>0,E56/F56,0),0) -> 93728
B58: 0 | C58: 0 | E58: =C58*D58 -> 0 | G58: =IF(F58>0,E58/F58,0) -> 0
B59: 0 | C59: 0 | E59: =C59*D59 -> 0 | G59: =IF(F59>0,E59/F59,0) -> 0
B60: 0 | C60: 0 | E60: =C60*D60 -> 0 | G60: =IF(F60>0,E60/F60,0) -> 0
B61: NOMBRE Y FIRMA DEL REPRESENTANTE LEGAL: | G61: Sub-Total | H61: =SUM(G56:G60) -> 93728
G63: Total Costo Directo | H63: =H61+H53+H46+H30 -> 715530 | I63: 673633
G65: Precio unitario total aproximado al peso | H65: =ROUND(H63,0) -> 715530 | I65: =+I63-H63 -> -41897
B66: ALEJANDRO PARRA COLLAZOS
B67: Secretario de Planeación | F67: FECHA: | G67: =+C4 -> 46056
B70: =$C$1 -> DEPARTAMENTO DEL HUILA | D70: ANÁLISIS DE PRECIOS UNITARIOS - BASICOS
B71: =$C$3 -> POLIDEPORTIVO VEREDA EL CARMEN
B73: =$B$1 -> MUNICIPIO DE OPORAPA
B74: =$F$1 -> FORMULARIO UNICO
B76: PROPONENTE: | C76: =$C$5 -> ALCALDIA DE OPORAPA
B77: OBJETO: | E77: ITEM: | F77: - | G77: UNIDAD: | H77: M3
B78: =+$B$2 -> PRESUPUESTO DE OBRA | E78: DESCRIPCION ITEM: | F78: CONCRETO 2000 PSI
B80: I. EQUIPO
B81: Descripción | C81: Especificacion | D81: Unidad de pago | E81: Tarifa/Hora | F81: Rendimiento | G81: Valor-Unit.
A82: 1006 | B82: MEZCLADORA 1 BULTO | D82: DIA | E82: =ROUND(13102.8*8,0) -> 104822 | F82: 6 | G82: =ROUND(IF(F82>0,E82/F82,0),0) -> 17470
B83: 0 | D83: - | E83: 0 | G83: =IF(F83>0,E83/F83,0) -> 0
B84: 0 | D84: - | E84: 0 | G84: =IF(F84>0,E84/F84,0) -> 0
B85: 0 | D85: - | E85: 0 | G85: =IF(F85>0,E85/F85,0) -> 0
B86: 0 | D86: - | E86: 0 | G86: =IF(F86>0,E86/F86,0) -> 0
B87: 0 | D87: - | E87: 0 | G87: =IF(F87>0,E87/F87,0) -> 0
B88: 0 | D88: - | E88: 0 | G88: =IF(F88>0,E88/F88,0) -> 0
B89: HERRAMIENTA MENOR (% S./M.O.) | C89: 0.03 | D89: % | G89: =ROUND(C89*H120,0) -> 2812
G90: Sub-Total | H90: =SUM(G82:G89) -> 20282
B91: II. MATERIALES EN OBRA
B92: Descripción | C92: Detalle | D92: Unidad | E92: Precio-Unit. | F92: Cantidad | G92: Valor-Unit.
A93: 13 | B93: CEMENTO | D93: BULTO 50 KG | E93: =+'EST MERCADO'!H32 -> 36850 | F93: =280/50 -> 5.6 | G93: =ROUND(F93*E93,0) -> 206360 | I93: =5.6*50 -> 280
A94: 14 | B94: ARENA | D94: M3 | E94: =+'EST MERCADO'!O11 -> 77350 | F94: 0.43 | G94: =ROUND(F94*E94,0) -> 33261 | I94: =+I93/1000 -> 0.28
A95: 15 | B95: TRITURADO | D95: M3 | E95: =+'EST MERCADO'!O14 -> 119000 | F95: 0.72 | G95: =ROUND(F95*E95,0) -> 85680
A96: 16 | B96: AGUA | D96: LT | E96: 90 | F96: 204 | G96: =ROUND(F96*E96,0) -> 18360
B97: 0 | D97: 0 | E97: 0 | G97: =F97*E97 -> 0
B98: 0 | D98: 0 | E98: 0 | G98: =F98*E98 -> 0
B99: 0 | D99: 0 | E99: 0 | G99: =F99*E99 -> 0
B100: 0 | D100: 0 | E100: 0 | G100: =F100*E100 -> 0
B101: 0 | D101: 0 | E101: 0 | G101: =F101*E101 -> 0
B102: 0 | D102: 0 | E102: 0 | G102: =F102*E102 -> 0
B103: 0 | D103: 0 | E103: 0 | G103: =F103*E103 -> 0
B104: 0 | D104: 0 | E104: 0 | G104: =F104*E104 -> 0
B105: 0 | D105: 0 | E105: 0 | G105: =F105*E105 -> 0
G106: Sub-Total | H106: =SUM(G93:G105) -> 343661
B107: III. TRANSPORTES
B108: Material | C108: Vol-peso ó Cant. | D108: Distancia | E108: M3-Km | F108: Tonelada | G108: Valor-Unit.
A109: 18 | B109: TRANSPORTE CEMENTO | C109: 0.28 | E109: 0 | F109: 120000 | G109: =+ROUND(C109*F109,0) -> 33600
B110: TRANSPORTE ARENA | C110: 0.43 | D110: 55 | E110: 1800 | F110: 0 | G110: =+ROUND(C110*D110*E110,0) -> 42570
B111: TRANSPORTE TRITURADO | C111: 0.72 | D111: 55 | E111: 1800 | F111: 0 | G111: =+ROUND(C111*D111*E111,0) -> 71280
B112: 0
G113: Sub-Total | H113: =SUM(G109:G112) -> 147450
...

Sheet EST MERCADO
A2: =+INTERVENTORIA!D3 -> CONSTRUCCION, ADECUACION Y MEJORAMIENTO DEL POLIDEPORTIVO EN LA VEREDA EL CARMEN AREA RURAL DEL MUNICIPIO DE OPORAPA HUILA
A5: ESTUDIO DE MERCADO
A7: ÍTEMS | B7: DESCRIPCIÓN | C7: UNIDAD | D7: VALOR UNITARIO | E7: COTIZACIÓN 1 | F7: COTIZACIÓN 2 | G7: COTIZACIÓN 3 | H7: PROMEDIO
E8: Valor Unitario | F8: Valor Unitario | G8: Valor Unitario
A9: 1 | B9: ABRAZADERA METALICA 3/4’ DOBLE ALA + ANCLAJE | C9: UND | D9: 9470 | E9: =+ROUND(D9*1.2,0) -> 11364 | F9: =+ROUND(D9*1.17,0) -> 11080 | G9: =+ROUND(D9*0.93,0) -> 8807 | H9: =ROUND(AVERAGE(E9,F9,G9),0) -> 10417 | I9: =+IF(D9=H9,"SI","NO") -> NO | J9: =+D9*1.1 -> 10417
A10: 2 | B10: Acero de refuerzo PDR-60, Fy: 4200 kg/cm2 | C10: Kgr. | D10: 5900 | E10: =+ROUND(D10*1.2,0) -> 7080 | F10: =+ROUND(D10*1.17,0) -> 6903 | G10: =+ROUND(D10*0.93,0) -> 5487 | H10: =ROUND(AVERAGE(E10,F10,G10),0) -> 6490 | I10: =+IF(D10=H10,"SI","NO") -> NO | K10: MATERIAL | L10: UNIDAD | M10: VR UNITARIO | N10: IVA (19%) | O10: VR TOTAL
A11: 3 | B11: Acrílico de proteccion | C11: UND | D11: 20000 | E11: =+ROUND(D11*1.2,0) -> 24000 | F11: =+ROUND(D11*1.17,0) -> 23400 | G11: =+ROUND(D11*0.93,0) -> 18600 | H11: =ROUND(AVERAGE(E11,F11,G11),0) -> 22000 | I11: =+IF(D11=H11,"SI","NO") -> NO | K11: ARENA FINA | L11: M3 | M11: 65000 | N11: =+ROUND(M11*0.19,0) -> 12350 | O11: =+ROUND(M11+N11,0) -> 77350
A12: 4 | B12: Alambre negro No 18 | C12: Kgr. | D12: 9520 | E12: =+ROUND(D12*1.2,0) -> 11424 | F12: =+ROUND(D12*1.17,0) -> 11138 | G12: =+ROUND(D12*0.93,0) -> 8854 | H12: =ROUND(AVERAGE(E12,F12,G12),0) -> 10472 | I12: =+IF(D12=H12,"SI","NO") -> NO | K12: BASE GRANULAR | L12: M3 | M12: 125000 | N12: =+ROUND(M12*0.19,0) -> 23750 | O12: =+ROUND(M12+N12,0) -> 148750
A13: 5 | B13: ALAMBRON METALICO GALVANIZADO DE 8 MM | C13: ml | D13: 2900 | E13: =+ROUND(D13*1.2,0) -> 3480 | F13: =+ROUND(D13*1.17,0) -> 3393 | G13: =+ROUND(D13*0.93,0) -> 2697 | H13: =ROUND(AVERAGE(E13,F13,G13),0) -> 3190 | I13: =+IF(D13=H13,"SI","NO") -> NO | K13: SUBBASE GRANULAR | L13: M3 | M13: 90000 | N13: =+ROUND(M13*0.19,0) -> 17100 | O13: =+ROUND(M13+N13,0) -> 107100
A14: 6 | B14: ANCLAJES PARA FIJACION DE PUNTA FRANKLIN | C14: Und | D14: 48500 | E14: =+ROUND(D14*1.2,0) -> 58200 | F14: =+ROUND(D14*1.17,0) -> 56745 | G14: =+ROUND(D14*0.93,0) -> 45105 | H14: =ROUND(AVERAGE(E14,F14,G14),0) -> 53350 | I14: =+IF(D14=H14,"SI","NO") -> NO | K14: GRAVILLA 3/4 | L14: M3 | M14: 100000 | N14: =+ROUND(M14*0.19,0) -> 19000 | O14: =+ROUND(M14+N14,0) -> 119000
A15: 7 | B15: ANGULO DE 1/8" X 1" | C15: ML | D15: 8338 | E15: =+ROUND(D15*1.2,0) -> 10006 | F15: =+ROUND(D15*1.17,0) -> 9755 | G15: =+ROUND(D15*0.93,0) -> 7754 | H15: =ROUND(AVERAGE(E15,F15,G15),0) -> 9172 | I15: =+IF(D15=H15,"SI","NO") -> NO | K15: RECEBO | L15: M3 | M15: 48000 | N15: =+ROUND(M15*0.19,0) -> 9120 | O15: =+ROUND(M15+N15,0) -> 57120
A16: 8 | B16: angulo de Fijación a canal 4' x1/4'' L=0,25 m | C16: Und | D16: 12000 | E16: =+ROUND(D16*1.2,0) -> 14400 | F16: =+ROUND(D16*1.17,0) -> 14040 | G16: =+ROUND(D16*0.93,0) -> 11160 | H16: =ROUND(AVERAGE(E16,F16,G16),0) -> 13200 | I16: =+IF(D16=H16,"SI","NO") -> NO | K16: PIEDRA | L16: M3 | M16: 130000 | N16: =+ROUND(M16*0.19,0) -> 24700 | O16: =+ROUND(M16+N16,0) -> 154700
A17: 9 | B17: ANTICORROSIVO | C17: GAL | D17: 61136 | E17: =+ROUND(D17*1.2,0) -> 73363 | F17: =+ROUND(D17*1.17,0) -> 71529 | G17: =+ROUND(D17*0.93,0) -> 56856 | H17: =ROUND(AVERAGE(E17,F17,G17),0) -> 67249 | I17: =+IF(D17=H17,"SI","NO") -> NO
A18: 10 | B18: ARENA | C18: M3 | D18: 120000 | E18: =+ROUND(D18*1.2,0) -> 144000 | F18: =+ROUND(D18*1.17,0) -> 140400 | G18: =+ROUND(D18*0.93,0) -> 111600 | H18: =ROUND(AVERAGE(E18,F18,G18),0) -> 132000 | I18: =+IF(D18=H18,"SI","NO") -> NO
A19: 11 | B19: Barraje de cobre | C19: UND | D19: 19000 | E19: =+ROUND(D19*1.2,0) -> 22800 | F19: =+ROUND(D19*1.17,0) -> 22230 | G19: =+ROUND(D19*0.93,0) -> 17670 | H19: =ROUND(AVERAGE(E19,F19,G19),0) -> 20900 | I19: =+IF(D19=H19,"SI","NO") -> NO
A20: 12 | B20: borneras para tierra | C20: UND | D20: 8600 | E20: =+ROUND(D20*1.2,0) -> 10320 | F20: =+ROUND(D20*1.17,0) -> 10062 | G20: =+ROUND(D20*0.93,0) -> 7998 | H20: =ROUND(AVERAGE(E20,F20,G20),0) -> 9460 | I20: =+IF(D20=H20,"SI","NO") -> NO
A21: 13 | B21: Brocha de 3 " | C21: Und | D21: 5941 | E21: =+ROUND(D21*1.2,0) -> 7129 | F21: =+ROUND(D21*1.17,0) -> 6951 | G21: =+ROUND(D21*0.93,0) -> 5525 | H21: =ROUND(AVERAGE(E21,F21,G21),0) -> 6535 | I21: =+IF(D21=H21,"SI","NO") -> NO
A22: 14 | B22: CABLE ANTIFRAUDE 2#6+1#6 AWG | C22: ML | D22: 55600 | E22: =+ROUND(D22*1.2,0) -> 66720 | F22: =+ROUND(D22*1.17,0) -> 65052 | G22: =+ROUND(D22*0.93,0) -> 51708 | H22: =ROUND(AVERAGE(E22,F22,G22),0) -> 61160 | I22: =+IF(D22=H22,"SI","NO") -> NO
A23: 15 | B23: CABLE DE COBRE AISLADO No 12 AWG -HF/FR/LS/CT | C23: ML | D23: 3950 | E23: =+ROUND(D23*1.2,0) -> 4740 | F23: =+ROUND(D23*1.17,0) -> 4622 | G23: =+ROUND(D23*0.93,0) -> 3674 | H23: =ROUND(AVERAGE(E23,F23,G23),0) -> 4345 | I23: =+IF(D23=H23,"SI","NO") -> NO
A24: 16 | B24: CABLE DE COBRE AISLADO No 14 AWG -HF/FR/LS/CT | C24: ML | D24: 2800 | E24: =+ROUND(D24*1.2,0) -> 3360 | F24: =+ROUND(D24*1.17,0) -> 3276 | G24: =+ROUND(D24*0.93,0) -> 2604 | H24: =ROUND(AVERAGE(E24,F24,G24),0) -> 3080 | I24: =+IF(D24=H24,"SI","NO") -> NO
A25: 17 | B25: CABLE DE COBRE DESNUDO 2/0 AWG | C25: ml | D25: 51950 | E25: =+ROUND(D25*1.2,0) -> 62340 | F25: =+ROUND(D25*1.17,0) -> 60782 | G25: =+ROUND(D25*0.93,0) -> 48314 | H25: =ROUND(AVERAGE(E25,F25,G25),0) -> 57145 | I25: =+IF(D25=H25,"SI","NO") -> NO
A26: 18 | B26: Cable No.8 Verde | C26: m | D26: 4275 | E26: =+ROUND(D26*1.2,0) -> 5130 | F26: =+ROUND(D26*1.17,0) -> 5002 | G26: =+ROUND(D26*0.93,0) -> 3976 | H26: =ROUND(AVERAGE(E26,F26,G26),0) -> 4703 | I26: =+IF(D26=H26,"SI","NO") -> NO
A27: 19 | B27: CABLEANTIFRAUDE 2#6+1#6 | C27: ML | D27: 45500 | E27: =+ROUND(D27*1.2,0) -> 54600 | F27: =+ROUND(D27*1.17,0) -> 53235 | G27: =+ROUND(D27*0.93,0) -> 42315 | H27: =ROUND(AVERAGE(E27,F27,G27),0) -> 50050 | I27: =+IF(D27=H27,"SI","NO") -> NO
A28: 20 | B28: Caja metalica para medidor | C28: UND | D28: 153000 | E28: =+ROUND(D28*1.2,0) -> 183600 | F28: =+ROUND(D28*1.17,0) -> 179010 | G28: =+ROUND(D28*0.93,0) -> 142290 | H28: =ROUND(AVERAGE(E28,F28,G28),0) -> 168300 | I28: =+IF(D28=H28,"SI","NO") -> NO
... A50: 42 | B50: Espátula | C50: Und | D50: 10200 | E50: =+ROUND(D50*1.2,0) -> 12240 | F50: =+ROUND(D50*1.17,0) -> 11934 | G50: =+ROUND(D50*0.93,0) -> 9486 | H50: =ROUND(AVERAGE(E50,F50,G50),0) -> 11220 | I50: =+IF(D50=H50,"SI","NO") -> NO
A51: 43 | B51: Frenos | C51: UND | D51: 2000 | E51: =+ROUND(D51*1.2,0) -> 2400 | F51: =+ROUND(D51*1.17,0) -> 2340 | G51: =+ROUND(D51*0.93,0) -> 1860 | H51: =ROUND(AVERAGE(E51,F51,G51),0) -> 2200 | I51: =+IF(D51=H51,"SI","NO") -> NO | J51: homecenter
A52: 44 | B52: Graniplast | C52: Kg | D52: 4500 | E52: =+ROUND(D52*1.2,0) -> 5400 | F52: =+ROUND(D52*1.17,0) -> 5265 | G52: =+ROUND(D52*0.93,0) -> 4185 | H52: =ROUND(AVERAGE(E52,F52,G52),0) -> 4950 | I52: =+IF(D52=H52,"SI","NO") -> NO | J52: 5463
A53: 45 | B53: HEBILLA BANDIT DE ACERO NOXIDABLE DE 5/8" | C53: UND | D53: 920 | E53: =+ROUND(D53*1.2,0) -> 1104 | F53: =+ROUND(D53*1.17,0) -> 1076 | G53: =+ROUND(D53*0.93,0) -> 856 | H53: =ROUND(AVERAGE(E53,F53,G53),0) -> 1012 | I53: =+IF(D53=H53,"SI","NO") -> NO
A54: 46 | B54: Lamina prepintada Calibre 22 | C54: Kg | D54: 10200 | E54: =+ROUND(D54*1.2,0) -> 12240 | F54: =+ROUND(D54*1.17,0) -> 11934 | G54: =+ROUND(D54*0.93,0) -> 9486 | H54: =ROUND(AVERAGE(E54,F54,G54),0) -> 11220 | I54: =+IF(D54=H54,"SI","NO") -> NO
A55: 47 | B55: Limpiador/soldadura PVC | C55: 1/4GI | D55: 75000 | E55: =+ROUND(D55*1.2,0) -> 90000 | F55: =+ROUND(D55*1.17,0) -> 87750 | G55: =+ROUND(D55*0.93,0) -> 69750 | H55: =ROUND(AVERAGE(E55,F55,G55),0) -> 82500 | I55: =+IF(D55=H55,"SI","NO") -> NO
A56: 48 | B56: Malla electrosoldada 6mm | C56: M2 | D56: 20567 | E56: =+ROUND(D56*1.2,0) -> 24680 | F56: =+ROUND(D56*1.17,0) -> 24063 | G56: =+ROUND(D56*0.93,0) -> 19127 | H56: =ROUND(AVERAGE(E56,F56,G56),0) -> 22623 | I56: =+IF(D56=H56,"SI","NO") -> NO
A57: 49 | B57: MALLA ESLABONADA GALV. CAL. 10 | C57: M2 | D57: 25000 | E57: =+ROUND(D57*1.2,0) -> 30000 | F57: =+ROUND(D57*1.17,0) -> 29250 | G57: =+ROUND(D57*0.93,0) -> 23250 | H57: =ROUND(AVERAGE(E57,F57,G57),0) -> 27500 | I57: =+IF(D57=H57,"SI","NO") -> NO
A58: 50 | B58: Minibreaker 1x16A | C58: UND | D58: 43235 | E58: =+ROUND(D58*1.2,0) -> 51882 | F58: =+ROUND(D58*1.17,0) -> 50585 | G58: =+ROUND(D58*0.93,0) -> 40209 | H58: =ROUND(AVERAGE(E58,F58,G58),0) -> 47559 | I58: =+IF(D58=H58,"SI","NO") -> NO
A59: 51 | B59: Minibreaker 2x16A | C59: UND | D59: 108000 | E59: =+ROUND(D59*1.2,0) -> 129600 | F59: =+ROUND(D59*1.17,0) -> 126360 | G59: =+ROUND(D59*0.93,0) -> 100440 | H59: =ROUND(AVERAGE(E59,F59,G59),0) -> 118800 | I59: =+IF(D59=H59,"SI","NO") -> NO
A60: 52 | B60: Pernos anclaje de 1/2" | C60: Und | D60: 10000 | E60: =+ROUND(D60*1.2,0) -> 12000 | F60: =+ROUND(D60*1.17,0) -> 11700 | G60: =+ROUND(D60*0.93,0) -> 9300 | H60: =ROUND(AVERAGE(E60,F60,G60),0) -> 11000 | I60: =+IF(D60=H60,"SI","NO") -> NO
A61: 53 | B61: piedra media zonga | C61: M3 | D61: 170000 | E61: =+ROUND(D61*1.2,0) -> 204000 | F61: =+ROUND(D61*1.17,0) -> 198900 | G61: =+ROUND(D61*0.93,0) -> 158100 | H61: =ROUND(AVERAGE(E61,F61,G61),0) -> 187000 | I61: =+IF(D61=H61,"SI","NO") -> NO
A62: 54 | B62: Pintura en esmalte | C62: Gal | D62: 56582 | E62: =+ROUND(D62*1.2,0) -> 67898 | F62: =+ROUND(D62*1.17,0) -> 66201 | G62: =+ROUND(D62*0.93,0) -> 52621 | H62: =ROUND(AVERAGE(E62,F62,G62),0) -> 62240 | I62: =+IF(D62=H62,"SI","NO") -> NO
A63: 55 | B63: PINTURA PARA CANCHAS ANTIDESLIZANTE | C63: Galón | D63: 168500 | E63: =+ROUND(D63*1.2,0) -> 202200 | F63: =+ROUND(D63*1.17,0) -> 197145 | G63: =+ROUND(D63*0.93,0) -> 156705 | H63: =ROUND(AVERAGE(E63,F63,G63),0) -> 185350 | I63: =+IF(D63=H63,"SI","NO") -> NO
A64: 56 | B64: Placa EH | C64: UND | D64: 50000 | E64: =+ROUND(D64*1.2,0) -> 60000 | F64: =+ROUND(D64*1.17,0) -> 58500 | G64: =+ROUND(D64*0.93,0) -> 46500 | H64: =ROUND(AVERAGE(E64,F64,G64),0) -> 55000 | I64: =+IF(D64=H64,"SI","NO") -> NO
... A108: 100 | B108: Lija para Hierro | C108: Und | D108: 3637 | E108: =+ROUND(D108*1.2,0) -> 4364 | F108: =+ROUND(D108*1.17,0) -> 4255 | G108: =+ROUND(D108*0.93,0) -> 3382 | H108: =ROUND(AVERAGE(E108,F108,G108),0) -> 4000 | I108: =+IF(D108=H108,"SI","NO") -> NO
A109: 101 | B109: Pasta o textura para aplicación de graniplast | C109: Kg | D109: 2200 | E109: =+ROUND(D109*1.2,0) -> 2640 | F109: =+ROUND(D109*1.17,0) -> 2574 | G109: =+ROUND(D109*0.93,0) -> 2046 | H109: =ROUND(AVERAGE(E109,F109,G109),0) -> 2420
A110: 102 | B110: Pintura Koraza | C110: Galón | D110: 135000 | E110: =+ROUND(D110*1.2,0) -> 162000 | F110: =+ROUND(D110*1.17,0) -> 157950 | G110: =+ROUND(D110*0.93,0) -> 125550 | H110: =ROUND(AVERAGE(E110,F110,G110),0) -> 148500 | I110: =+IF(D110=H110,"SI","NO") -> NO
B112: SE REALIZA EL ESTUDIO DE MERCADO, PRESENTANDO 3 COTIZACIONES; 1 FERREAGRÍCOLA CENTRAL NIT. 83,245,691-3 DEL MUNICIPIO DE ÍQUIRA; 2 MATDISCOL NIT. 900.489.040-9 DE LA CIUDAD DE NEIVA Y 3 INVERSIONES RODRIGUEZ CAMPO S.A.S NIT. 901.741.535-6 DE NEIVA HUILA , LOS CUALES SE ANEXAN AL PRESENTE ESTUDIO DE MERCADO
B116: Nota: Para el càlculo del valor final de cada uno de los items la entidad estimó pertinente escoger el promedio de las cotizaciones presentadas, la cual se ajusta a la disponibildad de recursos de las entidades a financiar el proyecto
B123: =+'Presupuesto INDERHUILA'!$B$86 -> Ing. JOSE DAVID VARGAS ARIAS | F123: =+'Presupuesto INDERHUILA'!$E$86 -> 0
B124: =+'Presupuesto INDERHUILA'!$B$87 -> INGENIERO CIVIL | F124: Secretario de Planeación

Sheet Mano de obra - Cargos
C4: ANÁLISIS DE MANO DE OBRA
C8: BASE SALARIAL ANN 2025 | H8: Horas Calendario - Año | J8: =365*8 -> 2920 | K8: 365 días * 8 horas
H9: Hora Laboral - Año | J9: =52*48+8 -> 2504 | K9: (52 semanas x 48 horas)+8 horas
C10: Salario Mínimo Mes | F10: 1750905 | H10: Horas Hábiles - Año | J10: =+J8-(52+17+3)*8 -> 2344 | K10: (horas calendario-((52 domingos+17 festivos+3 permisos)x 8 horas)
H11: Vr Hora Calendario | J11: Salario Año con prestaciones / Hora Calendario
C12: Subsidio Trasporte Mes | F12: 249095 | H12: Vr Hora Laboral | J12: Salario Año con prestaciones / Hora Laborales Anuales
H13: Vr Hora Efectiva | J13: Salario Año con prestaciones / Horas Hábiles - Año
C15: Nota: Subsidio de trasporte se paga hasta sueldos de dos(2) salarios mínimos mensuales. | H15: Días calendario | I15: 365
H16: Días Laborales | I16: 360 | K16: F-Prestacional | L16: 1.85 | M16: Hasta 2 SMLV
H17: Días Hábiles | I17: 333 | L17: 1.71 | M17: Mayores de 2 SMLV
C19: CALCULO DE SUELDOS Y JORNALES
C20: ID | D20: SALARIOS MÍNIMOS | E20: CARGO | H20: SALARIO BASE | I20: FACTOR SALARIAL | J20: SALARIO TOTAL | K20: JORNAL SIN PRESTACIONES | L20: PRESTACIONES DÍA | M20: JORNAL TOTAL
H22: MES | J22: MES
C23: NIVELES SALARIALES PERSONAL DE OBRA
C24: 1.1.1 | D24: 1.8 | E24: MAESTRO DE OBRA | H24: =+$F$10*D24 -> 3151629 | I24: 1.7527 | J24: =ROUND(H24*I24,0) -> 5523860 | K24: =(J24/30)/I24 -> 105054.3 | L24: =+K24*(I24-1) -> 79074.369 | M24: =+K24+L24 -> 184128.67
C25: 1.1.2 | D25: 1.5 | E25: OFICIAL DE OBRA | H25: =+$F$10*D25 -> 2626357.5 | I25: 1.7527 | J25: =ROUND(H25*I25,0) -> 4603217 | K25: =(J25/30)/I25 -> 87545.254 | L25: =+K25*(I25-1) -> 65895.313 | M25: =+K25+L25 -> 153440.57
C26: 1.1.3 | D26: 1 | E26: AYUDANTE DE OBRA | H26: =+$F$10*D26 -> 1750905 | I26: 1.8002 | J26: =ROUND(H26*I26,0) -> 3151979 | K26: =(J26/30)/I26 -> 58363.497 | L26: =+K26*(I26-1) -> 46702.47 | M26: =+K26+L26 -> 105065.97
C27: 1.1.4 | D27: 1 | E27: OBRERO OFICIOS VARIOS | H27: =+$F$10*D27 -> 1750905 | I27: 1.8002 | J27: =ROUND(H27*I27,0) -> 3151979 | K27: =(J27/30)/I27 -> 58363.497 | L27: =+K27*(I27-1) -> 46702.47 | M27: =+K27+L27 -> 105065.97
C28: 1.1.5 | D28: 1 | E28: PALETERO | H28: =+$F$10*D28 -> 1750905 | I28: 1.8002 | J28: =ROUND(H28*I28,0) -> 3151979 | K28: =(J28/30)/I28 -> 58363.497 | L28: =+K28*(I28-1) -> 46702.47 | M28: =+K28+L28 -> 105065.97
C29: 1.1.6 | D29: 2 | E29: TOPÓGRAFO | H29: =+$F$10*D29 -> 3501810 | I29: 1.7527 | J29: =ROUND(H29*I29,0) -> 6137622 | K29: =(J29/30)/I29 -> 116726.99 | L29: =+K29*(I29-1) -> 87860.407 | M29: =+K29+L29 -> 204587.4
C30: 1.1.7 | D30: 1.2 | E30: CADENERO | H30: =+$F$10*D30 -> 2101086 | I30: 1.7527 | J30: =ROUND(H30*I30,0) -> 3682573 | K30: =(J30/30)/I30 -> 70036.192 | L30: =+K30*(I30-1) -> 52716.242 | M30: =+K30+L30 -> 122752.43
C31: 1.1.8 | D31: 2 | E31: SOLDADOR 1A | H31: =+$F$10*D31 -> 3501810 | I31: 1.71 | J31: =ROUND(H31*I31,0) -> 5988095 | K31: =(J31/30)/I31 -> 116727 | L31: =+K31*(I31-1) -> 82876.169 | M31: =+K31+L31 -> 199603.17
C32: 1.1.9 | D32: 2 | E32: SOLDADOR | H32: =+$F$10*D32 -> 3501810 | I32: 1.7527 | J32: =ROUND(H32*I32,0) -> 6137622 | K32: =(J32/30)/I32 -> 116726.99 | L32: =+K32*(I32-1) -> 87860.407 | M32: =+K32+L32 -> 204587.4
C33: 1.1.10 | D33: 2 | E33: CORTADOR | H33: =+$F$10*D33 -> 3501810 | I33: 1.7527 | J33: =ROUND(H33*I33,0) -> 6137622 | K33: =(J33/30)/I33 -> 116726.99 | L33: =+K33*(I33-1) -> 87860.407 | M33: =+K33+L33 -> 204587.4
C34: 1.1.11 | D34: 1.5 | E34: INSPECTOR | H34: =+$F$10*D34 -> 2626357.5 | I34: 1.7527 | J34: =ROUND(H34*I34,0) -> 4603217 | K34: =(J34/30)/I34 -> 87545.254 | L34: =+K34*(I34-1) -> 65895.313 | M34: =+K34+L34 -> 153440.57
C35: 1.1.12 | D35: 1 | E35: SECRETARIA | H35: =+$F$10*D35 -> 1750905 | I35: 1.8002 | J35: =ROUND(H35*I35,0) -> 3151979 | K35: =(J35/30)/I35 -> 58363.497 | L35: =+K35*(I35-1) -> 46702.47 | M35: =+K35+L35 -> 105065.97
... C38: 1.1.15 | D38: 1 | E38: ALMACENISTA | H38: =+$F$10*D38 -> 1750905 | I38: 1.8002 | J38: =ROUND(H38*I38,0) -> 3151979 | K38: =(J38/30)/I38 -> 58363.497 | L38: =+K38*(I38-1) -> 46702.47 | M38: =+K38+L38 -> 105065.97
C40: 1 - Porcentaje de Horas Extras
C42: Total de Horas trabajadas al Mes | G42: 240
C43: Máximo de Horas Extras permitidas al mes | G43: 20
C44: Total Horas Máximas Trabajadas Mes | G44: =SUM(G42:G43) -> 260
C46: Distribución de horas Extras en el mes
C48: Descripción | E48: Unidad | F48: Horas Extras Máximas Mes | G48: Factor Multiplicador Hora Extra | H48: Hora Extra Equivalente | I48: % de Total Horas Máximas Mes
C51: H-EXTRA DIURNA | E51: HORA | F51: 8 | G51: 1.25 | H51: =+F51*G51 -> 10 | I51: =+H51/240 -> 0.041666667
C52: H-EXTRA NOCTURNA | E52: HORA | F52: 4 | G52: 1.75 | H52: =+F52*G52 -> 7 | I52: =+H52/240 -> 0.029166667
C53: H-EXTRA FESTIVA DIURNA | E53: HORA | F53: 8 | G53: 1.75 | H53: =+F53*G53 -> 14 | I53: =+H53/240 -> 0.058333333
C54: Porcentaje Máximo de Horas Extras asignadas al Mes | I54: =SUM(I51:I53) -> 0.12916667
C56: 2 – El cálculo del Factor Prestacional no considera Elementos de Protección Personal ni Exámenes Médicos Ocupacionales.
C61: ANÁLISIS DE CUADRILLAS
C65: CUADRILLA TIPO 0 - (2 Ay) | I65: Vr Unitario | J65: =+J72 -> 210131.93 | K65: =+F72/2 -> 58363.497
C67: ID | D67: Trabajador | F67: Jornal | G67: Prestaciones | H67: Jornal Total | I67: Cantidad | J67: Valor Total
C69: =+$C$26 -> 1.1.3 | D69: =IF(C69="","",VLOOKUP(C69,$C$23:$M$30,3)) -> AYUDANTE DE OBRA | F69: =IF(C69="",,VLOOKUP(C69,$C$23:$M$30,9)) -> 58363.497 | G69: =IF(C69="",,VLOOKUP(C69,$C$23:$M$30,10)) -> 46702.47 | H69: =IF(C69="","",F69+G69) -> 105065.97 | I69: 2 | J69: =IF(C69="","",H69*I69) -> 210131.93
D70: =IF(C70="","",VLOOKUP(C70,$C$23:$M$30,3)) | F70: =IF(C70="",,VLOOKUP(C70,$C$23:$M$30,9)) -> 0 | G70: =IF(C70="",,VLOOKUP(C70,$C$23:$M$30,10)) -> 0 | H70: =IF(C70="","",F70+G70) | J70: =IF(C70="","",H70*I70)
D71: =IF(C71="","",VLOOKUP(C71,$C$23:$M$30,3)) | F71: =IF(C71="",,VLOOKUP(C71,$C$23:$M$30,9)) -> 0 | G71: =IF(C71="",,VLOOKUP(C71,$C$23:$M$30,10)) -> 0 | H71: =IF(C71="","",F71+G71) | J71: =IF(C71="","",H71*I71)
A72: 1.2.1 | C72: Totales | F72: =F69*I69+F70*I70+F71*I71 -> 116726.99 | G72: =G69*I69+G70*I70+G71*I71 -> 93404.94 | H72: =SUM(F72:G72) -> 210131.93 | I72: =SUM(I69:I71) -> 2 | J72: =SUM(J69:J71) -> 210131.93
C75: CUADRILLA TIPO I - (3 Ay) | I75: Vr Unitario | J75: =+J82 -> 315197.9
C77: ID | D77: Trabajador | F77: Jornal | G77: Prestaciones | H77: Jornal Total | I77: Cantidad | J77: Valor Total
C79: =+$C$26 -> 1.1.3 | D79: =IF(C79="","",VLOOKUP(C79,$C$23:$M$30,3)) -> AYUDANTE DE OBRA | F79: =IF(C79="",,VLOOKUP(C79,$C$23:$M$30,9)) -> 58363.497 | G79: =IF(C79="",,VLOOKUP(C79,$C$23:$M$30,10)) -> 46702.47 | H79: =IF(C79="","",F79+G79) -> 105065.97 | I79: 3 | J79: =IF(C79="","",H79*I79) -> 315197.9
D80: =IF(C80="","",VLOOKUP(C80,$C$23:$M$30,3)) | F80: =IF(C80="",,VLOOKUP(C80,$C$23:$M$30,9)) -> 0 | G80: =IF(C80="",,VLOOKUP(C80,$C$23:$M$30,10)) -> 0 | H80: =IF(C80="","",F80+G80) | J80: =IF(C80="","",H80*I80)
D81: =IF(C81="","",VLOOKUP(C81,$C$23:$M$30,3)) | F81: =IF(C81="",,VLOOKUP(C81,$C$23:$M$30,9)) -> 0 | G81: =IF(C81="",,VLOOKUP(C81,$C$23:$M$30,10)) -> 0 | H81: =IF(C81="","",F81+G81) | J81: =IF(C81="","",H81*I81)
A82: 1.2.2 | C82: Totales | F82: =F79*I79+F80*I80+F81*I81 -> 175090.49 | G82: =G79*I79+G80*I80+G81*I81 -> 140107.41 | H82: =SUM(F82:G82) -> 315197.9 | I82: =SUM(I79:I81) -> 3 | J82: =SUM(J79:J81) -> 315197.9
C85: CUADRILLA TIPO II - (1 Of + 1 Ay) | I85: Vr Unitario | J85: =+J92 -> 258506.53
C87: ID | D87: Trabajador | F87: Jornal | G87: Prestaciones | H87: Jornal Total | I87: Cantidad | J87: Valor Total
C89: =+$C$25 -> 1.1.2 | D89: =IF(C89="","",VLOOKUP(C89,$C$23:$M$30,3)) -> OFICIAL DE OBRA | F89: =IF(C89="",,VLOOKUP(C89,$C$23:$M$30,9)) -> 87545.254 | G89: =IF(C89="",,VLOOKUP(C89,$C$23:$M$30,10)) -> 65895.313 | H89: =IF(C89="","",F89+G89) -> 153440.57 | I89: 1 | J89: =IF(C89="","",H89*I89) -> 153440.57
C90: =+$C$26 -> 1.1.3 | D90: =IF(C90="","",VLOOKUP(C90,$C$23:$M$30,3)) -> AYUDANTE DE OBRA | F90: =IF(C90="",,VLOOKUP(C90,$C$23:$M$30,9)) -> 58363.497 | G90: =IF(C90="",,VLOOKUP(C90,$C$23:$M$30,10)) -> 46702.47 | H90: =IF(C90="","",F90+G90) -> 105065.97 | I90: 1 | J90: =IF(C90="","",H90*I90) -> 105065.97
D91: =IF(C91="","",VLOOKUP(C91,$C$23:$M$30,3)) | F91: =IF(C91="",,VLOOKUP(C91,$C$23:$M$30,9)) -> 0 | G91: =IF(C91="",,VLOOKUP(C91,$C$23:$M$30,10)) -> 0 | H91: =IF(C91="","",F91+G91) | J91: =IF(C91="","",H91*I91)
A92: 1.2.3 | C92: Totales | F92: =F89*I89+F90*I90+F91*I91 -> 145908.75 | G92: =G89*I89+G90*I90+G91*I91 -> 112597.78 | H92: =SUM(F92:G92) -> 258506.53 | I92: =SUM(I89:I91) -> 2 | J92: =SUM(J89:J91) -> 258506.53 | K92: =+F92-K65 -> 87545.254
C95: CUADRILLA TIPO III - (1 Of + 2 Ay) | I95: Vr Unitario | J95: =+J102 -> 363572.5
C97: ID | D97: Trabajador | F97: Jornal | G97: Prestaciones | H97: Jornal Total | I97: Cantidad | J97: Valor Total
C99: =+$C$25 -> 1.1.2 | D99: =IF(C99="","",VLOOKUP(C99,$C$23:$M$30,3)) -> OFICIAL DE OBRA | F99: =IF(C99="",,VLOOKUP(C99,$C$23:$M$30,9)) -> 87545.254 | G99: =IF(C99="",,VLOOKUP(C99,$C$23:$M$30,10)) -> 65895.313 | H99: =IF(C99="","",F99+G99) -> 153440.57 | I99: 1 | J99: =IF(C99="","",H99*I99) -> 153440.57
C100: =+$C$26 -> 1.1.3 | D100: =IF(C100="","",VLOOKUP(C100,$C$23:$M$30,3)) -> AYUDANTE DE OBRA | F100: =IF(C100="",,VLOOKUP(C100,$C$23:$M$30,9)) -> 58363.497 | G100: =IF(C100="",,VLOOKUP(C100,$C$23:$M$30,10)) -> 46702.47 | H100: =IF(C100="","",F100+G100) -> 105065.97 | I100: 2 | J100: =IF(C100="","",H100*I100) -> 210131.93
D101: =IF(C101="","",VLOOKUP(C101,$C$23:$M$30,3)) | F101: =IF(C101="",,VLOOKUP(C101,$C$23:$M$30,9)) -> 0 | G101: =IF(C101="",,VLOOKUP(C101,$C$23:$M$30,10)) -> 0 | H101: =IF(C101="","",F101+G101) | J101: =IF(C101="","",H101*I101)
A102: 1.2.3 | C102: Totales | F102: =F99*I99+F100*I100+F101*I101 -> 204272.25 | G102: =G99*I99+G100*I100+G101*I101 -> 159300.25 | H102: =SUM(F102:G102) -> 363572.5 | I102: =SUM(I99:I101) -> 3 | J102: =SUM(J99:J101) -> 363572.5
C105: CUADRILLA TIPO IV - (1 Of + 3 Ay) | I105: Vr Unitario | J105: =+J112 -> 468638.47
C107: ID | D107: Trabajador | F107: Jornal | G107: Prestaciones | H107: Jornal Total | I107: Cantidad | J107: Valor Total
C109: =+$C$25 -> 1.1.2 | D109: =IF(C109="","",VLOOKUP(C109,$C$23:$M$30,3)) -> OFICIAL DE OBRA | F109: =IF(C109="",,VLOOKUP(C109,$C$23:$M$30,9)) -> 87545.254 | G109: =IF(C109="",,VLOOKUP(C109,$C$23:$M$30,10)) -> 65895.313 | H109: =IF(C109="","",F109+G109) -> 153440.57 | I109: 1 | J109: =IF(C109="","",H109*I109) -> 153440.57
C110: =+$C$26 -> 1.1.3 | D110: =IF(C110="","",VLOOKUP(C110,$C$23:$M$30,3)) -> AYUDANTE DE OBRA | F110: =IF(C110="",,VLOOKUP(C110,$C$23:$M$30,9)) -> 58363.497 | G110: =IF(C110="",,VLOOKUP(C110,$C$23:$M$30,10)) -> 46702.47 | H110: =IF(C110="","",F110+G110) -> 105065.97 | I110: 3 | J110: =IF(C110="","",H110*I110) -> 315197.9
D111: =IF(C111="","",VLOOKUP(C111,$C$23:$M$30,3)) | F111: =IF(C111="",,VLOOKUP(C111,$C$23:$M$30,9)) -> 0 | G111: =IF(C111="",,VLOOKUP(C111,$C$23:$M$30,10)) -> 0 | H111: =IF(C111="","",F111+G111) | J111: =IF(C111="","",H111*I111)
A112: 1.2.4 | C112: Totales | F112: =F109*I109+F110*I110+F111*I111 -> 262635.74 | G112: =G109*I109+G110*I110+G111*I111 -> 206002.72 | H112: =SUM(F112:G112) -> 468638.47 | I112: =SUM(I109:I111) -> 4 | J112: =SUM(J109:J111) -> 468638.47
C115: CUADRILLA TIPO V - (1 Of + 4 Ay) | I115: Vr Unitario | J115: =+J122 -> 573704.43
C117: ID | D117: Trabajador | F117: Jornal | G117: Prestaciones | H117: Jornal Total | I117: Cantidad | J117: Valor Total
C119: =+$C$25 -> 1.1.2 | D119: =IF(C119="","",VLOOKUP(C119,$C$23:$M$30,3)) -> OFICIAL DE OBRA | F119: =IF(C119="",,VLOOKUP(C119,$C$23:$M$30,9)) -> 87545.254 | G119: =IF(C119="",,VLOOKUP(C119,$C$23:$M$30,10)) -> 65895.313 | H119: =IF(C119="","",F119+G119) -> 153440.57 | I119: 1 | J119: =IF(C119="","",H119*I119) -> 153440.57
C120: =+$C$26 -> 1.1.3 | D120: =IF(C120="","",VLOOKUP(C120,$C$23:$M$30,3)) -> AYUDANTE DE OBRA | F120: =IF(C120="",,VLOOKUP(C120,$C$23:$M$30,9)) -> 58363.497 | G120: =IF(C120="",,VLOOKUP(C120,$C$23:$M$30,10)) -> 46702.47 | H120: =IF(C120="","",F120+G120) -> 105065.97 | I120: 4 | J120: =IF(C120="","",H120*I120) -> 420263.87
D121: =IF(C121="","",VLOOKUP(C121,$C$23:$M$30,3)) | F121: =IF(C121="",,VLOOKUP(C121,$C$23:$M$30,9)) -> 0 | G121: =IF(C121="",,VLOOKUP(C121,$C$23:$M$30,10)) -> 0 | H121: =IF(C121="","",F121+G121) | J121: =IF(C121="","",H121*I121)
A122: 1.2.5 | C122: Totales | F122: =F119*I119+F120*I120+F121*I121 -> 320999.24 | G122: =G119*I119+G120*I120+G121*I121 -> 252705.19 | H122: =SUM(F122:G122) -> 573704.43 | I122: =SUM(I119:I121) -> 5 | J122: =SUM(J119:J121) -> 573704.43
C125: CUADRILLA TIPO VI - (1 Of + 8 Ay) | I125: Vr Unitario | J125: =+J132 -> 993968.3
C127: ID | D127: Trabajador | F127: Jornal | G127: Prestaciones | H127: Jornal Total | I127: Cantidad | J127: Valor Total
C129: =+$C$25 -> 1.1.2 | D129: =IF(C129="","",VLOOKUP(C129,$C$23:$M$30,3)) -> OFICIAL DE OBRA | F129: =IF(C129="",,VLOOKUP(C129,$C$23:$M$30,9)) -> 87545.254 | G129: =IF(C129="",,VLOOKUP(C129,$C$23:$M$30,10)) -> 65895.313 | H129: =IF(C129="","",F129+G129) -> 153440.57 | I129: 1 | J129: =IF(C129="","",H129*I129) -> 153440.57
C130: =+$C$26 -> 1.1.3 | D130: =IF(C130="","",VLOOKUP(C130,$C$23:$M$30,3)) -> AYUDANTE DE OBRA | F130: =IF(C130="",,VLOOKUP(C130,$C$23:$M$30,9)) -> 58363.497 | G130: =IF(C130="",,VLOOKUP(C130,$C$23:$M$30,10)) -> 46702.47 | H130: =IF(C130="","",F130+G130) -> 105065.97 | I130: 8 | J130: =IF(C130="","",H130*I130) -> 840527.73
D131: =IF(C131="","",VLOOKUP(C131,$C$23:$M$30,3)) | F131: =IF(C131="",,VLOOKUP(C131,$C$23:$M$30,9)) -> 0 | G131: =IF(C131="",,VLOOKUP(C131,$C$23:$M$30,10)) -> 0 | H131: =IF(C131="","",F131+G131) | J131: =IF(C131="","",H131*I131)
A132: 1.2.6 | C132: Totales | F132: =F129*I129+F130*I130+F131*I131 -> 554453.23 | G132: =G129*I129+G130*I130+G131*I131 -> 439515.07 | H132: =SUM(F132:G132) -> 993968.3 | I132: =SUM(I129:I131) -> 9 | J132: =SUM(J129:J131) -> 993968.3
A135: 1.2.7 | C135: CUADRILLA TIPO VII - (1 Maes + 1 Of + 5 Ay) | I135: Vr Unitario | J135: =+J142 -> 862899.07
C137: ID | D137: Trabajador | F137: Jornal | G137: Prestaciones | H137: Jornal Total | I137: Cantidad | J137: Valor Total
C139: =+$C$24 -> 1.1.1 | D139: =IF(C139="","",VLOOKUP(C139,$C$23:$M$30,3)) -> MAESTRO DE OBRA | F139: =IF(C139="",,VLOOKUP(C139,$C$23:$M$30,9)) -> 105054.3 | G139: =IF(C139="",,VLOOKUP(C139,$C$23:$M$30,10)) -> 79074.369 | H139: =IF(C139="","",F139+G139) -> 184128.67 | I139: 1 | J139: =IF(C139="","",H139*I139) -> 184128.67
C140: =+$C$25 -> 1.1.2 | D140: =IF(C140="","",VLOOKUP(C140,$C$23:$M$30,3)) -> OFICIAL DE OBRA | F140: =IF(C140="",,VLOOKUP(C140,$C$23:$M$30,9)) -> 87545.254 | G140: =IF(C140="",,VLOOKUP(C140,$C$23:$M$30,10)) -> 65895.313 | H140: =IF(C140="","",F140+G140) -> 153440.57 | I140: 1 | J140: =IF(C140="","",H140*I140) -> 153440.57
C141: =+$C$26 -> 1.1.3 | D141: =IF(C141="","",VLOOKUP(C141,$C$23:$M$30,3)) -> AYUDANTE DE OBRA | F141: =IF(C141="",,VLOOKUP(C141,$C$23:$M$30,9)) -> 58363.497 | G141: =IF(C141="",,VLOOKUP(C141,$C$23:$M$30,10)) -> 46702.47 | H141: =IF(C141="","",F141+G141) -> 105065.97 | I141: 5 | J141: =IF(C141="","",H141*I141) -> 525329.83
A142: 1.2.7 | C142: Totales | F142: =F139*I139+F140*I140+F141*I141 -> 484417.03 | G142: =G139*I139+G140*I140+G141*I141 -> 378482.03 | H142: =SUM(F142:G142) -> 862899.07 | I142: =SUM(I139:I141) -> 7 | J142: =SUM(J139:J141) -> 862899.07
A145: 1.2.8 | C145: CUADRILLA TIPO VIII - (1 Maes + 1 Of + 10 Ay) | I145: Vr Unitario | J145: =+J152 -> 1388228.9
C147: ID | D147: Trabajador | F147: Jornal | G147: Prestaciones | H147: Jornal Total | I147: Cantidad | J147: Valor Total
C149: =+$C$24 -> 1.1.1 | D149: =IF(C149="","",VLOOKUP(C149,$C$23:$M$30,3)) -> MAESTRO DE OBRA | F149: =IF(C149="",,VLOOKUP(C149,$C$23:$M$30,9)) -> 105054.3 | G149: =IF(C149="",,VLOOKUP(C149,$C$23:$M$30,10)) -> 79074.369 | H149: =IF(C149="","",F149+G149) -> 184128.67 | I149: 1 | J149: =IF(C149="","",H149*I149) -> 184128.67
C150: =+$C$25 -> 1.1.2 | D150: =IF(C150="","",VLOOKUP(C150,$C$23:$M$30,3)) -> OFICIAL DE OBRA | F150: =IF(C150="",,VLOOKUP(C150,$C$23:$M$30,9)) -> 87545.254 | G150: =IF(C150="",,VLOOKUP(C150,$C$23:$M$30,10)) -> 65895.313 | H150: =IF(C150="","",F150+G150) -> 153440.57 | I150: 1 | J150: =IF(C150="","",H150*I150) -> 153440.57
C151: =+$C$26 -> 1.1.3 | D151: =IF(C151="","",VLOOKUP(C151,$C$23:$M$30,3)) -> AYUDANTE DE OBRA | F151: =IF(C151="",,VLOOKUP(C151,$C$23:$M$30,9)) -> 58363.497 | G151: =IF(C151="",,VLOOKUP(C151,$C$23:$M$30,10)) -> 46702.47 | H151: =IF(C151="","",F151+G151) -> 105065.97 | I151: 10 | J151: =IF(C151="","",H151*I151) -> 1050659.7
A152: 1.2.8 | C152: Totales | F152: =F149*I149+F150*I150+F151*I151 -> 776234.52 | G152: =G149*I149+G150*I150+G151*I151 -> 611994.38 | H152: =SUM(F152:G152) -> 1388228.9 | I152: =SUM(I149:I151) -> 12 | J152: =SUM(J149:J151) -> 1388228.9
A155: 1.2.9, | C155: CUADRILLA TIPO IX - (5 Obr) | I155: Vr Unitario | J155: =+J162 -> 525329.83
C157: ID | D157: Trabajador | F157: Jornal | G157: Prestaciones | H157: Jornal Total | I157: Cantidad | J157: Valor Total
C159: =+$C$27 -> 1.1.4 | D159: =IF(C159="","",VLOOKUP(C159,$C$23:$M$30,3)) -> OBRERO OFICIOS VARIOS | F159: =IF(C159="",,VLOOKUP(C159,$C$23:$M$30,9)) -> 58363.497 | G159: =IF(C159="",,VLOOKUP(C159,$C$23:$M$30,10)) -> 46702.47 | H159: =IF(C159="","",F159+G159) -> 105065.97 | I159: 5 | J159: =IF(C159="","",H159*I159) -> 525329.83
D160: =IF(C160="","",VLOOKUP(C160,$C$23:$M$30,3)) | F160: =IF(C160="",,VLOOKUP(C160,$C$23:$M$30,9)) -> 0 | G160: =IF(C160="",,VLOOKUP(C160,$C$23:$M$30,10)) -> 0 | H160: =IF(C160="","",F160+G160) | J160: =IF(C160="","",H160*I160)
D161: =IF(C161="","",VLOOKUP(C161,$C$23:$M$30,3)) | F161: =IF(C161="",,VLOOKUP(C161,$C$23:$M$30,9)) -> 0 | G161: =IF(C161="",,VLOOKUP(C161,$C$23:$M$30,10)) -> 0 | H161: =IF(C161="","",F161+G161) | J161: =IF(C161="","",H161*I161)
A162: 1.2.9 | C162: Totales | F162: =F159*I159+F160*I160+F161*I161 -> 291817.48 | G162: =G159*I159+G160*I160+G161*I161 -> 233512.35 | H162: =SUM(F162:G162) -> 525329.83 | I162: =SUM(I159:I161) -> 5 | J162: =SUM(J159:J161) -> 525329.83
A165: 1.2.10 | C165: CUADRILLA TIPO X - (1 Top + 2 Cad) | I165: Vr Unitario | J165: =+J172 -> 450092.27
...

Sheet Presupuesto
A1: DEPARTAMENTO DEL HUILA
A2: MUNICIPIO DE OPORAPA
A5: PRESUPUESTO GENERAL
A7: CONSTRUCCION DE CUBIERTA EN EL POLIDEPORTIVO DE LA VEREDA EL CARMEN AREA RURAL DEL MUNICIPIO DE OPORAPA HUILA
C8: MUNICIPIO: | E8: OPORAPA
C9: LUGAR: | E9: VDA EL CARMEN
C10: FECHA: | E10: JUNIO DE 2025
A12: ITEM | B12: DESCRIPCION | C12: UNIDAD | D12: CANTIDAD | E12: V/R. UNITARIO | F12: V/PARCIAL | G12: V/R. TOTAL
A13: 1 | B13: PRELIMINARES | G13: =ROUND(SUM(F14:F21),0) -> #REF!
A14: 1.1 | B14: Localización y replanteo | C14: M2 | D14: =+#REF! -> #REF! | E14: =+'APU1.1'!H29 -> 2721 | F14: =ROUND(D14*E14,0) -> #REF!
A15: 1.2 | B15: Cerramiento provisional en lona verde | C15: Ml | D15: =+#REF! -> #REF! | E15: =+#REF! -> #REF! | F15: =ROUND(D15*E15,0) -> #REF!
A16: 1.3 | B16: Excavación en material común con retiro de sobrantes | C16: M3 | D16: =+#REF! -> #REF! | E16: =+'APU1.2'!H29 -> 85310 | F16: =ROUND(D16*E16,0) -> #REF!
A17: 1.4 | B17: Excavación mecanica para explanación a todo factor | C17: M3 | D17: =+#REF! -> #REF! | E17: =+'APU1.3'!H33 -> 70703 | F17: =ROUND(D17*E17,0) -> #REF!
A18: 1.5 | B18: Relleno en recebo compactado | C18: M3 | D18: =+#REF! -> #REF! | E18: =+'APU1.4'!H30 -> 124149 | F18: =ROUND(D18*E18,0) -> #REF!
A19: 1.6 | B19: Demolición de piso en concreto. Incluye: Retiro | C19: M3 | D19: =+#REF! -> #REF! | E19: =+'APU1.5'!G27 -> 32627 | F19: =ROUND(D19*E19,0) -> #REF!
A20: 1.7 | B20: Desmonte de malla eslabonada | C20: M2 | D20: =+#REF! -> #REF! | E20: =+'APU1.6'!F29 -> 27214 | F20: =ROUND(D20*E20,0) -> #REF!
A21: 1.8 | B21: Retiro de postes existentes, incluye demolición y retiro de cimentación, acometida, lamparas, crucetas y demás elementos | C21: Und | D21: =+#REF! -> #REF! | E21: =+'APU1.7'!F32 -> 1239218 | F21: =ROUND(D21*E21,0) -> #REF!
A22: 2 | B22: CONSTRUCCION DE ESTRUCTURA EN CONCRETO | G22: =ROUND(SUM(F23:F33),0) -> #REF!
A23: 2.1 | B23: Viga de cimiento de 0.30*0.35 cms, en concreto de 3000 PSI | C23: M3 | D23: =+#REF! -> #REF! | E23: =+'APU2.1'!G27 -> 1107042 | F23: =ROUND(D23*E23,0) -> #REF!
A24: 2.2 | B24: Piso en concreto de 3000 PSI, e=0.10 mts incluye malla electrosoldada | C24: M2 | D24: =+#REF! -> #REF! | E24: =+'APU2.2'!F29 -> 146942 | F24: =ROUND(D24*E24,0) -> #REF!
A25: 2.3 | B25: Concreto Zapatas de 3000 PSI | C25: M3 | D25: =+#REF! -> #REF! | E25: =+'APU2.3'!G27 -> 953042 | F25: =ROUND(D25*E25,0) -> #REF!
A26: 2.4 | B26: Columna de 0.30*,45 cms, en concreto de 3000 PSI | C26: M3 | D26: =+#REF! -> #REF! | E26: =+'APU2.4'!G27 -> 1458168 | F26: =ROUND(D26*E26,0) -> #REF!
A27: 2.5 | B27: Viga de amarre Intermedia de 0.35*0.40 cms, en concreto de 3000 PSI | C27: M3 | D27: =+#REF! -> #REF! | E27: =+'APU2.5'!G27 -> 1516977 | F27: =ROUND(D27*E27,0) -> #REF!
A28: 2.6 | B28: Cuneta A LL. en concreto de 3000 psi a=0.50 y e=0,10 | C28: Ml | D28: =+#REF! -> #REF! | E28: =+'APU2.6'!G26 -> 222737 | F28: =ROUND(D28*E28,0) -> #REF!
A29: 2.7 | B29: Acero de refuerzo 60.000 y 37.000 PSI | C29: Kg. | D29: =+#REF! -> #REF! | E29: =+'APU2.7'!F28 -> 9493 | F29: =ROUND(D29*E29,0) -> #REF!
A30: 2.8 | B30: Caja de inspección de 60*,60 m en concreto para sistema de agua lluvias en concreto de 3000 PSI | C30: UND | D30: =+#REF! -> #REF! | E30: =+'APU2.8'!F29 -> 443933 | F30: =ROUND(D30*E30,0) -> #REF!
A31: 2.9 | B31: Concreto pobre de 2000 PSI para limpieza e=0.05 mts. | C31: M2 | D31: =+#REF! -> #REF! | E31: =+'APU2.9'!F24 -> 792361 | F31: =ROUND(D31*E31,0) -> #REF!
A32: 2.1 | B32: Concreto ciclópeo, 60% en concreto de 2500 PSI, y 40% en piedra. | C32: M3 | D32: =+#REF! -> #REF! | E32: =+'APU2.10'!G31 -> 760678 | F32: =ROUND(D32*E32,0) -> #REF!
A33: 2.11 | B33: Suministro e instalación de tuberia de 6" sanitaria incluye accesorios. | C33: ML | D33: =+#REF! -> #REF! | E33: =+'APU2.11'!G27 -> 91990 | F33: =ROUND(D33*E33,0) -> #REF!
A34: 3 | B34: CONSTRUCCION DE CUBIERTA | G34: =ROUND(SUM(F35:F39),0) -> #REF!
A35: 3.1 | B35: Suministro, fabricación e instalación de cubierta auto portante elaborada en sitio, con lamina de acero, color blanco almendra, calibre 22 galvanizado, prepintado y en grado 40, flecha al 20% con respecto al ancho a cubrir, tipo membrana (Sistema modular con secciones únicas y sin traslapo a lo ancho, unidas entre sí por medio de grafado mecánico). para placa de polideportivo. | C35: M2 | D35: =+#REF! -> #REF! | E35: =+'APU3.1'!F29 -> 299476 | F35: =ROUND(D35*E35,0) -> #REF!
A36: 3.2 | B36: instalación de anclajes de canalón, compuesto por platina metálica de 30x45 e-3/8 ángulo de fijación a canal de 4"x1/4" L=0,25 m, 4 pernos de anclaje de 01/2 long= 0,50m, según diseño. | C36: UND | D36: =+#REF! -> #REF! | E36: =+'APU3.2'!F30 -> 137468 | F36: =ROUND(D36*E36,0) -> #REF!
A37: 3.3 | B37: Suministro e Instalación de canalón metálico de acero estructural con 3/16" de espesor (según diseño), una mano de pintura 3 en 1 de Pintuco. | C37: ML | D37: =+#REF! -> #REF! | E37: =+'APU3.3'!F30 -> 635386 | F37: =ROUND(D37*E37,0) -> #REF!
A38: 3.4 | B38: Bajante aguas lluvias en PVC 4" incluye: Accesorios | C38: ML | D38: =+#REF! -> #REF! | E38: =+'APU3.4'!F28 -> 85832 | F38: =ROUND(D38*E38,0) -> #REF!
A39: 3.5 | B39: Cerramiento en malla eslabonada y tubo h= 3.0m, antepecho en ladrillo a la vista de h=0.40m, pedestal en concreto de 0.15x0.20m, viga cinta de 0.10x0.15m y viga de cimiento de ,20x,20 incluye acero incluye acero 1/2 y estribos en 3/8" | C39: ML | D39: =+#REF! -> #REF! | E39: =+'APU3.5'!F30 -> 852428 | F39: =ROUND(D39*E39,0) -> #REF!
A40: 4 | B40: CONSTRUCCIÓN DE ILUMINACIÓN POLIDEPORTIVO | G40: =ROUND(SUM(F42:F61),0) -> 39483523
A41: 4.1 | B41: ACOMETIDAS Y ALIMENTADORES EN BAJA TENSION
A42: 4,1,1 | B42: Suministro e instalación de circuito de iluminacion en 2#12+1#12T a instalar en tuberia EMT y/o PVC 3/4". Incluye tubería, accesorios y todo lo necesario para su correcto funcionamiento | C42: ML | D42: 100 | E42: =+'APU4.1.1'!F29 -> 38115 | F42: =ROUND(D42*E42,0) -> 3811500
A43: 4,1,2 | B43: Suministro e instalación de salida para tomacorriente. Incluye tubería aparato y todo lo necesario para su cortecto funcionamiento. | C43: UND | D43: 16 | E43: =+'APU4.1.2'!F29 -> 291624 | F43: =ROUND(D43*E43,0) -> 4665984
A44: 4,1,3 | B44: Suministro e instalación de camaras de inspeccion de 0,6x0,6 mts para sistema eléctrico en concreto de 2500 PSI | C44: UND | D44: 1 | E44: =+'APU4.1.3'!F28 -> 620067 | F44: =ROUND(D44*E44,0) -> 620067
A45: 4,1,4 | B45: Suministro e instalación de camaras de inspeccion de 0,4x0,4 mts para sistema eléctrico en concreto de 2500 PSI | C45: UND | D45: 1 | E45: =+'APU4.1.4'!F28 -> 488609 | F45: =ROUND(D45*E45,0) -> 488609
A46: 4,1,5 | B46: Suministro e instalación de circuito alimentador en cable antifraude 2#6+1#6 AWG para tablero de distribución. Incluye tubería PVC DB 2", accesorios y todo lo necesario para su correcto funcionamiento. | C46: ML | D46: 30 | E46: =+'APU4.1.5'!F28 -> 76331 | F46: =ROUND(D46*E46,0) -> 2289930
A47: 4,1,6 | B47: Suministro e instalación de bajante de 2" IMC para acometida general en cable antifraude 2#6+1#6 AWG. | C47: UND | D47: 1 | E47: =+'APU4.1.6'!F31 -> 1344252 | F47: =ROUND(D47*E47,0) -> 1344252
A48: 4.2 | B48: APANTALLAMIENTO
A49: 4,2,1 | B49: Suministro e instalación de punta captadora convencional ipo Frankin roscada a instalar en tuberia IMC 3/4% | C49: UND | D49: 6 | E49: =+'APU4.2.1'!F26 -> 157955 | F49: =ROUND(D49*E49,0) -> 947730
A50: 4,2,2 | B50: Suministro e instalación de tuberia IMC de 3/4" x 1.5m para soportar puntas Franklin. Incluye soportes y todo lo necesario para su correcto funcionamiento. | C50: UND | D50: 6 | E50: =+'APU4.2.2'!F26 -> 174930 | F50: =ROUND(D50*E50,0) -> 1049580
A51: 4,2,3 | B51: Suministro e instalación de alambron 8 mm a instalar en techo. | C51: ML | D51: 77 | E51: =+'APU4.2.3'!F26 -> 22342 | F51: =ROUND(D51*E51,0) -> 1720334
A52: 4,2,4 | B52: Suministro e instalación de bajantes en cable de aluminio 1/0 AWG a instalar en tubería IMC 3/4". | C52: UND | D52: 6 | E52: =+'APU4.2.4'!F26 -> 383594 | F52: =ROUND(D52*E52,0) -> 2301564
A53: 4,2,5 | B53: Suministro e instalación de electrodo de puesta a tierra tipo varilla copperweld de 5/8" x 2,4 m. | C53: UND | D53: 6 | E53: =+'APU4.2.5'!F26 -> 304980 | F53: =ROUND(D53*E53,0) -> 1829880
A54: 4,2,6 | B54: Suministro e instalación de soldadura exotérmica de 90gr. | C54: UND | D54: 6 | E54: =+'APU4.2.6'!F26 -> 61758 | F54: =ROUND(D54*E54,0) -> 370548
A55: 4,2,7 | B55: Suministro e instalación de caja de inspección 30x30cm. | C55: UND | D55: 6 | E55: =+'APU4.2.7'!F26 -> 366827 | F55: =ROUND(D55*E55,0) -> 2200962
A56: 4,2,8 | B56: Suministro e insta cable de cobre desnudo 2/0 AWG a enterrar directamente. | C56: ML | D56: 120 | E56: =+'APU4.2.8'!F26 -> 66507 | F56: =ROUND(D56*E56,0) -> 7980840
A57: 4.3 | B57: ILUMINACION
A58: 4,3,1 | B58: Proyector Led 200W-110/220V | C58: UND | D58: 8 | E58: =+'APU4.3.1'!F26 -> 662240 | F58: =ROUND(D58*E58,0) -> 5297920
A59: 4.4 | B59: TABLERO DE MEDIDA Y CONTROL
A60: 4,4,1 | B60: Suministro e instalacion de caja para medidor. Incluye medidor bifasico y breaker | C60: UND | D60: 1 | E60: =+'APU4.4.1'!F26 -> 907251 | F60: =ROUND(D60*E60,0) -> 907251
A61: 4,4,2 | B61: Suministro e instalacion de tablero de control de alumbrado. | C61: UND | D61: 1 | E61: =+'APU4.4.2'!F31 -> 1656572 | F61: =ROUND(D61*E61,0) -> 1656572
A62: 5 | B62: CANCHA Y DEMARCACIÓN Y ACABADOS | G62: =ROUND(SUM(F63:F67),0) -> #REF!
A63: 5.1 | B63: Graniplast aplicado en muros o superficies receptoras de la aplicación | C63: UND | D63: 154.96 | E63: =+'APU5.1'!F27 -> 49214 | F63: =ROUND(D63*E63,0) -> 7626201
A64: 5.2 | B64: Pintura para muros en vinilo tipo 1 | C64: M2 | D64: 30 | E64: =+'APU5.2'!F27 -> 33833 | F64: =ROUND(D64*E64,0) -> 1014990
A65: 5.3 | B65: Pintura antideslizante resistente al trafico peatonal y deportivo | C65: M2 | D65: 432 | E65: =+'APU5.3'!F27 -> 32360 | F65: =ROUND(D65*E65,0) -> 13979520
A66: 5.4 | B66: Demarcación de cancha multiple | C66: UND | D66: 1 | E66: =+#REF! -> #REF! | F66: =ROUND(D66*E66,0) -> #REF!
A67: 5.5 | B67: Marco polifuncional para microfútbol y baloncesto en tubo galvanizado tipo pesado de 2" Y 1 1/2", tableros para baloncesto en acrílico según especificaciones técnicas; incluye anclaje, instalación y todo lo necesario para su correcto funcionamiento. | C67: UND | D67: 2 | E67: =+#REF! -> #REF! | F67: =ROUND(D67*E67,0) -> #REF!
B68: COSTOS DIRECTOS | G68: =ROUND(SUM(G13:G67),0) -> #REF!
B69: ADMINISTRACION (26%) | F69: 0.26 | G69: =ROUND(G68*F69,0) -> #REF!
B70: IMPREVISTOS (1%) | F70: 0.01 | G70: =ROUND(G68*F70,0) -> #REF!
B71: UTILIDAD (5%) | F71: 0.05 | G71: =ROUND(G68*F71,0) -> #REF!
B72: TOTAL AIU DEL 32% | G72: =ROUND(SUM(G69:G71),0) -> #REF!
B73: PMA | G73: 6000000
B74: TRAMITES ELECTRIFICADORA - CERTIFICADO RETIE Y/O RETILAP | G74: 8500000
B75: COSTO OBRA | G75: =G68+G72+G73+G74 -> #REF!
B76: INTERVENTORÍA 9% | G76: 58462620
B77: COSTO TOTAL | G77: =+G76+G75 -> #REF!

Sheet CANTIDADES OBRA
A2: MEMORIA DE CANTIDADES DE OBRA
A4: OBJETO | C4: =+'Presupuesto INDERHUILA'!A7 -> CONSTRUCCION, ADECUACION Y MEJORAMIENTO DEL POLIDEPORTIVO EN LA VEREDA EL CARMEN AREA RURAL DEL MUNICIPIO DE OPORAPA HUILA | P4: =5.2*6 -> 31.2 | Q4: =+P4+P5 -> 32.7
A5: MUNICIPIO | B5: OPORAPA | C5: DEPARTAMENTO | F5: HUILA | P5: 1.5
P6: =+P5+P4 -> 32.7
A7: MEMORIAS DE CANTIDADES DE OBRA GENERAL | P7: =2*2 -> 4 | R7: =2.75*12 -> 33
P8: 17.15
B9: ACTIVIDAD | D9: DIMENSIONES | H9: BARRA Nº | I9: PESO/ml - m2 | J9: CANTIDAD | K9: PESO | R9: =2.45*7 -> 17.15 | S9: =+R9+R7 -> 50.15
A10: ÍTEM | B10: DESCRIPCIÓN | C10: UNIDAD | D10: L | E10: A | F10: H | G10: CANT | P10: =+P8+P7 -> 21.15
D11: mts. | E11: mts. | F11: mts. | G11: und | I11: Kg./ml - m2 | K11: Kg.
M13: =19.33*1.2 -> 23.196
A14: 1. PRELIMINARES
A15: 1 | B15: Localizacion y replanteo | J15: =+J16 -> 544.05
A16: 1.1 | B16: Localizacion y Replanteo | C16: m2 | D16: 27 | E16: 20.15 | J16: =+E16*D16 -> 544.05 | L16: =19*1.2 -> 22.8 | N16: =3.6*12 -> 43.2
A17: 1.2 | B17: Excavación manual en material común con retiro de sobrantes | J17: =SUM(J18:J25) -> 134.011 | O17: 18.26 | R17: =3.8*14 -> 53.2
A18: 1.2.1 | B18: Excavacion zapatas | C18: m3 | D18: 2.5 | E18: 2.5 | F18: 1.4 | G18: 4 | J18: =+G18*F18*E18*D18 -> 35
A19: 1.2.2 | B19: Excavacion zapatas | C19: m3 | D19: 2.4 | E19: 2.4 | F19: 1.4 | G19: 4 | J19: =+G19*F19*E19*D19 -> 32.256
A20: 1.2.3 | B20: Excavacion zapatas | C20: m3 | D20: 2.3 | E20: 2.3 | F20: 1.4 | G20: 4 | J20: =+G20*F20*E20*D20 -> 29.624
A21: 1.2.4 | B21: Excavacion viga para estructura | C21: m3 | D21: =+M27 -> 38.4 | E21: 0.5 | F21: 0.5 | J21: =+F21*E21*D21 -> 9.6 | M21: 4.9 | O21: =+#REF!+O17 -> #REF! | P21: =+O21*#REF! -> #REF! | Q21: =1.5*5 -> 7.5 | R21: =0.75*2 -> 1.5
A22: 1.2.5 | B22: Excavacion cunetas | C22: =+C18 -> m3 | D22: 54.1 | E22: 0.5 | F22: 0.5 | J22: =+D22*E22*F22 -> 13.525 | O22: =2.3*21 -> 48.3 | P22: =+#REF!-O22 -> #REF! | Q22: descuento graderia
A23: 1.2.6 | B23: Excavación Cajas de inspección | C23: m3 | D23: 1 | E23: 1 | F23: 0.7 | G23: 2 | J23: =+D23*E23*F23*G23 -> 1.4
A24: 1.2.7 | B24: Excavación Para tubería aguas lluvias | C24: m3 | D24: =16.7+20 -> 36.7 | E24: 0.4 | F24: 0.6 | J24: =+D24*E24*F24 -> 8.808
A25: 1.2.8 | B25: excavacion cerramiento | C25: =+C24 -> m3 | D25: 42.2 | E25: 0.3 | F25: 0.3 | J25: =+D25*E25*F25 -> 3.798 | M25: =3.8*8 -> 30.4
A26: 1.3 | B26: Excavación mecanica para explanación a todo factor | J26: =SUM(J27) -> 5 | M26: =4*2 -> 8
A27: 1.3.1 | B27: =+B26 -> Excavación mecanica para explanación a todo factor | C27: m3 | D27: 5 | E27: 0.2 | F27: 5 | J27: =+F27*E27*D27 -> 5 | M27: =+M26+M25+M24 -> 38.4 | N27: =+M27*2 -> 76.8
A28: 1.4 | B28: Relleno con recebo compactado | J28: =SUM(J29:J39) -> 107.15595 | P28: =36.2-5 -> 31.2 | Q28: =1.2*14 -> 16.8
A29: 1.3.2 | J29: =+F29*E29*D29 -> 0
A30: 1.4.1 | B30: Relleno zapatas | C30: m3 | D30: 2.5 | E30: 2.5 | F30: 0.65 | G30: =+G18 -> 4 | J30: =+F30*E30*D30*G30 -> 16.25
A31: 1.4.2 | B31: Relleno zapatas | C31: m3 | D31: 2.4 | E31: 2.4 | F31: 0.65 | G31: 4 | J31: =+F31*E31*D31*G31 -> 14.976
A32: 1.4.3 | B32: Relleno zapatas | C32: m3 | D32: 2.3 | E32: 2.3 | F32: 0.65 | G32: 4 | J32: =+F32*E32*D32*G32 -> 13.754
A33: 1.4.4 | B33: Relleno Viga para estructura | C33: =+C30 -> m3 | D33: =+D21 -> 38.4 | E33: 0.05 | F33: 0.05 | J33: =+F33*E33*D33 -> 0.096
A34: 1.4.5 | B34: relleno cunetas | C34: m3 | D34: 54.1 | E34: 0.5 | F34: 0.1 | J34: =+D34*E34*F34 -> 2.705 | Q34: =0.0256*6 -> 0.1536
A35: 1.4.6 | B35: Relleno cajas de inspección | C35: m3 | D35: 1 | E35: 1 | F35: 0.2 | G35: 2 | J35: =+D35*E35*F35*G35 -> 0.4
A36: 1.4.7 | B36: Relleno Para tubería aguas lluvias | C36: m3 | D36: =+D24 -> 36.7 | E36: 0.4 | F36: 0.44 | J36: =+D36*E36*F36 -> 6.4592
A37: 1.4.8 | B37: relleno andenes perimetrales | C37: =+C36 -> m3 | D37: =27*2 -> 54 | E37: 1 | F37: 0.1 | J37: =+D37*E37*F37 -> 5.4
A38: 1.4.9 | B38: relleno cerramiento | C38: =+C37 -> m3 | D38: 42.2 | E38: =+E25 -> 0.3 | F38: 0.1 | J38: =+D38*E38*F38 -> 1.266
A39: 1.4.10 | B39: relleno plca poli | C39: =+C38 -> m3 | D39: 27.05 | E39: 16.95 | F39: 0.1 | J39: =+D39*E39*F39 -> 45.84975
A40: 1.5 | B40: Demolición de piso en concreto. Incluye: Retiro | J40: =SUM(J41:J41) -> 402.0016
A41: 1.5.2 | B41: Demolición placa de juegos existente cimentacion | C41: m2 | D41: 27.61 | E41: 14.56 | J41: =+D41*E41 -> 402.0016
A42: 1.6 | B42: Desmonte de malla eslabonada | J42: =SUM(J43:J44) -> 60.786
A43: 1.6.1 | B43: =+B42 -> Desmonte de malla eslabonada | C43: m2 | D43: 27.63 | E43: 2.2 | J43: =+D43*E43 -> 60.786
A45: 1.7 | B45: Retiro de postes existentes, incluye demolición y retiro de cimentación, acometida, lamparas, crucetas y demás elementos | J45: =SUM(J46) -> 2
A46: 1.7.1 | B46: Retiro de postes existentes, incluye demolición y retiro de cimentación, acometida, lamparas, crucetas y demás elementos | C46: Und | G46: 2 | J46: =+G46 -> 2
A47: 2. ESTRUCTURA EN CONCRETO | P47: 62000 | S47: 16
A48: 2.1 | B48: Viga de cimiento de 0.40*0.40 m, en concreto de 3000 PSI | J48: =+J49 -> 6.144 | P48: =+P47/16 -> 3875 | S48: 26
A49: 2.1.1 | B49: Viga de cimiento de 0.40*0.40 m. | C49: m2 | D49: =+D33 -> 38.4 | E49: 0.4 | F49: 0.4 | J49: =+D49*E49*F49 -> 6.144 | L49: =5.28+(5.15*4)+4.83 -> 30.71 | N49: =4.5*12 -> 54 | P49: =4.9*6 -> 29.4
A50: 2.2 | B50: Piso en concreto de 3000 PSI, e=0.10 mts incluye malla electrosoldada | J50: =SUM(J51:J53) -> 510.9775 | L50: =+L49*2 -> 61.42 | O50: 759.6 | R50: =+P54*14 -> 154 | S50: =9*14 -> 126
A51: 2.2.1 | B51: placa de piso polideportivo | C51: m2 | D51: 27.05 | E51: 16.95 | G51: 1 | J51: =+E51*D51*G51 -> 458.4975 | Q51: =4.5*12 -> 54
A52: 2.2.2 | B52: circulacion | C52: =+C51 -> m2 | D52: =+D51 -> 27.05 | E52: 2 | J52: =+E52*D52 -> 54.1
B53: descuento | C53: =+C52 -> m2 | D53: 0.3 | E53: 0.45 | G53: -12 | J53: =+E53*D53*G53 -> -1.62
A54: 2.3 | B54: Concreto Zapatas de 3000 PSI | J54: =+J55+J56+J57 -> 27.68 | O54: =1.4/0.15 -> 9.3333333 | P54: 11 | Q54: =+P54*1.8 -> 19.8 | R54: =+#REF!*14 -> #REF! | S54: =+R54*1 -> #REF!
A55: 2.3.1 | B55: Concreto Zapatas de 3000 PSI | C55: m3 | D55: 2.5 | E55: 2.5 | F55: 0.4 | G55: 4 | J55: =+F55*E55*D55*G55 -> 10
A56: 2.3.2 | B56: Concreto Zapatas de 3000 PSI | C56: m3 | D56: 2.4 | E56: 2.4 | F56: 0.4 | G56: 4 | J56: =+F56*E56*D56*G56 -> 9.216
A57: 2.3.3 | B57: Concreto Zapatas de 3000 PSI | C57: m3 | D57: 2.3 | E57: 2.3 | F57: 0.4 | G57: 4 | J57: =+F57*E57*D57*G57 -> 8.464
A58: 2.4 | B58: Columna de 0.35*0,40 cms, en concreto de 3000 PSI | J58: =+J59 -> 7.896
A59: 2.4.1 | B59: =+B58 -> Columna de 0.35*0,40 cms, en concreto de 3000 PSI | C59: m3 | D59: 4.7 | E59: 0.35 | F59: 0.4 | G59: 12 | J59: =+G59*F59*E59*D59 -> 7.896 | M59: =5.28+(4.75*4)+4.83 -> 29.11
A60: 2.5 | B60: Viga de amarre Intermedia de 0.30*0.40 cms, en concreto de 3000 PSI | J60: =+J61+J62 -> 7.032 | M60: =+M59*2 -> 58.22 | O60: =4.5*12 -> 54 | Q60: =+#REF!*14 -> #REF!
A61: 2.5.1 | B61: =+B60 -> Viga de amarre Intermedia de 0.30*0.40 cms, en concreto de 3000 PSI | C61: =+C55 -> m3 | D61: 28.3 | E61: 0.3 | F61: 0.4 | G61: 2 | J61: =+G61*F61*E61*D61 -> 6.792 | M61: =4.9*12 -> 58.8 | O61: =+O65-K65 -> 365.03197
A62: 2.5.2 | B62: =+B61 -> Viga de amarre Intermedia de 0.30*0.40 cms, en concreto de 3000 PSI | C62: =+C61 -> m3 | D62: 0.5 | E62: 0.3 | F62: 0.4 | G62: 4 | J62: =+G62*F62*E62*D62 -> 0.24 | M62: =0.35*12 -> 4.2
A63: 2,6 | B63: Cuneta A LL. en concreto de 3000 psi a=0.50 y e=0,10 | J63: =+J64 -> 54.1 | M63: =+M62+M61 -> 63 | O63: =16*14 -> 224
A64: 2,6,1 | B64: =+B63 -> Cuneta A LL. en concreto de 3000 psi a=0.50 y e=0,10 | C64: ml | D64: =+D34 -> 54.1 | J64: =+D64 -> 54.1
A65: 2,7 | B65: Acero de refuerzo 60.000 y 37.000 PSI | K65: =SUM(K66:K106) -> 7300.6395 | O65: =+K65*1.05 -> 7665.6715 | P65: =SUM(K66:K105) -> 7300.6395
A66: 2,7,1 | B66: Acero de refuerzo zapatas 2,30 | C66: kg | D66: =2.65 -> 2.65 | G66: =44*4 -> 176 | H66: 5 | I66: 1.552 | J66: =+G66*D66 -> 466.4 | K66: =ROUND(J66*I66,2) -> 723.85 | L66: AJUSTAR LOS PESOS DE CADA VARILLA
A67: 2,7,2 | B67: Acero de refuerzo zapatas 2,40 | C67: =+C66 -> kg | D67: 2.75 | G67: =48*4 -> 192 | H67: 5 | I67: =+I66 -> 1.552 | J67: =+G67*D67 -> 528 | K67: =ROUND(J67*I67,2) -> 819.46
A68: 2,7,3 | B68: Acero de refuerzo zapatas 2,50 | C68: =+C67 -> kg | D68: 2.85 | G68: =60*4 -> 240 | H68: 5 | I68: =+I67 -> 1.552 | J68: =+G68*D68 -> 684 | K68: =ROUND(J68*I68,2) -> 1061.57
A69: 2,7,4 | B69: Acero de refuerzo Viga de cimentación | C69: =+C66 -> kg | D69: =5+6+6+6+7.25 -> 30.25 | G69: 8 | H69: 5 | I69: =+I68 -> 1.552 | J69: =+G69*D69 -> 242 | K69: =ROUND(J69*I69,2) -> 375.58 | Q69: =16*14 -> 224 | S69: =1.5/0.2 -> 7.5
A70: 2,7,5 | B70: Acero Flejes Viga de cimentación | C70: =+C69 -> kg | D70: 1.4 | G70: =+((35*4)+36)*2 -> 352 | H70: 3 | I70: 0.56 | J70: =+G70*D70 -> 492.8 | K70: =ROUND(J70*I70,2) -> 275.97
A71: 2,7,6 | B71: Acero de refuerzo columna a3, a4, b3, b4 | C71: =+C70 -> kg | D71: 5.9 | G71: =4*4 -> 16 | H71: 6 | I71: 2.235 | J71: =+G71*D71 -> 94.4 | K71: =ROUND(J71*I71,2) -> 210.98 | L71: =ROUND(K71*J71,2) -> 19916.51
A72: 2,7,7 | B72: Acero de refuerzo columna a3, a4, b3, b4 | C72: =+C71 -> kg | D72: 5.8 | G72: =6*4 -> 24 | H72: 4 | I72: 0.994 | J72: =+G72*D72 -> 139.2 | K72: =ROUND(J72*I72,2) -> 138.36
A73: 2,7,8 | B73: fleje a3, a4, b3,b4 | C73: =+C72 -> kg | D73: 1.31 | G73: =79*4 -> 316 | H73: 3 | I73: =+I70 -> 0.56 | J73: =+G73*D73 -> 413.96 | K73: =ROUND(J73*I73,2) -> 231.82
A74: 2,7,9 | B74: fleje a3, a4, b3,b4 | C74: =+C73 -> kg | D74: 0.49 | G74: =+G73 -> 316 | H74: 3 | I74: =+I73 -> 0.56 | J74: =+G74*D74 -> 154.84 | K74: =ROUND(J74*I74,2) -> 86.71
A75: 2,7,10 | B75: fleje a3, a4, b3,b4 | C75: =+C72 -> kg | D75: 0.44 | G75: =+G74 -> 316 | H75: 3 | I75: =+I74 -> 0.56 | J75: =+G75*D75 -> 139.04 | K75: =ROUND(J75*I75,2) -> 77.86
A76: 2,7,11 | B76: fleje a3, a4, b3,b4 | C76: =+C75 -> kg | D76: 1.2 | G76: =10*4 -> 40 | H76: =+H75 -> 3 | I76: =+I75 -> 0.56 | J76: =+G76*D76 -> 48 | K76: =ROUND(J76*I76,2) -> 26.88
A77: 2,7,12 | B77: fleje a3, a4, b3,b4 | C77: =+C76 -> kg | D77: 0.46 | G77: =10*4 -> 40 | H77: =+H76 -> 3 | I77: =+I76 -> 0.56 | J77: =+G77*D77 -> 18.4 | K77: =ROUND(J77*I77,2) -> 10.3
A78: 2,7,13 | B78: Acero de refuerzo columna a1, a2, b1, b2 | C78: =+C72 -> kg | D78: 5.9 | G78: =4*4 -> 16 | H78: 6 | I78: =+I71 -> 2.235 | J78: =+G78*D78 -> 94.4 | K78: =ROUND(J78*I78,2) -> 210.98
A79: 2,7,14 | B79: Acero de refuerzo columna a1, a2, b1, b2 | C79: =+C78 -> kg | D79: 5.8 | G79: =2*4 -> 8 | H79: 4 | I79: =+I72 -> 0.994 | J79: =+G79*D79 -> 46.4 | K79: =ROUND(J79*I79,2) -> 46.12
A80: 2,7,15 | B80: Acero de refuerzo columna a1, a2, b1, b2 | C80: =+C79 -> kg | D80: 5.85 | G80: =2*4 -> 8 | H80: 5 | I80: =+I69 -> 1.552 | J80: =+G80*D80 -> 46.8 | K80: =ROUND(J80*I80,2) -> 72.63
A81: 2,7,16 | B81: fleje a1, a2, b1,b2 | C81: =+C80 -> kg | D81: =+D73 -> 1.31 | G81: =+(14+49+22)*4 -> 340 | H81: =+H74 -> 3 | I81: =+I75 -> 0.56 | J81: =+G81*D81 -> 445.4 | K81: =ROUND(J81*I81,2) -> 249.42 | L81: =36+49 -> 85
A82: 2,7,17 | B82: fleje a1, a2, b1,b2 | C82: =+C81 -> kg | D82: =+D74 -> 0.49 | G82: =+G81 -> 340 | H82: =+H75 -> 3 | I82: =+I81 -> 0.56 | J82: =+G82*D82 -> 166.6 | K82: =ROUND(J82*I82,2) -> 93.3
A83: 2,7,18 | B83: fleje a1, a2, b1,b2 | C83: =+C82 -> kg | D83: =+D75 -> 0.44 | G83: =+G82 -> 340 | H83: =+H82 -> 3 | I83: =+I82 -> 0.56 | J83: =+G83*D83 -> 149.6 | K83: =ROUND(J83*I83,2) -> 83.78
A84: 2,7,19 | B84: fleje a1, a2, b1,b2 | C84: =+C83 -> kg | D84: 1.18 | G84: =10*4 -> 40 | H84: =+H83 -> 3 | I84: =+I83 -> 0.56 | J84: =+G84*D84 -> 47.2 | K84: =ROUND(J84*I84,2) -> 26.43
A85: 2,7,20 | B85: fleje a1, a2, b1,b2 | C85: =+C84 -> kg | D85: 0.46 | G85: =+G84 -> 40 | H85: =+H84 -> 3 | I85: =+I84 -> 0.56 | J85: =+G85*D85 -> 18.4 | K85: =ROUND(J85*I85,2) -> 10.3
A86: 2,7,21 | B86: fleje a1, a2, b1,b2 | C86: =+C85 -> kg | D86: 0.41 | G86: =+G85 -> 40 | H86: =+H85 -> 3 | I86: =+I85 -> 0.56 | J86: =+G86*D86 -> 16.4 | K86: =ROUND(J86*I86,2) -> 9.18
A87: 2,7,22 | B87: Acero de refuerzo columna a5, b5 | C87: =+C86 -> kg | D87: 5.9 | G87: =6*2 -> 12 | H87: 6 | I87: =+I78 -> 2.235 | J87: =+G87*D87 -> 70.8 | K87: =ROUND(J87*I87,2) -> 158.24
A88: 2,7,23 | B88: Acero de refuerzo columna a5, b5 | C88: =+C87 -> kg | D88: 5.8 | G88: =2*2 -> 4 | H88: 4 | I88: =+I79 -> 0.994 | J88: =+G88*D88 -> 23.2 | K88: =ROUND(J88*I88,2) -> 23.06
A89: 2,7,24 | B89: fleje a5, b5 | C89: =+C88 -> kg | D89: 1.31 | G89: =+(14+49+22)*2 -> 170 | H89: 3 | I89: 0.56 | J89: =+G89*D89 -> 222.7 | K89: =ROUND(J89*I89,2) -> 124.71 | L89: =0.6/0.06 -> 10
A90: 2,7,25 | B90: fleje a5, b5 | C90: =+C89 -> kg | D90: 0.5 | G90: =+G89 -> 170 | H90: 3 | I90: 0.56 | J90: =+G90*D90 -> 85 | K90: =ROUND(J90*I90,2) -> 47.6
A91: 2,7,26 | B91: fleje a5, b5 | C91: =+C90 -> kg | D91: 0.44 | G91: =+G90 -> 170 | H91: =+H90 -> 3 | I91: 0.56 | J91: =+G91*D91 -> 74.8 | K91: =ROUND(J91*I91,2) -> 41.89
A92: 2,7,27 | B92: fleje a5, b5 | C92: =+C91 -> kg | D92: 1.16 | G92: =10*2 -> 20 | H92: =+H91 -> 3 | I92: 0.56 | J92: =+G92*D92 -> 23.2 | K92: =ROUND(J92*I92,2) -> 12.99
A93: 2,7,28 | B93: fleje a5, b5 | C93: =+C92 -> kg | D93: 0.46 | G93: =+G92 -> 20 | H93: =+H92 -> 3 | I93: 0.56 | J93: =+G93*D93 -> 9.2 | K93: =ROUND(J93*I93,2) -> 5.15
A94: 2,7,29 | B94: fleje a5, b5 | C94: =+C93 -> kg | D94: 0.4 | G94: =+G93 -> 20 | H94: =+H93 -> 3 | I94: 0.56 | J94: =+G94*D94 -> 8 | K94: =ROUND(J94*I94,2) -> 4.48
A95: 2,7,30 | B95: Acero de refuerzo columna a6, b6 | C95: =+C94 -> kg | D95: 5.9 | G95: =4*2 -> 8 | H95: 6 | I95: =+I87 -> 2.235 | J95: =+G95*D95 -> 47.2 | K95: =ROUND(J95*I95,2) -> 105.49
A96: 2,7,31 | B96: Acero de refuerzo columna a6, b6 | C96: =+C95 -> kg | D96: 5.8 | G96: =4*2 -> 8 | H96: 4 | I96: =+I88 -> 0.994 | J96: =+G96*D96 -> 46.4 | K96: =ROUND(J96*I96,2) -> 46.12
A97: 2,7,32 | B97: Acero de refuerzo columna a6, b6 | C97: =+C96 -> kg | D97: 5.85 | G97: =2*2 -> 4 | H97: 5 | I97: =+I80 -> 1.552 | J97: =+G97*D97 -> 23.4 | K97: =ROUND(J97*I97,2) -> 36.32
A98: 2,7,33 | B98: fleje a6, b6 | C98: =+C96 -> kg | D98: 1.31 | G98: =79*2 -> 158 | H98: 3 | I98: 0.56 | J98: =+G98*D98 -> 206.98 | K98: =ROUND(J98*I98,2) -> 115.91
A99: 2,7,34 | B99: fleje a6, b6 | C99: =+C98 -> kg | D99: 0.49 | G99: =+G98 -> 158 | H99: 3 | I99: 0.56 | J99: =+G99*D99 -> 77.42 | K99: =ROUND(J99*I99,2) -> 43.36
A100: 2,7,35 | B100: fleje a6, b6 | C100: =+C99 -> kg | D100: 0.44 | G100: =+G99 -> 158 | H100: =+H99 -> 3 | I100: 0.56 | J100: =+G100*D100 -> 69.52 | K100: =ROUND(J100*I100,2) -> 38.93
A101: 2,7,36 | B101: fleje a6, b6 | C101: =+C100 -> kg | D101: 1.18 | G101: =10*2 -> 20 | H101: =+H100 -> 3 | I101: 0.56 | J101: =+G101*D101 -> 23.6 | K101: =ROUND(J101*I101,2) -> 13.22 | L101: =0.22+0.32+0.1 -> 0.64
A102: 2,7,37 | B102: fleje a6, b6 | C102: =+C101 -> kg | D102: 0.46 | G102: =+G101 -> 20 | H102: =+H101 -> 3 | I102: 0.56 | J102: =+G102*D102 -> 9.2 | K102: =ROUND(J102*I102,2) -> 5.15 | L102: =+L101*2 -> 1.28
A103: 2,7,38 | B103: Acero de refuerzo Viga Superior | C103: =+C102 -> kg | D103: =6+6+6.25+6.25+8.45 -> 32.95 | G103: 12 | H103: 5 | I103: =+I97 -> 1.552 | J103: =+G103*D103 -> 395.4 | K103: =ROUND(J103*I103,2) -> 613.66 | L103: =1.9/0.08 -> 23.75
A104: 2,7,39 | B104: Acero Flejes Viga Superior | C104: =+C103 -> kg | D104: 1.28 | G104: =471*2 -> 942 | H104: 3 | I104: 0.56 | J104: =+G104*D104 -> 1205.76 | K104: =ROUND(J104*I104,2) -> 675.23 | L104: =2.3/0.2 -> 11.5 | P104: =35/0.15 -> 233.33333
...

Sheet CRONOGRAMA DE FLUJO
A2: MUNICIPIO DE OPORAPA
A3: CONSTRUCCION, ADECUACION Y MEJORAMIENTO DEL POLIDEPORTIVO EN LA VEREDA EL CARMEN AREA RURAL DEL MUNICIPIO DE OPORAPA HUILA
D5: MUNICIPIO : | N5: OPORAPA
D6: LUGAR : | N6: EL CARMEN
D7: FECHA : | N7: FEBRERO DE 2026
A8: ÍTEM | B8: DESCRIPCIÓN | C8: V/PARCIAL | D8: PARTICIPACION | E8: DURACION | F8: ETAPA PRECONTRACTUAL | N8: SEMANAS (MILES DE PESOS) | AD8: ETAPA DE LIQUIDACIÓN
E9: semanas | F9: 1 | G9: 2 | H9: 3 | I9: 4 | J9: 5 | K9: 6 | L9: 7 | M9: 8 | N9: 9 | O9: 10 | P9: 11 | Q9: 12 | R9: 13 | S9: 14 | T9: 15 | U9: 16 | V9: 17 | W9: 18 | X9: 19 | Y9: 20 | Z9: 21 | AA9: 22 | AB9: 23 | AC9: 24 | AD9: 26 | AE9: 27 | AF9: 28 | AG9: 29
A10: A | B10: ETAPA PRECONTRACTUAL | E10: 8
E11: FLUJO
A12: 1 | B12: PRELIMINARES | C12: =+C14+C16+C18+C20+C22+C24+C26 -> 51343079 | D12: =+C12/$C$119 -> 0.085625706 | E12: 3
E13: FLUJO | N13: =+N15+N17+N21+N23 -> 27408.645 | O13: =+O19+O17+O23+O25 -> 21455.999 | P13: =+P27 -> 2478.436
A14: 1.1 | B14: =+'Presupuesto INDERHUILA'!B14 -> Localización y replanteo | C14: =+'Presupuesto INDERHUILA'!F14 -> 1551650 | D14: =+C14/$C$119 -> 0.0025877125 | E14: 1
E15: FLUJO | N15: =+$C14/($E14*1000) -> 1551.65
A16: 1.2 | B16: =+'Presupuesto INDERHUILA'!B15 -> Excavación manual en material común con retiro de sobrantes. | C16: =+'Presupuesto INDERHUILA'!F15 -> 11990321 | D16: =+C16/$C$119 -> 0.019996458 | E16: 2
E17: FLUJO | N17: =+$C16/($E16*1000) -> 5995.1605 | O17: =+$C16/($E16*1000) -> 5995.1605
A18: 1.3 | B18: =+'Presupuesto INDERHUILA'!B16 -> Excavación mecanica para explanación a todo factor. Incluye Retiro | C18: =+'Presupuesto INDERHUILA'!F16 -> 7248472 | D18: =+C18/$C$119 -> 0.012088397 | E18: 1
E19: FLUJO | O19: =+$C18/($E18*1000) -> 7248.472
A20: 1.4 | B20: =+'Presupuesto INDERHUILA'!B17 -> Relleno en recebo compactado PM 95% | C20: =+'Presupuesto INDERHUILA'!F17 -> 13303807 | D20: =+C20/$C$119 -> 0.02218698 | E20: 1
E21: FLUJO | N21: =+$C20/($E20*1000) -> 13303.807
A22: 1.5 | B22: =+'Presupuesto INDERHUILA'!B18 -> Demolición de piso en concreto. Incluye Retiro | C22: =+'Presupuesto INDERHUILA'!F18 -> 13116054 | D22: =+C22/$C$119 -> 0.021873861 | E22: 2
E23: FLUJO | N23: =+$C22/($E22*1000) -> 6558.027 | O23: =+$C22/($E22*1000) -> 6558.027
A24: 1.6 | B24: =+'Presupuesto INDERHUILA'!B19 -> Desmonte de malla eslabonada | C24: =+'Presupuesto INDERHUILA'!F19 -> 1654339 | D24: =+C24/$C$119 -> 0.0027589686 | E24: 1
E25: FLUJO | O25: =+$C24/($E24*1000) -> 1654.339
A26: 1.7 | B26: =+'Presupuesto INDERHUILA'!B20 -> Retiro de postes existentes, incluye demolición y retiro de cimentación, acometida, lamparas, crucetas y demás elementos | C26: =+'Presupuesto INDERHUILA'!F20 -> 2478436 | D26: =+C26/$C$119 -> 0.0041333289 | E26: 1
E27: FLUJO | P27: =+$C26/($E26*1000) -> 2478.436
A28: 2 | B28: CONSTRUCCIÓN DE ESTRUCTURA EN CONCRETO | C28: =+C30+C32+C34+C36+C38+C40+C42+C44+C46+C48+C50 -> 231335130 | D28: =+C28/$C$119 -> 0.38580144 | E28: 8
E29: FLUJO | P29: =+SUM(P30:P51) -> 26820.337 | Q29: =+SUM(Q30:Q51) -> 30737.948 | R29: =+SUM(R30:R51) -> 45682.669 | S29: =+SUM(S30:S51) -> 51380.556 | T29: =+SUM(T30:T51) -> 42886.434 | U29: =+SUM(U30:U51) -> 11275.729 | V29: =+SUM(V30:V51) -> 11275.729 | W29: =+SUM(W30:W51) -> 11275.729
A30: 2.1 | B30: =+'Presupuesto INDERHUILA'!B22 -> Viga de cimiento en concreto de 3000 PSI | C30: =+'Presupuesto INDERHUILA'!F22 -> 8834195 | D30: =+C30/$C$119 -> 0.014732934 | E30: 3
E31: FLUJO | P31: =+$C30/($E30*1000) -> 2944.7317 | Q31: =+$C30/($E30*1000) -> 2944.7317 | R31: =+$C30/($E30*1000) -> 2944.7317
A32: 2.2 | B32: =+'Presupuesto INDERHUILA'!B23 -> Placa en concreto de 3000 PSI, e=0.10 mts incluye malla electrosoldada 6mm; Huecos 15x15 cm | C32: =+'Presupuesto INDERHUILA'!F23 -> 75084423 | D32: =+C32/$C$119 -> 0.12521954 | E32: 3
E33: FLUJO | R33: =+$C32/($E32*1000) -> 25028.141 | S33: =+$C32/($E32*1000) -> 25028.141 | T33: =+$C32/($E32*1000) -> 25028.141
A34: 2.3 | B34: =+'Presupuesto INDERHUILA'!B24 -> Concreto Zapatas de 3000 PSI | C34: =+'Presupuesto INDERHUILA'!F24 -> 26380203 | D34: =+C34/$C$119 -> 0.043994703 | E34: 2
E35: FLUJO | P35: =+$C34/($E34*1000) -> 13190.102 | Q35: =+$C34/($E34*1000) -> 13190.102
A36: 2.4 | B36: =+'Presupuesto INDERHUILA'!B25 -> Columna en concreto de 3000 PSI | C36: =+'Presupuesto INDERHUILA'!F25 -> 11752834 | D36: =+C36/$C$119 -> 0.019600397 | E36: 3
E37: FLUJO | Q37: =+$C36/($E36*1000) -> 3917.6113 | R37: =+$C36/($E36*1000) -> 3917.6113 | S37: =+$C36/($E36*1000) -> 3917.6113
A38: 2.5 | B38: =+'Presupuesto INDERHUILA'!B26 -> Viga aerea en concreto de 3000 PSI | C38: =+'Presupuesto INDERHUILA'!F26 -> 10300274 | D38: =+C38/$C$119 -> 0.017177938 | E38: 5
E39: FLUJO | S39: =+$C38/($E38*1000) -> 2060.0548 | T39: =+$C38/($E38*1000) -> 2060.0548 | U39: =+$C38/($E38*1000) -> 2060.0548 | V39: =+$C38/($E38*1000) -> 2060.0548 | W39: =+$C38/($E38*1000) -> 2060.0548
A40: 2.6 | B40: =+'Presupuesto INDERHUILA'!B27 -> Cuneta A. LL. en concreto de 3000 psi a= 0.50 mt. Incluye: tapa en madera plástica | C40: =+'Presupuesto INDERHUILA'!F27 -> 12277263 | D40: =+C40/$C$119 -> 0.020474995 | E40: 2
E41: FLUJO | S41: =+$C40/($E40*1000) -> 6138.6315 | T41: =+$C40/($E40*1000) -> 6138.6315
A42: 2.7 | B42: =+'Presupuesto INDERHUILA'!B28 -> Acero de refuerzo 60.000 PSI | C42: =+'Presupuesto INDERHUILA'!F28 -> 73725391 | D42: =+C42/$C$119 -> 0.12295306 | E42: 8
E43: FLUJO | P43: =+$C42/($E42*1000) -> 9215.6739 | Q43: =+$C42/($E42*1000) -> 9215.6739 | R43: =+$C42/($E42*1000) -> 9215.6739 | S43: =+$C42/($E42*1000) -> 9215.6739 | T43: =+$C42/($E42*1000) -> 9215.6739 | U43: =+$C42/($E42*1000) -> 9215.6739 | V43: =+$C42/($E42*1000) -> 9215.6739 | W43: =+$C42/($E42*1000) -> 9215.6739
A44: 2.8 | B44: =+'Presupuesto INDERHUILA'!B29 -> Caja de inspección de 0,80*0,80 m en concreto de 3000 PSI para sistema de agua lluvias | C44: =+'Presupuesto INDERHUILA'!F29 -> 887866 | D44: =+C44/$C$119 -> 0.0014807089 | E44: 2
E45: FLUJO | S45: =+$C44/($E44*1000) -> 443.933 | T45: =+$C44/($E44*1000) -> 443.933
A46: 2.9 | B46: =+'Presupuesto INDERHUILA'!B30 -> Concreto pobre de 2000 PSI para limpieza | C46: =+'Presupuesto INDERHUILA'!F30 -> 5879319 | D46: =+C46/$C$119 -> 0.009805038 | E46: 4
E47: FLUJO | P47: =+$C46/($E46*1000) -> 1469.8298 | Q47: =+$C46/($E46*1000) -> 1469.8298 | R47: =+$C46/($E46*1000) -> 1469.8298 | S47: =+$C46/($E46*1000) -> 1469.8298
A48: 2.1 | B48: =+'Presupuesto INDERHUILA'!B31 -> Concreto ciclópeo, 60% en concreto de 2500 PSI, y 40% en piedra, para cerramiento | C48: =+'Presupuesto INDERHUILA'!F31 -> 2837329 | D48: =+C48/$C$119 -> 0.0047318607 | E48: 2
E49: FLUJO | R49: =+$C48/($E48*1000) -> 1418.6645 | S49: =+$C48/($E48*1000) -> 1418.6645
A50: 2.11 | B50: =+'Presupuesto INDERHUILA'!B32 -> Suministro e instalación de tuberia PVC de 6" sanitaria incluye accesorios. | C50: =+'Presupuesto INDERHUILA'!F32 -> 3376033 | D50: =+C50/$C$119 -> 0.0056302663 | E50: 2
E51: FLUJO | R51: =+$C50/($E50*1000) -> 1688.0165 | S51: =+$C50/($E50*1000) -> 1688.0165
A52: 3 | B52: CONSTRUCCIÓN DE CUBIERTA | C52: =+SUM(C54:C63) -> 246370579 | D52: =+C52/$C$119 -> 0.41087631 | E52: 7
S53: =+SUM(S54:S65) -> 1191.3893 | T53: =+SUM(T54:T65) -> 1191.3893 | U53: =+SUM(U54:U65) -> 20281.173 | V53: =+SUM(V54:V65) -> 19089.784 | W53: =+SUM(W54:W65) -> 75195.614 | X53: =+SUM(X54:X65) -> 64710.615 | Y53: =+SUM(Y54:Y65) -> 64710.615
A54: 3.1 | B54: =+'Presupuesto INDERHUILA'!B34 -> Suministro, fabricación e instalación de cubierta auto portante elaborada en sitio, con lamina de acero, color blanco almendra, calibre 22 galvanizado, prepintado y en grado 40, flecha al 20% con respecto al ancho a cubrir, tipo membrana (Sistema modular con secciones únicas y sin traslapo a lo ancho, unidas entre sí por medio de grafado mecánico). para placa de polideportivo. | C54: =+'Presupuesto INDERHUILA'!F34 -> 168317491 | D54: =+C54/$C$119 -> 0.28070588 | E54: 3
E55: FLUJO | W55: =+$C54/($E54*1000) -> 56105.83 | X55: =+$C54/($E54*1000) -> 56105.83 | Y55: =+$C54/($E54*1000) -> 56105.83
A56: 3.2 | B56: =+'Presupuesto INDERHUILA'!B35 -> Suministro e instalación de anclajes de canalón, compuesto por platina metálica de 30x45 e-3/8 ángulo de fijación a canal de 4"x1/4" L=0,25 m, 4 pernos de anclaje de 01/2 long= 0,10m, según diseño. | C56: =+'Presupuesto INDERHUILA'!F35 -> 3574168 | D56: =+C56/$C$119 -> 0.0059606994 | E56: 3
E57: FLUJO | S57: =+$C56/($E56*1000) -> 1191.3893 | T57: =+$C56/($E56*1000) -> 1191.3893 | U57: =+$C56/($E56*1000) -> 1191.3893
A58: 3.3 | B58: =+'Presupuesto INDERHUILA'!B36 -> Suministro e Instalación de canalón metálico de acero estructural con 3/16" de espesor (según diseño), una mano de pintura 3 en 1. | C58: =+'Presupuesto INDERHUILA'!F36 -> 36089925 | D58: =+C58/$C$119 -> 0.060187768 | E58: 3
E59: FLUJO | U59: =+$C58/($E58*1000) -> 12029.975 | V59: =+$C58/($E58*1000) -> 12029.975 | W59: =+$C58/($E58*1000) -> 12029.975
A60: 3.4 | B60: =+'Presupuesto INDERHUILA'!B37 -> Bajante aguas lluvias en PVC 4" incluye: Accesorios | C60: =+'Presupuesto INDERHUILA'!F37 -> 3089952 | D60: =+C60/$C$119 -> 0.0051531643 | E60: 2
E61: FLUJO | X61: =+$C60/($E60*1000) -> 1544.976 | Y61: =+$C60/($E60*1000) -> 1544.976
A62: 3.5 | B62: =+'Presupuesto INDERHUILA'!B38 -> Cerramiento en malla eslabonada Calibre 10 con rombos de 2" , ángulo de 3/16"X1/4" y tubo galvanizado de 2" h= 3.0m, antepecho en ladrillo a la vista de h=0.40m, pedestal en concreto de 3000 PSI de 0.20x0.20m, viga cinta de 0.10x0.12m y viga de cimiento de ,25x,25 incluye acero incluye acero 1/2 y estribos en 3/8" | C62: =+'Presupuesto INDERHUILA'!F38 -> 35299043 | D62: =+C62/$C$119 -> 0.0588688 | E62: 5
E63: FLUJO | U63: =+$C62/($E62*1000) -> 7059.8086 | V63: =+$C62/($E62*1000) -> 7059.8086 | W63: =+$C62/($E62*1000) -> 7059.8086 | X63: =+$C62/($E62*1000) -> 7059.8086 | Y63: =+$C62/($E62*1000) -> 7059.8086
A64: 4 | B64: =+'[3]PRESUPUESTO GENERAL'!B35 -> CONSTRUCCIÓN DE ILUMINACIÓN POLIDEPORTIVO | C64: =+C68+C70+C72+C74+C76+C78+C81+C83+C85+C87+C89+C91+C93+C95+C101+C103+C98 -> 43295023 | D64: =+C64/$C$119 -> 0.072203829
A66: 4.1 | B66: =+'[3]PRESUPUESTO GENERAL'!B36 -> ACOMETIDAS Y ALIMENTADORES EN BAJA TENSION | E66: 11
Q67: =+SUM(Q68:Q104) -> 2460.088 | R67: =+SUM(R68:R104) -> 2460.088 | S67: =+SUM(S68:S104) -> 1905.75 | T67: =+SUM(T68:T104) -> 1905.75 | U67: =+SUM(U68:U104) -> 1555.328 | V67: =+SUM(V68:V104) -> 1555.328 | W67: =+SUM(W68:W104) -> 1555.328 | X67: =+SUM(X68:X104) -> 3634.182 | ... AA67: =+SUM(AA68:AA104) -> 22751.628
A68: 4.1.1 | B68: =+'Presupuesto INDERHUILA'!B41 -> Suministro e instalación de circuito de iluminacion en 2#12+1#12T a instalar en tuberia EMT y/o PVC 3/4". Incluye tubería, accesorios y todo lo necesario para su correcto funcionamiento | C68: =+'Presupuesto INDERHUILA'!F41 -> 7623000 | D68: =+C68/$C$119 -> 0.012713004 | E68: 4
E69: FLUJO | Q69: =+$C68/($E68*1000) -> 1905.75 | R69: =+$C68/($E68*1000) -> 1905.75 | S69: =+$C68/($E68*1000) -> 1905.75 | T69: =+$C68/($E68*1000) -> 1905.75
A70: 4.1.2 | B70: =+'Presupuesto INDERHUILA'!B42 -> Suministro e instalación de salida para tomacorriente. Incluye tubería aparato y todo lo necesario para su cortecto funcionamiento. | C70: =+'Presupuesto INDERHUILA'!F42 -> 4665984 | D70: =+C70/$C$119 -> 0.007781539 | E70: 3
E71: FLUJO | U71: =+$C70/($E70*1000) -> 1555.328 | V71: =+$C70/($E70*1000) -> 1555.328 | W71: =+$C70/($E70*1000) -> 1555.328
A72: 4.1.3 | B72: =+'Presupuesto INDERHUILA'!B43 -> Suministro e instalación de camaras de inspeccion de 0,6x0,6 mts para sistema eléctrico en concreto de 2500 PSI | C72: =+'Presupuesto INDERHUILA'!F43 -> 620067 | D72: =+C72/$C$119 -> 0.001034096 | E72: 2
E73: FLUJO | Q73: =+$C72/($E72*1000) -> 310.0335 | R73: =+$C72/($E72*1000) -> 310.0335
A74: 4.1.4 | B74: =+'Presupuesto INDERHUILA'!B44 -> Suministro e instalación de camaras de inspeccion de 0,4x0,4 mts para sistema eléctrico en concreto de 2500 PSI | C74: =+'Presupuesto INDERHUILA'!F44 -> 488609 | D74: =+C74/$C$119 -> 0.00081486135 | E74: 2
E75: FLUJO | Q75: =+$C74/($E74*1000) -> 244.3045 | R75: =+$C74/($E74*1000) -> 244.3045
A76: 4.1.5 | B76: =+'Presupuesto INDERHUILA'!B45 -> Suministro e instalación de circuito alimentador en cable antifraude 2#6+1#6 AWG para tablero de distribución. Incluye tubería PVC DB 2", accesorios y todo lo necesario para su correcto funcionamiento. | C76: =+'Presupuesto INDERHUILA'!F45 -> 2289930 | D76: =+C76/$C$119 -> 0.0038189543 | E76: 1
E77: FLUJO | X77: =+$C76/($E76*1000) -> 2289.93
A78: 4.1.6 | B78: =+'Presupuesto INDERHUILA'!B46 -> Suministro e instalación de bajante de 2" IMC para acometida general en cable antifraude 2#6+1#6 AWG. | C78: =+'Presupuesto INDERHUILA'!F46 -> 1344252 | D78: =+C78/$C$119 -> 0.0022418314 | E78: 1
E79: FLUJO | X79: =+$C78/($E78*1000) -> 1344.252
A80: 4.2 | B80: APANTALLAMIENTO
A81: 4.2.1 | B81: =+'Presupuesto INDERHUILA'!B48 -> Suministro e instalación de punta captadora convencional ipo Frankin roscada a instalar en tuberia IMC 3/4% | C81: =+'Presupuesto INDERHUILA'!F48 -> 947730 | D81: =+C81/$C$119 -> 0.0015805451 | E81: 1
E82: FLUJO | Z82: =+$C81/($E81*1000) -> 947.73
A83: 4.2.2 | B83: =+'Presupuesto INDERHUILA'!B49 -> Suministro e instalación de tuberia IMC de 3/4" x 1.5m para soportar puntas Franklin. Incluye soportes y todo lo necesario para su correcto funcionamiento. | C83: =+'Presupuesto INDERHUILA'!F49 -> 1049580 | D83: =+C83/$C$119 -> 0.001750402 | E83: 1
E84: FLUJO | AA84: =+$C83/($E83*1000) -> 1049.58
A85: 4.2.3 | B85: =+'Presupuesto INDERHUILA'!B50 -> Suministro e instalación de alambron 8 mm a instalar en techo. | C85: =+'Presupuesto INDERHUILA'!F50 -> 1720334 | D85: =+C85/$C$119 -> 0.0028690296 | E85: 1
E86: FLUJO | AA86: =+$C85/($E85*1000) -> 1720.334
A87: 4.2.4 | B87: =+'Presupuesto INDERHUILA'!B51 -> Suministro e instalación de bajantes en cable de aluminio 1/0 AWG a instalar en tubería IMC 3/4". | C87: =+'Presupuesto INDERHUILA'!F51 -> 2301564 | D87: =+C87/$C$119 -> 0.0038383565 | E87: 1
E88: FLUJO | AA88: =+$C87/($E87*1000) -> 2301.564
A89: 4.2.5 | B89: =+'Presupuesto INDERHUILA'!B52 -> Suministro e instalación de electrodo de puesta a tierra tipo varilla copperweld de 5/8" x 2,4 m. | C89: =+'Presupuesto INDERHUILA'!F52 -> 1829880 | D89: =+C89/$C$119 -> 0.0030517213 | E89: 1
E90: FLUJO | AA90: =+$C89/($E89*1000) -> 1829.88
A91: 4.2.6 | B91: =+'Presupuesto INDERHUILA'!B53 -> Suministro e instalación de soldadura exotérmica de 90gr. | C91: =+'Presupuesto INDERHUILA'!F53 -> 370548 | D91: =+C91/$C$119 -> 0.00061796906 | E91: 1
E92: FLUJO | AA92: =+$C91/($E91*1000) -> 370.548
A93: 4.2.7 | B93: =+'Presupuesto INDERHUILA'!B54 -> Suministro e instalación de caja de inspección 30x30cm. | C93: =+'Presupuesto INDERHUILA'!F54 -> 2200962 | D93: =+C93/$C$119 -> 0.0036705809 | E93: 1
E94: FLUJO | AA94: =+$C93/($E93*1000) -> 2200.962
A95: 4.2.8 | B95: =+'Presupuesto INDERHUILA'!B55 -> Suministro e insta cable de cobre desnudo 2/0 AWG a enterrar directamente. | C95: =+'Presupuesto INDERHUILA'!F55 -> 7980840 | D95: =+C95/$C$119 -> 0.013309779 | E95: 1
E96: FLUJO | AA96: =+$C95/($E95*1000) -> 7980.84
A97: 4.3 | B97: ILUMINACION
A98: 4.3.1 | B98: =+'Presupuesto INDERHUILA'!B57 -> Proyector Led 200W-110/220V | C98: =+'Presupuesto INDERHUILA'!F57 -> 5297920 | D98: =+C98/$C$119 -> 0.0088354292 | E98: 1
E99: FLUJO | AA99: =+$C98/($E98*1000) -> 5297.92
A100: 4.4 | B100: TABLERO DE MEDIDA Y CONTROL
A101: 4.4.1 | B101: =+'Presupuesto INDERHUILA'!B59 -> Suministro e instalacion de caja para medidor. Incluye medidor bifasico y breaker | C101: =+'Presupuesto INDERHUILA'!F59 -> 907251 | D101: =+C101/$C$119 -> 0.0015130376 | E101: 2
E102: FLUJO | Y102: =+$C101/($E101*1000) -> 453.6255 | Z102: =+$C101/($E101*1000) -> 453.6255
A103: 4.4.2 | B103: =+'Presupuesto INDERHUILA'!B60 -> Suministro e instalacion de tablero de control de alumbrado. | C103: =+'Presupuesto INDERHUILA'!F60 -> 1656572 | D103: =+C103/$C$119 -> 0.0027626926 | E103: 2
...

Sheet APU1.1
A1: MUNICIPIO LUGAR FECHA Localización y replanteo UNIDAD: M2 I. EQUIPO | D1: ANALISIS DE PRECIOS UNITARIOS OPORAPA VDA EL CARMEN MAYO DE 2026 | J1: 1.1
A2: Descripción | B2: Tipo | C2: Tarifa/Dia | E2: Rendimiento | G2: Valor Unitario
A3: Herramienta Menor | B3: Unitario | E3: 0.03 | G3: =ROUND(+E3*G24,0) -> 39
A8: II. MATERIALES EN OBRA | G8: Sub-total | H8: =+G3 -> 39
A10: Descripcion | B10: Unidad | C10: Precio Unit. | E10: Cantidad | G10: Valor Unitario
A11: Puntilla 2" | B11: Lb | C11: =+'EST MERCADO'!H69 -> 5720 | E11: 0.05 | G11: =ROUND(C11*E11,0) -> 286
A12: Cerco madera ,05*,10“3,00 | B12: ML | C12: =+'EST MERCADO'!H33 -> 6600 | E12: 0.12 | G12: =ROUND(C12*E12,0) -> 792
A13: Pintura esmalte | B13: GI | C13: =+'EST MERCADO'!H62 -> 62240 | E13: 0.005 | G13: =ROUND(C13*E13,0) -> 311
A21: IV. MANO DE OBRA | G21: Sub-Total | H21: =ROUND(SUM(G11:G20),0) -> 1389
A23: Trabajador | B23: Jornal | C23: Jornal Total | E23: Rendimiento | G23: Valor Unitario
A24: =+'Mano de obra - Cargos'!C85 -> CUADRILLA TIPO II - (1 Of + 1 Ay) | B24: =+'Mano de obra - Cargos'!F92 -> 145908.75 | C24: =+'Mano de obra - Cargos'!J92 -> 258506.53 | E24: 200 | G24: =+C24/E24 -> 1292.5327
A28: Sub-total | H28: =ROUND(SUM(G24:G27),0) -> 1293
A29: TOTAL COSTO DIRECTO | H29: =SUM(H2:H28) -> 2721 | J29: 3141
A30: COSTOS INDIRECTOS
A31: ADMINISTRACION | G31: 0.24 | H31: =ROUND((G31*H29),0) -> 653
A32: IMPREVISTOS | G32: 0.01 | H32: =ROUND((G32*H29),0) -> 27
A33: UTILIDAD | G33: 0.05 | H33: =ROUND((G33*H29),0) -> 136
A34: PRECIO TOTAL UNITARIO | H34: =H33+H32+H31+H29 -> 3537
A37: JOSÉ DAVID VARGAS ARIAS INGENIERO CIVIL | F37: Vo.Bo. ALEJANDRO PARRA COLLAZOS SECRETARIO DE PLANEACION

Sheet APU1.2
A1: MUNICIPIO LUGAR FECHA Excavación manual en material común con retiro de sobrantes UNIDAD: M3 I. EQUIPO | D1: ANALISIS DE PRECIOS UNITARIOS OPORAPA VDA EL CARMEN MAYO DE 2026 | J1: 1.2
A2: Descripción | C2: tipo | D2: Tarifa/Dia | E2: Rendimiento | G2: Valor Unitario
A3: Herramienta Menor | C3: Unitario | E3: 0.03 | G3: =ROUND(+E3*H28,0) -> 1363
A8: III. TRANSPORTE | G8: Sub-total | H8: =SUM(G3:G6) -> 1363
A10: Descripción | B10: Vol-peso ó Cant. | C10: Distancia | D10: Und.-Km | E10: Tarifa | G10: Valor-Unit.
A11: Volqueta 6m3 | B11: 1 | C11: 55 | D11: =+B11*C11 -> 55 | E11: 700 | G11: =ROUND(+D11*E11,0) -> 38500
A21: IV. MANO DE OBRA | G21: Sub-Total | H21: =SUM(G11:G20) -> 38500
A23: Trabajador | C23: Jornal | D23: Jornal Total | E23: Rendimiento | G23: Valor Unitario
A24: =+'Mano de obra - Cargos'!C95 -> CUADRILLA TIPO III - (1 Of + 2 Ay) | C24: =+'Mano de obra - Cargos'!F102 -> 204272.25 | D24: =+'Mano de obra - Cargos'!J102 -> 363572.5 | E24: 8 | G24: =ROUND(+D24/E24,0) -> 45447
A28: Sub-total | H28: =SUM(G24:G27) -> 45447
A29: TOTAL COSTO DIRECTO | H29: =SUM(H2:H28) -> 85310 | J29: 83935
A30: COSTOS INDIRECTOS
A31: ADMINISTRACION | G31: 0.24 | H31: =ROUND((G31*H29),0) -> 20474
A32: IMPREVISTOS | G32: 0.01 | H32: =ROUND((G32*H29),0) -> 853
A33: UTILIDAD | G33: 0.05 | H33: =ROUND((G33*H29),0) -> 4266
A34: PRECIO TOTAL UNITARIO | H34: =H33+H32+H31+H29 -> 110903
A37: JOSÉ DAVID VARGAS ARIAS INGENIERO CIVIL | E37: Vo.Bo. ALEJANDRO PARRA COLLAZOS SECRETARIO DE PLANEACION

Sheet APU1.3
A1: MUNICIPIO LUGAR FECHA Excavación mecanica para explanación a todo factor. Incluye Retiro UNIDAD: M3 | D1: ANALISIS DE PRECIOS UNITARIOS OPORAPA VDA EL CARMEN MAYO DE 2026 | I1: 1.3
A2: I. EQUIPO
A3: Descripción | D3: Tipo | E3: Tarifa/Dia | F3: Rendimiento | G3: Valor Unitario
A4: Herramienta Menor | D4: Global | F4: 0.03 | G4: =ROUND(F4*H32,0) -> 525
A5: Retroexcavadora de llantas | D5: Hr | E5: 170000 | F5: 12 | G5: =ROUND(+E5/F5,0) -> 14167
A9: II. MATERIALES EN OBRA | G9: sub-total | H9: =SUM(G4:G7) -> 14692
A11: Descripción | D11: Unidad | E11: Precio Unit. | F11: Cantidad | G11: Valor Unitario
A18: III. TRANSPORTE | G18: Sub-Total
A20: Descripción | C20: Vol-peso ó Cant. | D20: Distancia | E20: Und.-Km | F20: Tarifa | G20: Valor-Unit.
A21: Volqueta 6m3 | C21: 1 | D21: 55 | E21: =+C21*D21 -> 55 | F21: 700 | G21: =ROUND(+E21*F21,0) -> 38500
A25: IV. MANO DE OBRA | G25: Sub-total | H25: =SUM(G21:G24) -> 38500
A27: I rabajador | D27: Jornal | E27: Jornal Total | F27: Rendimiento | G27: Valor Unitario
A28: =+'Mano de obra - Cargos'!C65 -> CUADRILLA TIPO 0 - (2 Ay) | D28: =+'Mano de obra - Cargos'!F72 -> 116726.99 | E28: =+'Mano de obra - Cargos'!J72 -> 210131.93 | F28: 12 | G28: =ROUND(E28/F28,0) -> 17511
A32: Sub-total | H32: =SUM(G28:G30) -> 17511
A33: TOTAL COSTO DIRECTO | H33: =SUM(H6:H32) -> 70703
A34: COSTOS INDIRECTOS
A35: ADMINISTRACION | G35: 0.24 | H35: =ROUND((G35*H33),0) -> 16969
A36: IMPREVISTOS | G36: 0.01 | H36: =ROUND((G36*H33),0) -> 707
A37: UTILIDAD | G37: 0.05 | H37: =ROUND((G37*H33),0) -> 3535
A38: PRECIO TOTAL UNITARIO | H38: =H37+H36+H35+H33 -> 91914
A41: JOSÉ DAVID VARGAS ARIAS INGENIERO CIVIL | F41: Vo.Bo. ALEJANDRO PARRA COLLAZOS SECRETARIO DE PLANEACION

Sheet APU1.4
A1: MUNICIPIO LUGAR FECHA Relleno en recebo compactado UNIDAD: M3 I. EQUIPO | D1: ANALISIS DE PRECIOS UNITARIOS OPORAPA VDA EL CARMEN MAYO DE 2026 | I1: 1.4
A2: Descripcion | C2: Tipo | D2: Tarifa/Dia | E2: Rendimiento | G2: Valor Unitario
A3: Herramienta Menor | E3: 0.03 | G3: =ROUND(E3*H29,0) -> 420
A4: Compactador manual Vibratorio (Cang | C4: Hr | D4: 12328.34 | E4: 2 | G4: =ROUND(+D4/E4,0) -> 6164
A7: II. MATERIALES EN OBRA | G7: Sub-total | H7: =SUM(G3:G4) -> 6584
A9: Descripción | C9: Unidad | D9: Precio Unit. | E9: Cantidad | G9: Valor Unitario
A10: Recebo | C10: M3 | D10: =+'EST MERCADO'!O15 -> 57120 | E10: 1.3 | G10: =ROUND(D10*E10,0) -> 74256
A11: Agua | C11: Lt | D11: 90 | E11: 20 | G11: =ROUND(D11*E11,0) -> 1800
A14: II. TRANSPORTE
A15: Descripción | B15: Vol-peso ó Cant. | C15: Distancia | D15: Und.-Km | E15: Tarifa | G15: Valor-Unit.
A16: Volqueta 6m3 | B16: 1 | C16: 55 | D16: =+B16*C16 -> 55 | E16: 500 | G16: =ROUND(+D16*E16,0) -> 27500
A22: IV. MANO DE OBRA | G22: Sub-Total | H22: =SUM(G10:G20) -> 103556 | I22: 94354
A24: Trabajador | C24: Jornal | D24: Jornal Total | E24: Rendimiento | G24: Valor Unitario
A25: =+'Mano de obra - Cargos'!C65 -> CUADRILLA TIPO 0 - (2 Ay) | C25: =+'Mano de obra - Cargos'!F72 -> 116726.99 | D25: =+'Mano de obra - Cargos'!J72 -> 210131.93 | E25: 15 | G25: =ROUND(D25/E25,0) -> 14009
A29: Sub-total | H29: =SUM(G25:G27) -> 14009
A30: TOTAL COSTO DIRECTO | H30: =SUM(H2:H29) -> 124149 | I30: 138508
A31: COSTOS INDIRECTOS
A32: ADMINISTRACION | G32: 0.24 | H32: =ROUND((G32*H30),0) -> 29796
A33: IMPREVISTOS | G33: 0.01 | H33: =ROUND((G33*H30),0) -> 1241
A34: UTILIDAD | G34: 0.05 | H34: =ROUND((G34*H30),0) -> 6207
A35: PRECIO TOTAL UNITARIO | H35: =H34+H33+H32+H30 -> 161393
A38: JOSÉ DAVID VARGAS ARIAS INGENIERO CIVIL | F38: Vo.Bo. ALEJANDRO PARRA COLLAZOS SEC DE PLANEACION

Sheet APU1.5
A1: MUNICIPIO LUGAR FECHA Demolición piso en concrerto UNIDAD: M3 I. EQUIPO | C1: ANALISIS DE PRECIOS UNITARIOS OPORAPA VDA EL CARMEN MAYO DE 2026
A2: Descripción | B2: Tipo | C2: Tarifa/Dia | D2: Rendimiento | F2: Valor Unitario
A3: Herramienta Menor | D3: 0.03 | F3: =ROUND(D3*G26,0) -> 255
A4: Compresor 80 hp con martillo | B4: Hr | C4: 77350 | D4: 0.05 | F4: =ROUND(+C4*D4,0) -> 3868
A6: III. TRANSPORTE | F6: Sub-total | G6: =SUM(F3:F4) -> 4123
A8: Descripción | B8: Vol-peso ó Cant. | C8: Distancia | D8: Und.-Km | F8: Tarifa | G8: Valor Unitario
A9: Volqueta 6m3 | B9: 1 | C9: 20 | D9: =+B9*C9 -> 20 | F9: 500 | G9: =+F9*D9 -> 10000
A19: IV. MANO DE OBRA | F19: Sub-Total | G19: =+G9 -> 10000
A21: Trabajador | B21: Jornal | C21: Jornal Total | D21: Rendimiento | F21: Valor Unitario
A22: =+'Mano de obra - Cargos'!C85 -> CUADRILLA TIPO II - (1 Of + 1 Ay) | B22: =+'Mano de obra - Cargos'!F92 -> 145908.75 | C22: =+'Mano de obra - Cargos'!J92 -> 258506.53 | D22: =0.38*8*10 -> 30.4 | F22: =+ROUND(C22/D22,0) -> 8504
A26: Sub-total | G26: =SUM(F22:F25) -> 8504
A27: TOTAL COSTO DIRECTO | G27: =SUM(G2:G26) -> 32627 | H27: 27970
A28: COSTOS INDIRECTOS
A29: ADMINISTRACION | F29: 0.24 | G29: =ROUND((F29*G27),0) -> 7830
A30: IMPREVISTOS | F30: 0.01 | G30: =ROUND((F30*G27),0) -> 326
A31: UTILIDAD | F31: 0.05 | G31: =ROUND((F31*G27),0) -> 1631
A32: PRECIO TOTAL UNITARIO | G32: =G31+G30+G29+G27 -> 42414
A35: JOSÉ DAVID VARGAS ARIAS INGENIERO CIVIL | E35: Vo.Bo. ALEJANDRO PARRA COLLAZOS SEC DE PLANEACION

Sheet APU1.6
A1: MUNICIPIO LUGAR FECHA Desmonte de malla eslabonada UNIDAD: M2 I. EQUIPO | C1: ANALISIS DE PRECIOS UNITARIOS OPORAPA VDA EL CARMEN MAYO DE 2026 | G1: 1.6
A2: Descripcion | B2: Tipo | C2: Tarifa/Dia | D2: Rendimiento | E2: Valor Unitario
A3: Herramienta Menor | B3: Unidad | D3: 0.03 | E3: =ROUND(D3*F28,0) -> 210
A8: III. TRANSPORTE | E8: Sub-total | F8: =SUM(E3:E6) -> 210
A10: Descripción | B10: Vol-peso ó Cant. | C10: Distancia | D10: Und.-Km | E10: Tarifa | F10: Valor Unitario
A11: Volqueta 6m3 | B11: 1 | C11: 20 | D11: =+B11*C11 -> 20 | E11: 500 | F11: =+E11*D11 -> 10000
A21: IV. MANO DE OBRA | E21: Sub-Total | F21: =+F11 -> 10000
A23: Trabajador | B23: Jornal | C23: Jornal Total | D23: Rendimiento | E23: Valor Unitario
A24: =+'Mano de obra - Cargos'!C65 -> CUADRILLA TIPO 0 - (2 Ay) | B24: =+'Mano de obra - Cargos'!F72 -> 116726.99 | C24: =+'Mano de obra - Cargos'!J72 -> 210131.93 | D24: 30 | E24: =+ROUND(C24/D24,0) -> 7004
A28: Sub-total | F28: =+E24 -> 7004
A29: TOTAL COSTO DIRECTO | F29: =SUM(F2:F28) -> 27214 | G29: 21655 | H29: =+G29*1.1 -> 23820.5
A30: COSTOS INDIRECTOS
A31: ADMINISTRACION | E31: 0.24 | F31: =ROUND((E31*F29),0) -> 6531
A32: IMPREVISTOS | E32: 0.01 | F32: =ROUND((E32*F29),0) -> 272
A33: UTILIDAD | E33: 0.05 | F33: =ROUND((E33*F29),0) -> 1361
A34: PRECIO TOTAL UNITARIO | F34: =F33+F32+F31+F29 -> 35378
A37: JOSÉ DAVID VARGAS ARIAS INGENIERO CIVIL | D37: Vo.Bo. ALEJANDRO PARRA COLLAZOS SEC DE PLANEACION

Sheet APU1.7
A1: MUNICIPIO LUGAR FECHA Retiro postes existentes UNIDAD: Und I. EQUIPO | C1: ANALISIS DE PRECIOS UNITARIOS OPORAPA VDA EL CARMEN MAYO DE 2026 | G1: 1.7
A2: Descripcion | B2: Tipo | C2: Tarifa/Dia | D2: Rendimiento | E2: Valor Unitario
A3: Herramienta Menor | B3: Global | D3: 0.03 | E3: =ROUND(D3*F31,0) -> 3152
A8: II. MATERIALES EN OBRA | E8: Sub-total | F8: =SUM(E3:E6) -> 3152
A10: Descripción | B10: Unidad | C10: I-'recio Unit. | D10: Cantidad | E10: Valor Unitario
A17: III. TRANSPORTE | E17: Sub-Total
A19: Descripción | B19: Vol-peso ó Cant. | C19: Distancia | D19: Und.-Km | E19: Tarifa | F19: Valor Unitario
A20: Grua | B20: 1 | C20: 32.6 | D20: =+B20*C20 -> 32.6 | E20: 15000 | F20: =+D20*E20 -> 489000
A21: Volqueta | B21: 1 | C21: 5.1 | D21: =+B21*C21 -> 5.1 | E21: 15000 | F21: =+D21*E21 -> 76500
A24: IV. MANO DE OBRA | E24: Sub-total | F24: =SUM(F20:F23) -> 565500 | G24: 1250000
A26: Trabajador | B26: Jornal | C26: Jornal Total | D26: Rendimiento | E26: Valor Unitario
A27: =+'Mano de obra - Cargos'!C65 -> CUADRILLA TIPO 0 - (2 Ay) | B27: =+'Mano de obra - Cargos'!F72 -> 116726.99 | C27: =+'Mano de obra - Cargos'!J72 -> 210131.93 | D27: 2 | E27: =+ROUND(C27/D27,0) -> 105066
A31: Sub-total | F31: =SUM(E27:E29) -> 105066
A32: TOTAL COSTO DIRECTO | F32: =SUM(F5:F31) -> 1239218 | G32: 1361211
A33: COSTOS INDIRECTOS
A34: ADMINISTRACION | E34: 0.24 | F34: =ROUND((E34*F32),0) -> 297412
A35: IMPREVISTOS | E35: 0.01 | F35: =ROUND((E35*F32),0) -> 12392
A36: UTILIDAD | E36: 0.05 | F36: =ROUND((E36*F32),0) -> 61961
A37: PRECIO TOTAL UNITARIO | F37: =F36+F35+F34+F32 -> 1610983
A40: JOSÉ DAVID VARGAS ARIAS INGENIERO CIVIL | D40: Vo.Bo. ALEJANDRO PARRA COLLAZOS SEC DE PLANEACION

Sheet APU2.1
A1: MUNICIPIO LUGAR FECHA Viga de cimiento de 0.40*0.40 m, en concreto de 3000 PSI UNIDAD: M3 I. EQUIPO | C1: ANALISIS DE PRECIOS UNITARIOS OPORAPA VDA EL CARMEN MAYO DE 2026 | I1: 2.1
A2: Descripción | C2: Tipo | D2: Tarifa/Dia | E2: Rendimiento | F2: Valor Unitario
A4: Herramienta Menor | E4: 0.03 | F4: =ROUND(+E4*G26,0) -> 2151
A5: Vibrador de concreto | C5: día | D5: =11627.42*8 -> 93019.36 | E5: 8 | F5: =ROUND(+D5/E5,0) -> 11627
A8: II. MATERIALES EN OBRA | F8: Sub-total | G8: =SUM(F3:F5) -> 13778
A10: Descripción | C10: Unidad | D10: Precio Unit. | E10: Cantidad | F10: Valor Unitario
A12: Concreto 3000 psi | C12: m3 | D12: =+BASICOS!H65 -> 715530 | E12: 1.05 | F12: =ROUND(D12*E12,0) -> 751307
A13: Tabla burra 0.03x0.3x3.0 mts | C13: und | D13: =+'EST MERCADO'!H80 -> 38500 | E13: 7 | F13: =ROUND(D13*E13,0) -> 269500
A14: Puntilla 2" | C14: Lb | D14: =+'EST MERCADO'!H69 -> 5720 | E14: 0.13 | F14: =ROUND(D14*E14,0) -> 744
A19: IV. MANO DE OBRA | F19: Sub-Total | G19: =SUM(F11:F17) -> 1021551
A21: Trabajador | C21: Jornal | D21: Jornal Total | E21: Rendimiento | F21: Valor Unitario
A22: =+'Mano de obra - Cargos'!C115 -> CUADRILLA TIPO V - (1 Of + 4 Ay) | C22: =+'Mano de obra - Cargos'!F122 -> 320999.24 | D22: =+'Mano de obra - Cargos'!J122 -> 573704.43 | E22: 8 | F22: =+ROUND(D22/E22,0) -> 71713
A26: Sub-total | G26: =SUM(F22:F24) -> 71713
A27: TOTAL COSTO DIRECTO | G27: =SUM(G8:G26) -> 1107042 | I27: 1045395
A28: COSTOS INDIRECTOS
A29: ADMINISTRACION | F29: 0.24 | G29: =ROUND((F29*G27),0) -> 265690
A30: IMPREVISTOS | F30: 0.01 | G30: =ROUND((F30*G27),0) -> 11070
A31: UTILIDAD | F31: 0.05 | G31: =ROUND((F31*G27),0) -> 55352
A32: PRECIO TOTAL UNITARIO | G32: =G31+G30+G29+G27 -> 1439154
A35: JOSÉ DAVID VARGAS ARIAS INGENIERO CIVIL | E35: Vo.Bo. ALEJANDRO PARRA COLLAZOS SEC DE PLANEACION

Sheet APU2.2
A1: MUNICIPIO LUGAR FECHA Placa en concreto de 3000 PSI, e=0.10 mts incluye malla electrosoldada 6mm; Huecos 15x15 cm UNIDAD: M2 I. EQUIPO | C1: ANALISIS DE PRECIOS UNITARIOS OPORAPA VDA EL CARMEN MAYO DE 2026 | G1: 2.2
A2: Descripción | B2: Tipo | C2: Tarifa/Dia | D2: Rendimiento | E2: Valor Unitario
A4: Herramienta Menor | B4: Unidad | D4: 0.03 | E4: =ROUND(+D4*F28,0) -> 861
A5: Vibrador de concreto | B5: día | C5: =11627.42*8 -> 93019.36 | D5: 20 | E5: =ROUND(+C5/D5,0) -> 4651
A8: II. MATERIALES EN OBRA | E8: Sub-total | F8: =SUM(E3:E6) -> 5512
A10: Descripción | B10: Unidad | C10: Precio Unit. | D10: Cantidad | E10: Valor Unitario
A12: Concreto 3000 psi | B12: m3 | C12: =+BASICOS!H65 -> 715530 | D12: 0.105 | E12: =ROUND(C12*D12,0) -> 75131
A13: Tabla burra 0.03x0.3x3.0 mts | B13: un | C13: =+'EST MERCADO'!H80 -> 38500 | D13: 0.3 | E13: =ROUND(C13*D13,0) -> 11550 | G13: =0.1+0.1 -> 0.2 | H13: =2*0.2 -> 0.4
A14: Malla electrosoldada 6mm, Huecos: 15x15 | B14: M2 | C14: =+'EST MERCADO'!H56 -> 22623 | D14: 1.05 | E14: =ROUND(C14*D14,0) -> 23754
A15: Sello Termoplastico | B15: MI | C15: =+'EST MERCADO'!H72 -> 2310 | D15: 1 | E15: =ROUND(C15*D15,0) -> 2310
A21: IV. MANO DE OBRA | E21: Sub-Total | F21: =SUM(E12:E16) -> 112745
A23: Trabajador | B23: Jornal | C23: Jornal Total | D23: Rendimiento | E23: Valor Unitario
A24: =+'Mano de obra - Cargos'!C115 -> CUADRILLA TIPO V - (1 Of + 4 Ay) | B24: =+'Mano de obra - Cargos'!F122 -> 320999.24 | C24: =+'Mano de obra - Cargos'!J122 -> 573704.43 | D24: 20 | E24: =+ROUND(C24/D24,0) -> 28685
A28: Sub-total | F28: =SUM(E24:E26) -> 28685
A29: TOTAL COSTO DIRECTO | F29: =SUM(F2:F28) -> 146942 | G29: 141888
A30: COSTOS INDIRECTOS
A31: ADMINISTRACION | E31: 0.24 | F31: =ROUND((E31*F29),0) -> 35266
A32: IMPREVISTOS | E32: 0.01 | F32: =ROUND((E32*F29),0) -> 1469
A33: UTILIDAD | E33: 0.05 | F33: =ROUND((E33*F29),0) -> 7347
A34: PRECIO TOTAL UNITARIO | F34: =F33+F32+F31+F29 -> 191024
A37: JOSÉ DAVID VARGAS ARIAS INGENIERO CIVIL | D37: Vo.Bo. ALEJANDRO PARRA COLLAZOS SEC DE PLANEACION

Sheet APU2.3
A1: MUNICIPIO LUGAR FECHA Concreto Zapatas de 3000 PSI UNIDAD: M3 I. EQUIPO | C1: ANALISIS DE PRECIOS UNITARIOS OPORAPA VDA EL CARMEN MAYO DE 2026 | I1: 2.3
A2: Descripción | B2: Tipo | C2: Tarifa/Dia | D2: Rendimiento | F2: Valor Unitario
A4: Herramienta Menor | D4: 0.03 | F4: =ROUND(+G26*D4,0) -> 2151
A5: Vibrador de concreto | B5: día | C5: =11627.42*8 -> 93019.36 | D5: 8 | F5: =ROUND(+C5/D5,0) -> 11627
A8: II. MATERIALES EN OBRA | F8: Sub-total | G8: =SUM(F3:F5) -> 13778
A10: Descripción | B10: Unidad | C10: Precio Unit. | D10: Cantidad | F10: Valor Unitario
A12: Concreto 3000 psi | B12: m3 | C12: =+BASICOS!H65 -> 715530 | D12: 1.05 | F12: =ROUND(C12*D12,0) -> 751307
A13: Tabla burra 0.03x0.3x3.0 mts | B13: ML | C13: =+'EST MERCADO'!H80 -> 38500 | D13: 3 | F13: =ROUND(C13*D13,0) -> 115500
A14: Puntilla 2" | B14: Lb | C14: =+'EST MERCADO'!H69 -> 5720 | D14: 0.13 | F14: =ROUND(C14*D14,0) -> 744
A19: IV. MANO DE OBRA | F19: Sub-Total | G19: =SUM(F12:F16) -> 867551
A21: Trabajador | B21: Jornal | C21: Jornal Total | D21: Rendimiento | F21: Valor Unitario
A22: =+'Mano de obra - Cargos'!C115 -> CUADRILLA TIPO V - (1 Of + 4 Ay) | B22: =+'Mano de obra - Cargos'!F122 -> 320999.24 | C22: =+'Mano de obra - Cargos'!J122 -> 573704.43 | D22: 8 | E22: =+ROUND(C22/D22,0) -> 71713 | F22: =+ROUND(C22/D22,0) -> 71713
A26: Sub-total | G26: =SUM(F22:F24) -> 71713
A27: TOTAL COSTO DIRECTO | G27: =SUM(G8:G26) -> 953042 | I27: 905395
A28: COSTOS INDIRECTOS
A29: ADMINISTRACION | F29: 0.24 | G29: =ROUND((F29*G27),0) -> 228730
A30: IMPREVISTOS | F30: 0.01 | G30: =ROUND((F30*G27),0) -> 9530
A31: UTILIDAD | F31: 0.05 | G31: =ROUND((F31*G27),0) -> 47652
A32: PRECIO TOTAL UNITARIO | G32: =G31+G30+G29+G27 -> 1238954
A35: JOSÉ DAVID VARGAS ARIAS INGENIERO CIVIL | D35: Vo.Bo. ALEJANDRO PARRA COLLAZOS SEC DE PLANEACION

Sheet APU2.4
A1: MUNICIPIO LUGAR FECHA Columna de 0.35*,40 cms, en concreto de 3000 PSI UNIDAD: M3 I. EQUIPO | C1: ANALISIS DE PRECIOS UNITARIOS OPORAPA VDA EL CARMEN MAYO DE 2026 | I1: 2.4
A2: Descripción | B2: Tipo | C2: Tarifa/Dia | D2: Rendimiento | F2: Valor Unitario
A3: Herramienta Menor | D3: 0.03 | F3: =ROUND(+G26*D3,0) -> 2869
A4: Vibrador de concreto | B4: dia | C4: =11627.42*8 -> 93019.36 | D4: 5 | F4: =ROUND(+C4/D4,0) -> 18604
A5: Sección Andamio | B5: día | C5: 6500 | D5: 2.5 | F5: =ROUND(+C5/D5,0) -> 2600
A8: II. MATERIALES EN OBRA | F8: Sub-total | G8: =SUM(F3:F5) -> 24073
A10: Descripcion | B10: Unidad | C10: Precio Unit. | D10: Cantidad | F10: Valor Unitario
A12: Concreto 3000 psi | B12: m3 | C12: =+BASICOS!H65 -> 715530 | D12: 1.05 | F12: =ROUND(C12*D12,0) -> 751307
A13: Tabla burra 0.03x0.3x3.0 mts | B13: Und | C13: =+'EST MERCADO'!H80 -> 38500 | D13: 12.5 | F13: =ROUND(C13*D13,0) -> 481250
A14: Cerco madera ,05*,10“3,00 | B14: Und | C14: =+'EST MERCADO'!H34 -> 18700 | D14: 5 | F14: =ROUND(C14*D14,0) -> 93500
A15: Puntilla 2" | B15: Lb | C15: =+'EST MERCADO'!H69 -> 5720 | D15: 0.13 | F15: =ROUND(C15*D15,0) -> 744
A16: Vara de clavo de 6 mts | B16: MI | C16: =+'EST MERCADO'!H102 -> 7150 | D16: 5 | F16: =ROUND(C16*D16,0) -> 35750
A19: IV. MANO DE OBRA | F19: Sub-Total | G19: =SUM(F12:F16) -> 1362551
A21: Trabajador | B21: Jornal | C21: Jornal total | D21: Rendimiento | F21: Valor Unitario
A22: =+'Mano de obra - Cargos'!C115 -> CUADRILLA TIPO V - (1 Of + 4 Ay) | B22: =+'Mano de obra - Cargos'!F122 -> 320999.24 | C22: =+'Mano de obra - Cargos'!J122 -> 573704.43 | D22: 6 | F22: =+ROUND(C22/D22,0) -> 95617
A26: Sub-total | G26: =SUM(F22:F24) -> 95617
A27: TOTAL COSTO DIRECTO | G27: =SUM(G10:G26) -> 1458168 | I27: 1375664
A28: COSTOS INDIRECTOS | I28: =+G27-I27 -> 82504
A29: ADMINISTRACION | F29: 0.24 | G29: =ROUND((F29*G27),0) -> 349960
A30: IMPREVISTOS | F30: 0.01 | G30: =ROUND((F30*G27),0) -> 14582
A31: UTILIDAD | F31: 0.05 | G31: =ROUND((F31*G27),0) -> 72908
A32: PRECIO TOTAL UNITARIO | G32: =G31+G30+G29+G27 -> 1895618
A35: JOSÉ DAVID VARGAS ARIAS INGENIERO CIVIL | D35: Vo.Bo. ALEJANDRO PARRA COLLAZOS SEC DE PLANEACION

Sheet APU2.5
A1: MUNICIPIO LUGAR FECHA Viga de amarre Intermedia de 0.30*0.40 cms, en concreto de 3000 PSI UNIDAD: M3 I. EQUIPO | C1: ANALISIS DE PRECIOS UNITARIOS OPORAPA VDA EL CARMEN MAYO DE 2026 | I1: 2.5
A2: Descripción | B2: Tipo | C2: Tarifa/Dia | D2: Rendimiento | F2: Valor Unitario
A3: Herramienta Menor | D3: 0.03 | F3: =ROUND(+G26*D3,0) -> 4303
A4: Vibrador de concreto | B4: dia | C4: =11627.42*8 -> 93019.36 | D4: 5 | F4: =ROUND(+C4/D4,0) -> 18604
A5: Sección Andamio | B5: día | C5: 6500 | D5: 2 | F5: =ROUND(+C5*D5,0) -> 13000
A8: II. MATERIALES EN OBRA | F8: Sub-total | G8: =SUM(F3:F5) -> 35907
A10: Descripcion | B10: Unidad | C10: Precio Unit. | D10: Cantidad | F10: Valor Unitario
A12: Concreto 3000 psi | B12: m3 | C12: =+BASICOS!H65 -> 715530 | D12: 1.05 | F12: =ROUND(C12*D12,0) -> 751307
A13: Tabla burra 0.03x0.3x3.0 mts | B13: Und | C13: =+'EST MERCADO'!H80 -> 38500 | D13: 10 | F13: =ROUND(C13*D13,0) -> 385000
A14: Cerco madera ,05*,10“3,00 | B14: Und | C14: =+'EST MERCADO'!H34 -> 18700 | D14: 5 | F14: =ROUND(C14*D14,0) -> 93500
A15: Puntilla 2" | B15: Lb | C15: =+'EST MERCADO'!H69 -> 5720 | D15: 0.13 | F15: =ROUND(C15*D15,0) -> 744
A16: Vara de clavo de 6 mts | B16: MI | C16: =+'EST MERCADO'!H102 -> 7150 | D16: 20 | F16: =ROUND(C16*D16,0) -> 143000
A19: IV. MANO DE OBRA | F19: Sub-Total | G19: =SUM(F12:F16) -> 1373551
A21: Trabajador | B21: Jornal | C21: Jornal total | D21: Rendimiento | F21: Valor Unitario
A22: =+'Mano de obra - Cargos'!C115 -> CUADRILLA TIPO V - (1 Of + 4 Ay) | B22: =+'Mano de obra - Cargos'!F122 -> 320999.24 | C22: =+'Mano de obra - Cargos'!J122 -> 573704.43 | D22: 4 | F22: =+ROUND(C22/D22,0) -> 143426
A26: Sub-total | G26: =SUM(F22:F24) -> 143426
A27: TOTAL COSTO DIRECTO | G27: =SUM(G10:G26) -> 1516977 | I27: 1416436
A28: COSTOS INDIRECTOS | I28: =+G27-I27 -> 100541
A29: ADMINISTRACION | F29: 0.24 | G29: =ROUND((F29*G27),0) -> 364074
A30: IMPREVISTOS | F30: 0.01 | G30: =ROUND((F30*G27),0) -> 15170
A31: UTILIDAD | F31: 0.05 | G31: =ROUND((F31*G27),0) -> 75849
A32: PRECIO TOTAL UNITARIO | G32: =G31+G30+G29+G27 -> 1972070
A35: JOSÉ DAVID VARGAS ARIAS INGENIERO CIVIL | D35: Vo.Bo. ALEJANDRO PARRA COLLAZOS SEC DE PLANEACION

Sheet APU2.6
A1: MUNICIPIO LUGAR FECHA Cuneta A. LL. en concreto de 3000 psi a= 0.50 mt. Incluye: tapa en madera plástica UNIDAD: Ml I. EQUIPO | C1: ANALISIS DE PRECIOS UNITARIOS OPORAPA VDA EL CARMEN MAYO DE 2026 | I1: 2.5
A2: Descripción | B2: Tipo | C2: Tarifa/Dia | D2: Rendimiento | F2: Valor Unitario
A3: Herramienta Menor | D3: 0.03 | F3: =ROUND(+G25*D3,0) -> 1076
A8: II. MATERIALES EN OBRA | F8: Sub-total | G8: =SUM(F3:F5) -> 1076
A10: Descripcion | B10: Unidad | C10: Precio Unit. | D10: Cantidad | F10: Valor Unitario
A12: Concreto 3000 psi | B12: m3 | C12: =+BASICOS!H65 -> 715530 | D12: 0.06 | F12: =ROUND(C12*D12,0) -> 42932
A13: Tabla burra 0.03x0.3x3.0 mts | B13: Und | C13: =+'EST MERCADO'!H80 -> 38500 | D13: 0.5 | F13: =ROUND(C13*D13,0) -> 19250
A14: Puntilla 2" | B14: Lb | C14: =+'EST MERCADO'!H69 -> 5720 | D14: 0.06 | F14: =ROUND(C14*D14,0) -> 343
A15: Tapa en Madera Plástica de 50x70 cm | B15: Und | C15: =+'EST MERCADO'!H81 -> 93500 | D15: 1.33 | F15: =ROUND(C15*D15,0) -> 124355
A18: IV. MANO DE OBRA | F18: Sub-Total | G18: =SUM(F12:F15) -> 186880
A20: Trabajador | B20: Jornal | C20: Jornal total | D20: Rendimiento | F20: Valor Unitario
A21: =+'Mano de obra - Cargos'!C115 -> CUADRILLA TIPO V - (1 Of + 4 Ay) | B21: =+'Mano de obra - Cargos'!F122 -> 320999.24 | C21: =+'Mano de obra - Cargos'!J122 -> 573704.43 | D21: 16 | F21: =+ROUND(C21/D21,0) -> 35857
A25: Sub-total | G25: =SUM(F21:F23) -> 35857
A26: TOTAL COSTO DIRECTO | G26: =SUM(G10:G25) -> 222737 | I26: 209553
A27: COSTOS INDIRECTOS
A28: ADMINISTRACION | F28: 0.24 | G28: =ROUND((F28*G26),0) -> 53457
A29: IMPREVISTOS | F29: 0.01 | G29: =ROUND((F29*G26),0) -> 2227
A30: UTILIDAD | F30: 0.05 | G30: =ROUND((F30*G26),0) -> 11137
A31: PRECIO TOTAL UNITARIO | G31: =G30+G29+G28+G26 -> 289558
A34: JOSÉ DAVID VARGAS ARIAS INGENIERO CIVIL | D34: Vo.Bo. ALEJANDRO PARRA COLLAZOS SEC DE PLANEACION

Sheet APU2.7
A1: MUNICIPIO LUGAR FECHA Acero de refuerzo 60.000 PSI UNIDAD: Kg I. EQUIPO | C1: ANALISIS DE PRECIOS UNITARIOS OPORAPA VDA EL CARMEN MAYO DE 2026 | G1: 2.7
A2: Descripcion | B2: Tipo | C2: Tarifa/Dia | D2: Rendimiento | E2: Valor Unitario
A3: Herramienta Menor | D3: 0.03 | E3: =ROUND(+F27*D3,0) -> 78
A4: Cizalla manual 90cm | B4: Hr | C4: 1952.59 | D4: =1/38.125 -> 0.026229508 | E4: =ROUND(+C4*D4,0) -> 51
A5: Tronzadora | B5: Hr | C5: 4000 | D5: 20 | E5: =ROUND(+C5/D5,0) -> 200
A8: II. MATERIALES EN OBRA | E8: Sub-total | F8: =SUM(E3:E5) -> 329
A10: Descripción | B10: Unidad | C10: Precio Unit. | D10: Cantidad | E10: Valor Unitario
A12: Acero de refuerzo PDR-60, Fy: 4200 kg/cm2 | B12: Kgr. | C12: =+'EST MERCADO'!H10 -> 6490 | D12: 1.05 | E12: =ROUND(+C12/D12,0) -> 6181
A13: Alambre negro No 18 | B13: Kgr. | C13: =+'EST MERCADO'!H12 -> 10472 | D13: 0.038 | E13: =ROUND(+C13*D13,0) -> 398
A20: IV. MANO DE OBRA | E20: Sub-Total | F20: =SUM(E12:E17) -> 6579
A22: Trabajador | B22: Jornal | C22: Jornal Total | D22: Rendimiento | E22: Valor Unitario
A23: =+'Mano de obra - Cargos'!C85 -> CUADRILLA TIPO II - (1 Of + 1 Ay) | B23: =+'Mano de obra - Cargos'!F92 -> 145908.75 | C23: =+'Mano de obra - Cargos'!J92 -> 258506.53 | D23: 100 | E23: =ROUND(+C23/D23,0) -> 2585
A27: Sub-total | F27: =SUM(E23:E24) -> 2585
A28: TOTAL COSTO DIRECTO | F28: =SUM(F2:F27) -> 9493 | G28: 9864
A29: COSTOS INDIRECTOS
A30: ADMINISTRACION | E30: 0.24 | F30: =ROUND((E30*F28),0) -> 2278
A31: IMPREVISTOS | E31: 0.01 | F31: =ROUND((E31*F28),0) -> 95
A32: UTILIDAD | E32: 0.05 | F32: =ROUND((E32*F28),0) -> 475
A33: PRECIO TOTAL UNITARIO | F33: =F32+F31+F30+F28 -> 12341
A36: JOSÉ DAVID VARGAS ARIAS INGENIERO CIVIL | D36: Vo.Bo. ALEJANDRO PARRA COLLAZOS SEC DE PLANEACION

Sheet APU2.8
A1: MUNICIPIO LUGAR FECHA Caja de inspección de 0,80*0,80 m en concreto de 3000 PSI para sistema de agua lluvias UNIDAD: Und I. EQUIPO | C1: ANALISIS DE PRECIOS UNITARIOS OPORAPA VDA EL CARMEN MAYO DE 2026
A2: I. EQUIPO
A3: Descripcion | B3: Tipo | C3: Tarifa/Dia | D3: Rendimiento | E3: Valor Unitario
A4: Herramienta Menor | D4: 0.03 | E4: =ROUND(+F28*D4,0) -> 3636
A9: II. MATERIALES EN OBRA | E9: Sub-total | F9: =SUM(E4:E6) -> 3636
A11: Descripcion | B11: Unidad | C11: Precio Unit. | D11: Cantidad | E11: Valor Unitario
A12: Tapa y marco en angulo de 3/16" DE E | B12: UND | C12: =+'EST MERCADO'!H83 -> 176000 | D12: 1 | E12: =ROUND(+C12/D12,0) -> 176000
A13: Concreto de 3000 P.S.I. | B13: M3 | C13: =+BASICOS!H65 -> 715530 | D13: 0.2 | E13: =ROUND(+C13*D13,0) -> 143106
A21: IV. MANO DE OBRA | E21: Sub-Total | F21: =SUM(E12:E18) -> 319106
A23: Trabajador | B23: Jornal | C23: Jornal Total | D23: Rendimiento | E23: Valor Unitario
A24: =+'Mano de obra - Cargos'!C95 -> CUADRILLA TIPO III - (1 Of + 2 Ay) | B24: =+'Mano de obra - Cargos'!F102 -> 204272.25 | C24: =+'Mano de obra - Cargos'!J102 -> 363572.5 | D24: 3 | E24: =ROUND(+C24/D24,0) -> 121191
A28: Sub-total | F28: =SUM(E24:E25) -> 121191
A29: TOTAL COSTO DIRECTO | F29: =SUM(F3:F28) -> 443933 | H29: 434551
A30: COSTOS INDIRECTOS
A31: ADMINISTRACION | E31: 0.24 | F31: =ROUND((E31*F29),0) -> 106544
A32: IMPREVISTOS | E32: 0.01 | F32: =ROUND((E32*F29),0) -> 4439
A33: UTILIDAD | E33: 0.05 | F33: =ROUND((E33*F29),0) -> 22197
A34: PRECIO TOTAL UNITARIO | F34: =F33+F32+F31+F29 -> 577113
A37: JOSÉ DAVID VARGAS ARIAS INGENIERO CIVIL | D37: Vo.Bo. ALEJANDRO PARRA COLLAZOS SEC DE PLANEACION

Sheet APU2.9
A1: MUNICIPIO LUGAR FECHA Concreto pobre de 2000 PSI para limpieza UNIDAD: m3 I. EQUIPO | D1: ANALISIS DE PRECIOS UNITARIOS OPORAPA VDA EL CARMEN MAYO DE 2026 | G1: 2.9
A2: Descripcion | B2: Tipo | C2: Tarifa/Dia | D2: Rendimiento | E2: Valor Unitario
A4: Herramienta Menor | B4: Und | D4: 0.03 | E4: =ROUND(+F23*D4,0) -> 5454
A8: II. MATERIALES EN OBRA | E8: Sub-total | F8: =SUM(E3:E5) -> 5454
A10: Descripción | B10: Unidad | C10: Precio Unit. | D10: Cantidad | E10: Valor Unitario
A12: Concreto 2000 psi | B12: m3 | C12: =+BASICOS!H124 -> 605121 | D12: 1 | E12: =ROUND(+C12*D12,0) -> 605121
A16: IV. MANO DE OBRA | E16: Sub-Total | F16: =SUM(E7:E13) -> 605121
A18: Trabajador | B18: Jornal | C18: Jornal Total | D18: Rendimiento | E18: Valor Unitario
A19: =+'Mano de obra - Cargos'!C95 -> CUADRILLA TIPO III - (1 Of + 2 Ay) | B19: =+'Mano de obra - Cargos'!F102 -> 204272.25 | C19: =+'Mano de obra - Cargos'!J102 -> 363572.5 | D19: 2 | E19: =ROUND(+C19/D19,0) -> 181786
A23: Sub—total | F23: =SUM(E19:E20) -> 181786
A24: TOTAL COSTO DIRECTO | F24: =SUM(F8:F23) -> 792361 | G24: 81779
A25: COSTOS INDIRECTOS
A26: ADMINISTRACION | E26: 0.24 | F26: =ROUND((E26*F24),0) -> 190167
A27: IMPREVISTOS | E27: 0.01 | F27: =ROUND((E27*F24),0) -> 7924
A28: UTILIDAD | E28: 0.05 | F28: =ROUND((E28*F24),0) -> 39618
A29: PRECIO TOTAL UNITARIO | F29: =F28+F27+F26+F24 -> 1030070
A32: JOSÉ DAVID VARGAS ARIAS INGENIERO CIVIL | D32: Vo.Bo. ALEJANDRO PARRA COLLAZOS SEC DE PLANEACION

Sheet APU2.10
A1: MUNICIPIO LUGAR FECHA Concreto ciclópeo, 60% en concreto de 2000 PSI, y 40% en piedra. UNIDAD: m3 I. EQUIPO | C1: ANALISIS DE PRECIOS UNITARIOS OPORAPA VDA EL CARMEN MAYO DE 2026 | H1: 2.1
A2: Descripción | B2: Tipo | C2: Tarifa/Dia | D2: Rendimiento | F2: Valor Unitario
A4: Herramienta Menor | B4: Und | D4: 0.03 | F4: =ROUND(+G30*D4,0) -> 7074
A8: II. MATERIALES EN OBRA | F8: Sub—total | G8: =SUM(F3:F5) -> 7074
A10: Descripción | B10: Unidad | C10: Precio Unid | D10: Cantidad | F10: Valor Unitario
A12: Concreto 2500 psi | B12: M3 | C12: =+BASICOS!H183 -> 672756 | D12: 0.6 | F12: =ROUND(+C12*D12,0) -> 403654
A13: piedra media zonga | B13: M3 | C13: =+'EST MERCADO'!O16 -> 154700 | D13: 0.45 | F13: =ROUND(+C13*D13,0) -> 69615
K15: II. TRANSPORTE
A16: III. TRANSPORTE | G16: =SUM(F12:F14) -> 473269 | K16: Descripción | L16: Vol-peso ó Cant. | M16: Distancia | N16: Und.-Km | O16: Tarifa | Q16: Valor-Unit.
K17: Volqueta 6m3 | L17: 1 | M17: 55 | N17: =+L17*M17 -> 55 | O17: 500 | Q17: =ROUND(+N17*O17,0) -> 27500
A18: Descripción | B18: Vol-peso ó Cant. | C18: Distancia | D18: Und-Km | E18: Tarifa | F18: Valor-Unit.
A19: Transporte de piedra | B19: 0.45 | C19: 55 | D19: =+C19*B19 -> 24.75 | E19: 1800 | F19: =+E19*D19 -> 44550
G24: =+F19 -> 44550
A25: IV. MANO DE OBRA
A26: Trabajador | B26: Jornal | C26: Jornal Total | D26: Rendimiento | F26: Valor Unitario
A27: =+'Mano de obra - Cargos'!C115 -> CUADRILLA TIPO V - (1 Of + 4 Ay) | B27: =+'Mano de obra - Cargos'!F122 -> 320999.24 | C27: =+'Mano de obra - Cargos'!J122 -> 573704.43 | D27: 3 | F27: =ROUND(+C27/D27,0) -> 191235
A30: Sub-total | G30: =SUM(F16:F27) -> 235785
A31: TOTAL COSTO DIRECTO | G31: =SUM(G2:G30) -> 760678 | H31: 707014
A32: COSTOS INDIRECTOS
A33: ADMINISTRACION | F33: 0.24 | G33: =ROUND((F33*G31),0) -> 182563
A34: IMPREVISTOS | F34: 0.01 | G34: =ROUND((F34*G31),0) -> 7607
A35: UTILIDAD | F35: 0.05 | G35: =ROUND((F35*G31),0) -> 38034
A36: PRECIO TOTAL UNITARIO | G36: =G35+G34+G33+G31 -> 988882
A39: JOSÉ DAVID VARGAS ARIAS INGENIERO CIVIL | D39: Vo.Bo. ALEJANDRO PARRA COLLAZOS SEC DE PLANEACION

Sheet APU2.11
A1: MUNICIPIO LUGAR FECHA Suministro e instalación de tuberia de 6" sanitaria incluye accesorios. UNIDAD: mL I. EQUIPO | D1: ANALISIS DE PRECIOS UNITARIOS OPORAPA VDA EL CARMEN MAYO DE 2026 | H1: 2.11
A2: Descripción | B2: Tipo | C2: Tarifa/Dia | D2: Rendimiento | F2: Valor Unitario
A3: Herramienta Menor | D3: 0.03 | F3: =ROUND(+G26*D3,0) -> 431
A8: II. MATERIALES EN OBRA | F8: Sub-total | G8: =SUM(F3:F5) -> 431
A10: Descripción | B10: Unidad | C10: Precio Unit. | D10: Cantidad | F10: Valor Unitario
A11: Tubo PVC 6" sanitario | B11: MI | C11: =+'EST MERCADO'!H97 -> 60500 | D11: 1.05 | F11: =ROUND(+C11*D11,0) -> 63525
A12: Limpiador/soldadura PVC | B12: 1/4GI | C12: =+'EST MERCADO'!H55 -> 82500 | D12: 0.03 | F12: =ROUND(+C12*D12,0) -> 2475
A13: Union PVC 6" sanitaria | B13: Un | C13: =+'EST MERCADO'!H101 -> 55990 | D13: 0.2 | F13: =ROUND(+C13*D13,0) -> 11198
A19: IV. MANO DE OBRA | F19: Sub-Total | G19: =SUM(F11:F18) -> 77198
A21: Trabajador | B21: Jornal | C21: Jornal Total | D21: Rendimiento | F21: Valor Unitario
A22: =+'Mano de obra - Cargos'!C85 -> CUADRILLA TIPO II - (1 Of + 1 Ay) | B22: =+'Mano de obra - Cargos'!F92 -> 145908.75 | C22: =+'Mano de obra - Cargos'!J92 -> 258506.53 | D22: 18 | F22: =ROUND(+C22/D22,0) -> 14361
A26: Sub-total | G26: =SUM(F20:F23) -> 14361
A27: TOTAL COSTO DIRECTO | G27: =SUM(G4:H26) -> 91990 | H27: 87186
A28: COSTOS INDIRECTOS
A29: ADMINISTRACION | F29: 0.24 | G29: =ROUND((F29*G27),0) -> 22078
A30: IMPREVISTOS | F30: 0.01 | G30: =ROUND((F30*G27),0) -> 920
A31: UTILIDAD | F31: 0.05 | G31: =ROUND((F31*G27),0) -> 4600
A32: PRECIO TOTAL UNITARIO | G32: =G31+G30+G29+G27 -> 119588
A35: JOSÉ DAVID VARGAS ARIAS INGENIERO CIVIL | D35: Vo.Bo. ALEJANDRO PARRA COLLAZOS SEC DE PLANEACION

Sheet APU3.1
A1: MUNICIPIO LUGAR FECHA Suministro e instalación de cubierta autoportante UNIDAD: m2 I. EQUIPO | D1: ANALISIS DE PRECIOS UNITARIOS OPORAPA VDA EL CARMEN MAYO DE 2026 | G1: 3.1
A2: Descripción | B2: Tipo | C2: Tarifa/Dia | D2: Rendimiento | E2: Valor Unitario
A3: Herramienta Menor | D3: 0.03 | E3: =ROUND(D3*F28,0) -> 861
A4: Camión Grua | C4: 1500000 | D4: 80 | E4: =ROUND(+C4/D4,0) -> 18750
A5: Maquina roladora BH-914-610 | C5: 1500000 | D5: 80 | E5: =ROUND(+C5/D5,0) -> 18750
A7: II. MATERIALES EN OBRA | E7: Sub-total | F7: =SUM(E3:E5) -> 38361
A9: Descripción | B9: Unidad | C9: Precio Unit. | D9: Cantidad | E9: Valor Unitario
A10: Cubierta autoportante en lámina de acero cal 22 | B10: m2 | C10: 214500 | D10: 1 | E10: =ROUND(+C10*D10,0) -> 214500 | G10: 197000 | H10: ARCOS
A11: Platinas, tornillos y demas elementos para instalacion | B11: Und | C11: 2500 | D11: 0.08 | E11: =ROUND(+C11*D11,0) -> 200 | G11: 232000 | H11: JESAN
G12: =+(SUM(G10:G11)/(2)) -> 214500
A16: Sub-total | F16: =SUM(E10:E14) -> 214700
A17: III. TRANSPORTE
A18: Material | B18: Vo-Pe-Cant. | C18: M3-Km | D18: Tarifa | E18: Valor Unitario
A19: Transporte Lamina | B19: 1.57 | D19: 9000 | E19: =ROUND(+B19*D19,0) -> 14130
A20: Transporte Maquina | B20: 0.4 | D20: 9000 | E20: =ROUND(+B20*D20,0) -> 3600
A22: Sub-total | F22: =SUM(E19:E20) -> 17730
A23: IV. MANO DE OBRA
A24: Trabajador | B24: Jornal | C24: Jornal Total | D24: Rendimiento | E24: Valor Unitario
A25: =+'Mano de obra - Cargos'!C115 -> CUADRILLA TIPO V - (1 Of + 4 Ay) | B25: =+'Mano de obra - Cargos'!F122 -> 320999.24 | C25: =+'Mano de obra - Cargos'!J122 -> 573704.43 | D25: 20 | E25: =ROUND(+C25/D25,0) -> 28685
A28: Sub-total | F28: =SUM(E25:E26) -> 28685
A29: TOTAL COSTO DIRECTO | F29: =SUM(F6:F28) -> 299476
A30: COSTOS INDIRECTOS
A31: ADMINISTRACION | E31: 0.24 | F31: =ROUND((E31*F29),0) -> 71874
A32: IMPREVISTOS | E32: 0.01 | F32: =ROUND((E32*F29),0) -> 2995
A33: UTILIDAD | E33: 0.05 | F33: =ROUND((E33*F29),0) -> 14974
A34: PRECIO TOTAL UNITARIO | F34: =F33+F32+F31+F29 -> 389319
A37: JOSÉ DAVID VARGAS ARIAS INGENIERO CIVIL | D37: Vo.Bo. ALEJANDRO PARRA COLLAZOS SEC DE PLANEACION

Sheet APU3.2
A1: MUNICIPIO LUGAR FECHA instalación de anclajes de canalón, compuesto por platina metálica de 30x45 e-3/8 ángulo de fijación a canal de 4"x1/4" L=0,25 m, 4 pernos de anclaje de 01/2 long= 0,50m, según diseño. UNIDAD: Und I. EQUIPO | D1: ANALISIS DE PRECIOS UNITARIOS OPORAPA VDA EL CARMEN MAYO DE 2026 | H1: 3.2
A2: Descripción | B2: Tipo | C2: Tarifa/Dia | D2: Rendimiento | E2: Valor Unitario
A3: Herramienta Menor | B3: Und | D3: 0.03 | E3: =ROUND(D3*F29,0) -> 456
A4: Equipo de soldadura | B4: dia | C4: 49455 | D4: 7 | E4: =ROUND(+C4/D4,0) -> 7065
A7: II. MATERIALES EN OBRA | E7: Sub-total | F7: =SUM(E3:E5) -> 7521
A9: Descripcion | B9: Unidad | C9: Precio Unit. | D9: Cantidad | E9: Valor Unitario
A10: platina metálica de 30x45 e=3/8" | B10: Und | C10: =+'EST MERCADO'!H66 -> 56100 | D10: 1 | E10: =ROUND(+C10*D10,0) -> 56100
A11: angulo de Fijación a canal 4' x1/4'' L=0,25 m | B11: Und | C11: =+'EST MERCADO'!H16 -> 13200 | D11: 1 | E11: =ROUND(+C11*D11,0) -> 13200
A12: Pernos anclaje de 1/2" | B12: Und | C12: =+'EST MERCADO'!H60 -> 11000 | D12: 4 | E12: =ROUND(+C12*D12,0) -> 44000
A13: Soldadura 8018 | B13: Kg | C13: =+'EST MERCADO'!H76 -> 26400 | D13: 0.02 | E13: =ROUND(+C13*D13,0) -> 528
A14: Soldadura 6011 x 3/32 | B14: Kg | C14: =+'EST MERCADO'!H75 -> 24200 | D14: 0.02 | E14: =ROUND(+C14*D14,0) -> 484
A15: Soldadura 8018 x 1/8 | B15: Kg | C15: =+'EST MERCADO'!H77 -> 21450 | D15: 0.02 | E15: =ROUND(+C15*D15,0) -> 429
A16: III. TRANSPORTE | E16: Sub-Total | F16: =SUM(E10:E15) -> 114741
A18: Material | B18: Dist | C18: M3-Km | D18: Tarifa | E18: Valor Unitario
A22: IV. MANO DE OBRA | E22: Sub-total
A24: Trabajador | B24: Jornal | C24: Jornal Total | D24: Rendimiento | E24: Valor Unitario
A25: =+'Mano de obra - Cargos'!C85 -> CUADRILLA TIPO II - (1 Of + 1 Ay) | B25: =+'Mano de obra - Cargos'!F92 -> 145908.75 | C25: =+'Mano de obra - Cargos'!J92 -> 258506.53 | D25: 17 | E25: =ROUND(+C25/D25,0) -> 15206
A29: Sub-total | F29: =SUM(E25:E28) -> 15206
A30: TOTAL COSTO DIRECTO | F30: =SUM(F7:G29) -> 137468 | H30: 129381
A31: COSTOS INDIRECTOS
A32: ADMINISTRACION | E32: 0.24 | F32: =ROUND((E32*F30),0) -> 32992
A33: IMPREVISTOS | E33: 0.01 | F33: =ROUND((E33*F30),0) -> 1375
A34: UTILIDAD | E34: 0.05 | F34: =ROUND((E34*F30),0) -> 6873
A35: PRECIO TOTAL UNITARIO | F35: =F34+F33+F32+F30 -> 178708
A38: JOSÉ DAVID VARGAS ARIAS INGENIERO CIVIL | D38: Vo.Bo. ALEJANDRO PARRA COLLAZOS SEC DE PLANEACION

Sheet APU3.3
A1: MUNICIPIO LUGAR FECHA Suministro e Instalación de canalón metálico de acero estructural con 3/16" de espesor (según diseño), una mano de pintura 3 en 1. UNIDAD: Und I. EQUIPO | C1: ANALISIS DE PRECIOS UNITARIOS OPORAPA VDA EL CARMEN MAYO DE 2026 | G1: 3.3
A2: Descripcion | B2: Tipo | C2: Tarifa/Dia | D2: Rendimiento | E2: Valor Unitario
A3: Herramienta Menor | B3: Und | D3: 0.03 | E3: =ROUND(D3*F29,0) -> 3124
A4: Equipo de soldadura | B4: Dia | C4: 49455 | D4: 1.5 | E4: =ROUND(+C4/D4,0) -> 32970
A5: Diferencial de 2 toneladas | B5: Hr | C5: 3500 | D5: 4 | E5: =ROUND(+C5/D5,0) -> 875
A6: Andamiaje para aplicar carga | B6: Día | C6: 15000 | D6: 0.5 | E6: =ROUND(+C6/D6,0) -> 30000
A7: II. MATERIALES EN OBRA | E7: Sub-total | F7: =SUM(E3:E6) -> 66969
A9: Descripción | B9: Unidad | C9: Precio Unit. | D9: Cantidad | E9: Valor Unitario
A10: Canalón metálico de 3/16" | B10: m | C10: =+'EST MERCADO'!H31 -> 403208 | D10: 1 | E10: =ROUND(+C10*D10,0) -> 403208
A11: Pintura en esmalte | B11: Gal | C11: =+'EST MERCADO'!H62 -> 62240 | D11: 0.3 | E11: =ROUND(+C11*D11,0) -> 18672
A12: "l“hinner | B12: Gal | C12: =+'EST MERCADO'!H87 -> 31520 | D12: 0.1 | E12: =ROUND(+C12*D12,0) -> 3152
A13: Soldadura 8018 | B13: Kg | C13: =+'EST MERCADO'!H76 -> 26400 | D13: 0.05 | E13: =ROUND(+C13*D13,0) -> 1320
A14: Soldadura 6011 x 3/32 | B14: Kg | C14: =+'EST MERCADO'!H75 -> 24200 | D14: 0.05 | E14: =ROUND(+C14*D14,0) -> 1210
A15: Soldadura 8018 x 1/8 | B15: Kg | C15: =+'EST MERCADO'!H77 -> 21450 | D15: 0.05 | E15: =ROUND(+C15*D15,0) -> 1073
A16: III. TRANSPORTE | E16: Sub-Total | F16: =SUM(E10:E15) -> 428635
A18: Material | B18: Vo-Pe-Cant. | C18: M3-Km | D18: Tarifa | E18: Valor Unitario
A19: Tranporte lamina | B19: 1.98 | D19: 18000 | E19: =ROUND(+B19*D19,0) -> 35640
A22: IV. MANO DE OBRA | E22: Sub—total | F22: =SUM(E19:E20) -> 35640
A24: Trabajador | B24: Jornal | C24: Jornal Total | D24: Rendimiento | E24: Valor Unitario
A25: =+'Mano de obra - Cargos'!C105 -> CUADRILLA TIPO IV - (1 Of + 3 Ay) | B25: =+'Mano de obra - Cargos'!F112 -> 262635.74 | C25: =+'Mano de obra - Cargos'!J112 -> 468638.47 | D25: 4.5 | E25: =ROUND(+C25/D25,0) -> 104142
A29: Sub-total | F29: =SUM(E25:E28) -> 104142
A30: TOTAL COSTO DIRECTO | F30: =SUM(F7:F29) -> 635386 | G30: 607564
A31: COSTOS INDIRECTOS
A32: ADMINISTRACION | E32: 0.24 | F32: =ROUND((E32*F30),0) -> 152493
A33: IMPREVISTOS | E33: 0.01 | F33: =ROUND((E33*F30),0) -> 6354
A34: UTILIDAD | E34: 0.05 | F34: =ROUND((E34*F30),0) -> 31769
A35: PRECIO TOTAL UNITARIO | F35: =F34+F33+F32+F30 -> 826002
A38: JOSÉ DAVID VARGAS ARIAS INGENIERO CIVIL | D38: Vo.Bo. ALEJANDRO PARRA COLLAZOS SEC DE PLANEACION

Sheet APU3.4
A1: MUNICIPIO LUGAR FECHA Bajante aguas lluvias en PVC 4" incluye: Accesorios UNIDAD: Und I. EQUIPO | D1: ANALISIS DE PRECIOS UNITARIOS OPORAPA VDA EL CARMEN MAYO DE 2026
A2: I. EQUIPO
A3: Descripción | B3: Tipo | C3: Tarifa/Dia | D3: Rendimiento | E3: Valor Unitario
A4: Herramienta Menor | B4: Global | D4: 0.03 | E4: =ROUND(D4*F27,0) -> 727
A9: II. MATERIALES EN OBRA | E9: Sub-total | F9: =SUM(E4:E8) -> 727
A11: Descripción | B11: Unidad | C11: Precio Unit. | D11: Cantidad | E11: Valor Unitario
A12: Tubo PVC 4" A.LL | B12: MI | C12: =+'EST MERCADO'!H96 -> 39586 | D12: 1.03 | E12: =ROUND(+C12*D12,0) -> 40774
A13: abrasadera metalica | B13: und | C13: =+'EST MERCADO'!H9 -> 10417 | D13: 1.46 | E13: =ROUND(+C13*D13,0) -> 15209 | G13: =4.4/3 -> 1.4666667
A14: Codo PVC 4" A.LL | B14: Un | C14: =+'EST MERCADO'!H39 -> 9020 | D14: 0.45 | E14: =ROUND(+C14*D14,0) -> 4059
A15: Limpiador/soldadura PVC | B15: 1/4GI | C15: =+'EST MERCADO'!H55 -> 82500 | D15: 0.01 | E15: =ROUND(+C15*D15,0) -> 825
G19: =1.2*3 -> 3.6 | H19: =4.4/G19 -> 1.2222222
A20: IV. MANO DE OBRA | E20: Sub-Total | F20: =SUM(E12:E19) -> 60867
A22: Trabajador | B22: Jornal | C22: Jornal Total | D22: Rendimiento | E22: Valor Unitario
A23: =+'Mano de obra - Cargos'!C95 -> CUADRILLA TIPO III - (1 Of + 2 Ay) | B23: =+'Mano de obra - Cargos'!F102 -> 204272.25 | C23: =+'Mano de obra - Cargos'!J102 -> 363572.5 | D23: 15 | E23: =ROUND(+C23/D23,0) -> 24238
A27: Sub-total | F27: =SUM(E23:E26) -> 24238
A28: TOTAL COSTO DIRECTO | F28: =SUM(F5:F27) -> 85832 | G28: 83342
A29: COSTOS INDIRECTOS
A30: ADMINISTRACION | E30: 0.24 | F30: =ROUND((E30*F28),0) -> 20600
A31: IMPREVISTOS | E31: 0.01 | F31: =ROUND((E31*F28),0) -> 858
A32: UTILIDAD | E32: 0.05 | F32: =ROUND((E32*F28),0) -> 4292
A33: PRECIO TOTAL UNITARIO | F33: =F32+F31+F30+F28 -> 111582
A36: JOSÉ DAVID VARGAS ARIAS INGENIERO CIVIL | D36: Vo.Bo. ALEJANDRO PARRA COLLAZOS SEC DE PLANEACION

Sheet APU3.5
A1: MUNICIPIO LUGAR FECHA Cerramiento en malla eslabonada Calibre 10 con rombos de 2" , ángulo de 3/16"X1/4" y tubo galvanizado de 2" h= 3.0m, antepecho en ladrillo a la vista de h=0.40m, pedestal en concreto de 3000 PSI de 0.20x0.20m, viga cinta de 0.10x0.12m y viga de cimiento de ,25x,25 incluye acero incluye acero 1/2 y estribos en 3/8" UNIDAD: Und I. EQUIPO | D1: ANALISIS DE PRECIOS UNITARIOS OPORAPA VDA EL CARMEN MAYO DE 2026
A2: Descripción | B2: Tipo | C2: Tarifa/Dia | D2: Rendimiento | E2: Valor Unitario
A3: Herramienta Menor | D3: 0.03 | E3: =ROUND(D3*F29,0) -> 5737
A8: II. MATERIALES EN OBRA | E8: Sub-total | F8: =SUM(E3:E7) -> 5737
A10: Descripción | B10: Unidad | C10: Precio Unit. | D10: Cantidad | E10: Valor Unitario
A11: MALLA ESLABONADA GALV. CAL. 10 | B11: M2 | C11: =+'EST MERCADO'!H57 -> 27500 | D11: 4.7 | E11: =ROUND(+C11*D11,0) -> 129250
A12: TUBERIA GALV. DE 2" | B12: ML | C12: =+'EST MERCADO'!H90 -> 55000 | D12: 3 | E12: =ROUND(+C12*D12,0) -> 165000
A13: SOLADURA METAL 1/8" | B13: KG | C13: =+'EST MERCADO'!H74 -> 17484 | D13: 0.32 | E13: =ROUND(+C13*D13,0) -> 5595
A14: ANTICORROSIVO | B14: GAL | C14: =+'EST MERCADO'!H17 -> 67249 | D14: 0.2 | E14: =ROUND(+C14*D14,0) -> 13450
A15: MURO EN LADRILLO A LA VISTA | B15: M2 | C15: 88900 | D15: 1 | E15: =ROUND(+C15*D15,0) -> 88900
A16: COLUMNETA DE ANCLAJE PARA TL | B16: M3 | C16: =+BASICOS!H65 -> 715530 | D16: =0.2*0.2*0.5 -> 0.02 | E16: =ROUND(+C16*D16,0) -> 14311
A17: VIGA DE CIMIENTO | B17: M3 | C17: =+BASICOS!H65 -> 715530 | D17: =0.25*0.25 -> 0.0625 | E17: =ROUND(+C17*D17,0) -> 44721
A18: Acero Fy = 4200 Kg/Cm2 | B18: Kg | C18: =+'EST MERCADO'!H10 -> 6490 | D18: 16 | E18: =ROUND(+C18*D18,0) -> 103840
A19: ANGULO DE 3/16/" X 1/4" | B19: ML | C19: =+'EST MERCADO'!H15 -> 9172 | D19: 3 | E19: =ROUND(+C19*D19,0) -> 27516
A20: VIGACINTA | B20: ML | C20: 62873 | D20: 1 | E20: =ROUND(+C20*D20,0) -> 62873
A22: IV. MANO DE OBRA | E22: Sub-Total | F22: =SUM(E11:E21) -> 655456
A24: Trabajador | B24: Jornal | C24: Jornal Total | D24: Rendimiento | E24: Valor Unitario
A25: =+'Mano de obra - Cargos'!C115 -> CUADRILLA TIPO V - (1 Of + 4 Ay) | B25: =+'Mano de obra - Cargos'!F122 -> 320999.24 | C25: =+'Mano de obra - Cargos'!J122 -> 573704.43 | D25: 3 | E25: =ROUND(+C25/D25,0) -> 191235
A29: Sub-total | F29: =SUM(E25:E28) -> 191235
A30: TOTAL COSTO DIRECTO | F30: =SUM(F6:F29) -> 852428 | G30: 836580
A31: COSTOS INDIRECTOS
A32: ADMINISTRACION | E32: 0.24 | F32: =ROUND((E32*F30),0) -> 204583
A33: IMPREVISTOS | E33: 0.01 | F33: =ROUND((E33*F30),0) -> 8524
A34: UTILIDAD | E34: 0.05 | F34: =ROUND((E34*F30),0) -> 42621
A35: PRECIO TOTAL UNITARIO | F35: =F34+F33+F32+F30 -> 1108156
A38: JOSÉ DAVID VARGAS ARIAS INGENIERO CIVIL | D38: Vo.Bo. ALEJANDRO PARRA COLLAZOS SEC DE PLANEACION

Sheet APU4.1.1
A1: MUNICIPIO LUGAR FECHA Suministro e instalación de circuito de iluminacion en 2#12+1#12T a instalar en tuberia EMT y/o PVC 3/4". Incluye tubería, accesorios y todo lo necesario para su correcto funcionamiento UNIDAD: ml I. EQUIPO | D1: ANALISIS DE PRECIOS UNITARIOS OPORAPA VDA EL CARMEN MAYO DE 2026
A2: UNIDAD: MI I. EQUIPO
A3: Descripción | B3: Tipo | C3: Tarifa/Dia | D3: Rendimiento | E3: Valor Unitario
A4: Herramienta menor | D4: 0.03 | E4: =ROUND(D4*F28,0) -> 273
A9: II. MATERIALES EN OBRA | E9: Sub-total | F9: =SUM(E4:E8) -> 273
A11: Descripcion | B11: Unidad | C11: Precio Unit. | D11: Cantidad | E11: Valor Unitario
A12: CABLE DE COBRE AISLADO No 12 AWG -HF/FR/LS/CT | B12: ML | C12: =+'EST MERCADO'!H23 -> 4345 | D12: 3 | E12: =ROUND(+C12*D12,0) -> 13035
A13: CABLE DE COBRE AISLADO No 14 AWG -HF/FR/LS/CT | B13: ML | C13: =+'EST MERCADO'!H24 -> 3080 | D13: 1 | E13: =ROUND(+C13*D13,0) -> 3080
A14: TUBO GALVANIZADO DE 3/4" | B14: ML | C14: =+'EST MERCADO'!H94 -> 10802 | D14: 1 | E14: =ROUND(+C14*D14,0) -> 10802
A15: UNION EMT 3/4" | B15: UN | C15: =+'EST MERCADO'!H99 -> 1122 | D15: 0.33 | E15: =ROUND(+C15*D15,0) -> 370
A16: TERMINAL EMT 3/4" | B16: UN | C16: =+'EST MERCADO'!H85 -> 1329 | D16: 0.2 | E16: =ROUND(+C16*D16,0) -> 266
A17: ABRAZADERA METALICA 3/4" DOBLE ALA + ANCLAJE | B17: UN | C17: 1200 | D17: 1 | E17: =ROUND(+C17*D17,0) -> 1200
A21: IV. MANO DE OBRA | E21: Sub-Total | F21: =SUM(E10:E20) -> 28753
A23: Trabajador | B23: Jornal | C23: Jornal Total | D23: Rendimiento | E23: Valor Unitario
A24: =+'Mano de obra - Cargos'!C95 -> CUADRILLA TIPO III - (1 Of + 2 Ay) | B24: =+'Mano de obra - Cargos'!F102 -> 204272.25 | C24: =+'Mano de obra - Cargos'!J102 -> 363572.5 | D24: 40 | E24: =ROUND(+C24/D24,0) -> 9089
A28: Sub-total | F28: =SUM(E24:E27) -> 9089
A29: TOTAL COSTO DIRECTO | F29: =SUM(F5:F28) -> 38115 | G29: 36482
A30: COSTOS INDIRECTOS
A31: ADMINISTRACION | E31: 0.24 | F31: =ROUND((E31*F29),0) -> 9148
A32: IMPREVISTOS | E32: 0.01 | F32: =ROUND((E32*F29),0) -> 381
A33: UTILIDAD | E33: 0.05 | F33: =ROUND((E33*F29),0) -> 1906
A34: PRECIO TOTAL UNITARIO | F34: =F33+F32+F31+F29 -> 49550
A37: JOSÉ DAVID VARGAS ARIAS INGENIERO CIVIL | D37: Vo.Bo. ALEJANDRO PARRA COLLAZOS SEC DE PLANEACION

Sheet APU4.1.2
A1: MUNICIPIO LUGAR FECHA Suministro e instalación de salida para tomacorriente. Incluye tubería aparato y todo lo necesario para su cortecto funcionamiento. UNIDAD: ml I. EQUIPO | D1: ANALISIS DE PRECIOS UNITARIOS OPORAPA VDA EL CARMEN MAYO DE 2026 | G1: 4.1.2
A2: Descripciõn | B2: Tipo | C2: Tarifa/Dia | D2: Rendimiento | E2: Valor Unitario
A3: Herramienta menor | D3: 0.03 | E3: =ROUND(D3*F28,0) -> 1363
A8: Il. MATERIALES EN OBRA | E8: Sub-total | F8: =SUM(E3:E7) -> 1363
A10: Descripción | B10: Unidad | C10: Precio Unit. | D10: Cantidad | E10: Valor Unitario
A11: TOMA CORRIENTE DOBLE | B11: UND | C11: =+'EST MERCADO'!H88 -> 6600 | D11: 1 | E11: =ROUND(+C11*D11,0) -> 6600
A12: TUBO GALVANIZADO DE 1/2" X 3 | B12: UND | C12: =+'EST MERCADO'!H92 -> 75339 | D12: 2 | E12: =ROUND(+C12*D12,0) -> 150678
A13: CAJA RADWELD DE 10X10 CM | B13: UND | C13: =+'EST MERCADO'!H29 -> 32186 | D13: 1 | E13: =ROUND(+C13*D13,0) -> 32186
A14: CABLE DE COBRE AISLADO No 12 | B14: ML | C14: =+'EST MERCADO'!H23 -> 4345 | D14: 18 | E14: 53100
A15: AWG -HF/FR/LS/CT
A16: CONECTOR RESORTE | B16: UND | C16: =+'EST MERCADO'!H43 -> 825 | D16: 3 | E16: 2250
A21: IV. MANO DE OBRA | E21: Sub-Total | F21: =SUM(E11:E20) -> 244814
A23: Trabajador | B23: Jornal | C23: Jornal Total | D23: Rendimiento | E23: Valor Unitario
A24: =+'Mano de obra - Cargos'!C95 -> CUADRILLA TIPO III - (1 Of + 2 Ay) | B24: =+'Mano de obra - Cargos'!F102 -> 204272.25 | C24: =+'Mano de obra - Cargos'!J102 -> 363572.5 | D24: 8 | E24: =ROUND(+C24/D24,0) -> 45447
A28: Sub-total | F28: =SUM(E24:E27) -> 45447
A29: TOTAL COSTO DIRECTO | F29: =SUM(F5:F28) -> 291624 | G29: 280024
A30: COSTOS INDIRECTOS
A31: ADMINISTRACION | E31: 0.24 | F31: =ROUND((E31*F29),0) -> 69990
A32: IMPREVISTOS | E32: 0.01 | F32: =ROUND((E32*F29),0) -> 2916
A33: UTILIDAD | E33: 0.05 | F33: =ROUND((E33*F29),0) -> 14581
A34: PRECIO TOTAL UNITARIO | F34: =F33+F32+F31+F29 -> 379111
A37: JOSÉ DAVID VARGAS ARIAS INGENIERO CIVIL | D37: Vo.Bo. ALEJANDRO PARRA COLLAZOS SEC DE PLANEACION

Sheet APU4.1.3
A1: MUNICIPIO LUGAR FECHA Suministro e instalación de camaras de inspeccion de 0,6x0,6 mts para sistema eléctrico en concreto de 2500 PSI UNIDAD: Und I. EQUIPO | D1: ANALISIS DE PRECIOS UNITARIOS OPORAPA VDA EL CARMEN MAYO DE 2026 | G1: 4.1.3
A2: Descripción | B2: I ipo | C2: Tarifa/Dia | D2: Rendimiento | E2: Valor Unitario
A3: Herramienta menor | D3: 0.03 | E3: =ROUND(D3*F27,0) -> 5454
A8: II. MATERIALES EN OBRA | E8: Sub-total | F8: =SUM(E3:E7) -> 5454
A10: Descripcion | B10: Unidad | C10: Precio Unit. | D10: Cantidad | E10: Valor Unitario
A11: Tapa y marco en ángulo de 3/16" DE 60*60 cm | B11: UND | C11: =+'EST MERCADO'!H83 -> 176000 | D11: 1 | E11: =ROUND(+C11*D11,0) -> 176000
A12: Concreto de 2500 P.S.I. | B12: M3 | C12: =+BASICOS!H183 -> 672756 | D12: 0.3 | E12: =ROUND(+C12*D12,0) -> 201827
A13: Placa EH | B13: UND | C13: =+'EST MERCADO'!H64 -> 55000 | D13: 1 | E13: =ROUND(+C13*D13,0) -> 55000
A20: IV. MANO DE OBRA | E20: Sub-Total | F20: =SUM(E11:E19) -> 432827
A22: Trabajador | B22: Jornal | C22: Jornal Total | D22: Rendimiento | E22: Valor Unitario
A23: =+'Mano de obra - Cargos'!C95 -> CUADRILLA TIPO III - (1 Of + 2 Ay) | B23: =+'Mano de obra - Cargos'!F102 -> 204272.25 | C23: =+'Mano de obra - Cargos'!J102 -> 363572.5 | D23: 2 | E23: =ROUND(+C23/D23,0) -> 181786
A27: Sub-total | F27: =SUM(E23:E26) -> 181786
A28: TOTAL COSTO DIRECTO | F28: =SUM(F4:F27) -> 620067
A29: COSTOS INDIRECTOS
A30: ADMINISTRACION | E30: 0.24 | F30: =ROUND((E30*F28),0) -> 148816
A31: IMPREVISTOS | E31: 0.01 | F31: =ROUND((E31*F28),0) -> 6201
A32: UTILIDAD | E32: 0.05 | F32: =ROUND((E32*F28),0) -> 31003
A33: PRECIO TOTAL UNITARIO | F33: =F32+F31+F30+F28 -> 806087
A36: JOSÉ DAVID VARGAS ARIAS INGENIERO CIVIL | D36: Vo.Bo. ALEJANDRO PARRA COLLAZOS SEC DE PLANEACION

Sheet APU4.1.4
A1: MUNICIPIO LUGAR FECHA Suministro e instalación de camaras de inspeccion de 0,4x0,4 mts para sistema eléctrico en concreto de 2500 PSI UNIDAD: Und I. EQUIPO | D1: ANALISIS DE PRECIOS UNITARIOS OPORAPA VDA EL CARMEN MAYO DE 2026 | G1: 4.1.4
A2: Descripcion | B2: Tipo | C2: Tarifa/Dia | D2: Rendimiento | E2: Valor Unitario
A3: Herramienta menor | D3: 0.03 | E3: =ROUND(D3*F27,0) -> 5454
A8: II. MATERIALES EN OBRA | E8: Sub-total | F8: =SUM(E3:E7) -> 5454
A10: Descripcion | B10: Unidad | C10: Precio Unit. | D10: Cantidad | E10: Valor Unitario
A11: Tapa y marco en ángulo de 3/16" DE 40“40 cm | B11: UND | C11: =+'EST MERCADO'!H82 -> 132000 | D11: 1 | E11: =ROUND(+C11*D11,0) -> 132000
A12: Concreto de 2500 P.S.I. | B12: M3 | C12: =+BASICOS!H183 -> 672756 | D12: 0.17 | E12: =ROUND(+C12*D12,0) -> 114369
A13: Placa EN | B13: UND | C13: =+'EST MERCADO'!H64 -> 55000 | D13: 1 | E13: =ROUND(+C13*D13,0) -> 55000
A20: IV. MANO DE OBRA | E20: Sub-Total | F20: =SUM(E11:E19) -> 301369
A22: Trabajador | B22: Jornal | C22: JornalTotal | D22: Rendimiento | E22: Valor Unitario
A23: =+'Mano de obra - Cargos'!C95 -> CUADRILLA TIPO III - (1 Of + 2 Ay) | B23: =+'Mano de obra - Cargos'!F102 -> 204272.25 | C23: =+'Mano de obra - Cargos'!J102 -> 363572.5 | D23: 2 | E23: =ROUND(+C23/D23,0) -> 181786
A27: Sub-total | F27: =SUM(E23:E26) -> 181786
A28: TOTAL COSTO DIRECTO | F28: =SUM(F4:F27) -> 488609 | G28: 497350
A29: COSTOS INDIRECTOS
A30: ADMINISTRACION | E30: 0.24 | F30: =ROUND((E30*F28),0) -> 117266
A31: IMPREVISTOS | E31: 0.01 | F31: =ROUND((E31*F28),0) -> 4886
A32: UTILIDAD | E32: 0.05 | F32: =ROUND((E32*F28),0) -> 24430
A33: PRECIO TOTAL UNITARIO | F33: 635192
A36: JOSÉ DAVID VARGAS ARIAS INGENIERO CIVIL | D36: Vo.Bo. ALEJANDRO PARRA COLLAZOS SEC DE PLANEACION

Sheet APU4.1.5
A1: MUNICIPIO LUGAR FECHA Suministro e instalación de circuito alimentador en cable antifraude 2#6+1#6 AWG para tablero de distribución. Incluye tubería PVC DB 2", accesorios y todo lo necesario para su correcto funcionamiento UNIDAD: ml I. EQUIPO | D1: ANALISIS DE PRECIOS UNITARIOS OPORAPA VDA EL CARMEN MAYO DE 2026 | G1: 4.1.5
A2: Descripcion | B2: Tipo | C2: Tarifa/Dia | D2: Rendimiento | E2: Valor Unitario
A3: Herramienta menor | D3: 0.03 | E3: =ROUND(D3*F27,0) -> 242
A8: II. MATERIALES EN OBRA | E8: Sub-total | F8: =SUM(E3:E7) -> 242
A10: Descripcion | B10: Unidad | C10: Precio Unit. | D10: Cantidad | E10: Valor Unitario
A11: CABLE ANTIFRAUDE 2#6+1#6 AWG | B11: ML | C11: =+'EST MERCADO'!H22 -> 61160 | D11: 1 | E11: =ROUND(+C11*D11,0) -> 61160
A12: TUBO PVC TIPO PESADO DE 2" X 3 MTRS | B12: UND | C12: =+'EST MERCADO'!H98 -> 20757 | D12: 0.33 | E12: =ROUND(+C12*D12,0) -> 6850
A20: IV. MANO DE OBRA | E20: Sub-Total | F20: =SUM(E11:E19) -> 68010
A22: Trabajador | B22: Jornal | C22: JornalTotal | D22: Rendimiento | E22: Valor Unitario
A23: =+'Mano de obra - Cargos'!C95 -> CUADRILLA TIPO III - (1 Of + 2 Ay) | B23: =+'Mano de obra - Cargos'!F102 -> 204272.25 | C23: =+'Mano de obra - Cargos'!J102 -> 363572.5 | D23: 45 | E23: =ROUND(+C23/D23,0) -> 8079
A27: Sub-total | F27: =SUM(E23:E26) -> 8079
A28: TOTAL COSTO DIRECTO | F28: =SUM(F4:F27) -> 76331 | G28: 70971
A29: COSTOS INDIRECTOS
A30: ADMINISTRACION | E30: 0.24 | F30: =ROUND((E30*F28),0) -> 18319
A31: IMPREVISTOS | E31: 0.01 | F31: =ROUND((E31*F28),0) -> 763
A32: UTILIDAD | E32: 0.05 | F32: =ROUND((E32*F28),0) -> 3817
A33: PRECIO TOTAL UNITARIO | F33: =F32+F31+F30+F28 -> 99230
A36: JOSÉ DAVID VARGAS ARIAS INGENIERO CIVIL | D36: Vo.Bo. ALEJANDRO PARRA COLLAZOS SEC DE PLANEACION

Sheet APU4.1.6
A1: MUNICIPIO LUGAR FECHA Suministro e instalación de bajante de 2" IMC para acometida general en cable antifraude 2#6+1#6 AWG. UNIDAD: ml I. EQUIPO | D1: ANALISIS DE PRECIOS UNITARIOS OPORAPA VDA EL CARMEN MAYO DE 2026 | G1: 4.1.6
A2: Descripcion | B2: Tipo | C2: Tarifa/Dia | D2: Rendimiento | E2: Valor Unitario
A3: Herramienta menor | D3: 0.03 | E3: =ROUND(D3*F30,0) -> 7271
A8: II. MATERIALES EN OBRA | E8: Sub-total | F8: =SUM(E3:E7) -> 7271
A10: Descripcion | B10: Unidad | C10: Precio Unit. | D10: Cantidad | E10: Valor Unitario
A11: HEBILLA BANDIT DE ACERO NOXIDABLE DE 5/8" | B11: UND | C11: =+'EST MERCADO'!H53 -> 1012 | D11: 6 | E11: =ROUND(+C11*D11,0) -> 6072
A12: CINTA DE ACERO INOXIDABLE BANDIT DE 5/8" X MT | B12: UND | C12: =+'EST MERCADO'!H37 -> 3643 | D12: 6 | E12: =ROUND(+C12*D12,0) -> 21858
A13: CONDULETADE2" | B13: UND | C13: =+'EST MERCADO'!H42 -> 9172 | D13: 1 | E13: =ROUND(+C13*D13,0) -> 9172
A14: TUBO GALVANIZADO DE 2" X 3 MTS | B14: UND | C14: =+'EST MERCADO'!H93 -> 171270 | D14: 2 | E14: =ROUND(+C14*D14,0) -> 342540
A15: TERMINAL RECTO DE 2" | B15: UND | C15: =+'EST MERCADO'!H86 -> 10753 | D15: 2 | E15: =ROUND(+C15*D15,0) -> 21506
A16: TERMINAL CURVO DE 2" | B16: UND | C16: =+'EST MERCADO'!H84 -> 14168 | D16: 2 | E16: =ROUND(+C16*D16,0) -> 28336
A17: CABLEANTIFRAUDE 2#6+1#6 | B17: ML | C17: =+'EST MERCADO'!H27 -> 50050 | D17: 12 | E17: =ROUND(+C17*D17,0) -> 600600
A18: CONECTOR DE PERFORACION | B18: UND | C18: =+'EST MERCADO'!H46 -> 21505 | D18: 3 | E18: =ROUND(+C18*D18,0) -> 64515
A23: IV. MANO DE OBRA | E23: Sub-Total | F23: =SUM(E11:E22) -> 1094599
A25: Trabajador | B25: Jornal | C25: JornalTotal | D25: Rendimiento | E25: Valor Unitario
A26: =+'Mano de obra - Cargos'!C95 -> CUADRILLA TIPO III - (1 Of + 2 Ay) | B26: =+'Mano de obra - Cargos'!F102 -> 204272.25 | C26: =+'Mano de obra - Cargos'!J102 -> 363572.5 | D26: 1.5 | E26: =ROUND(+C26/D26,0) -> 242382
A30: Sub-total | F30: =SUM(E26:E29) -> 242382
A31: TOTAL COSTO DIRECTO | F31: =SUM(F4:F30) -> 1344252
A32: COSTOS INDIRECTOS
A33: ADMINISTRACION | E33: 0.24 | F33: =ROUND((E33*F31),0) -> 322620
A34: IMPREVISTOS | E34: 0.01 | F34: =ROUND((E34*F31),0) -> 13443
A35: UTILIDAD | E35: 0.05 | F35: =ROUND((E35*F31),0) -> 67213
A36: PRECIO TOTAL UNITARIO | F36: =F35+F34+F33+F31 -> 1747528
A39: JOSÉ DAVID VARGAS ARIAS INGENIERO CIVIL | D39: Vo.Bo. ALEJANDRO PARRA COLLAZOS SEC DE PLANEACION

Sheet APU4.2.1
A1: MUNICIPIO LUGAR FECHA Suministro e instalación de punta captadora convencional ipo Frankin roscada a instalar en tuberia IMC 3/4% UNIDAD: Und I. EQUIPO | D1: ANALISIS DE PRECIOS UNITARIOS OPORAPA VDA EL CARMEN MAYO DE 2026 | G1: 4.2.1
A2: Descripcion | B2: Tipo | C2: Tarifa/Dia | D2: Rendimiento | E2: Valor Unitario
A3: Herramienta menor | D3: 0.03 | E3: =ROUND(D3*F25,0) -> 727
A8: II. MATERIALES EN OBRA | E8: Sub-total | F8: =SUM(E3:E7) -> 727
A10: Descripcion | B10: Unidad | C10: Precio Unit. | D10: Cantidad | E10: Valor Unitario
A11: PUNTA TIPO FRANKLIN DE 60 CM | B11: Und | C11: =+'EST MERCADO'!H68 -> 132990 | D11: 1 | E11: =ROUND(+C11*D11,0) -> 132990
A18: IV. MANO DE OBRA | E18: Sub-Total | F18: =SUM(E11:E17) -> 132990
A20: Trabajador | B20: Jornal | C20: JornalTotal | D20: Rendimiento | E20: Valor Unitario
A21: =+'Mano de obra - Cargos'!C95 -> CUADRILLA TIPO III - (1 Of + 2 Ay) | B21: =+'Mano de obra - Cargos'!F102 -> 204272.25 | C21: =+'Mano de obra - Cargos'!J102 -> 363572.5 | D21: 15 | E21: =ROUND(+C21/D21,0) -> 24238
A25: Sub-total | F25: =SUM(E21:E24) -> 24238
A26: TOTAL COSTO DIRECTO | F26: =SUM(F4:F25) -> 157955 | G26: 148332
A27: COSTOS INDIRECTOS
A28: ADMINISTRACION | E28: 0.24 | F28: =ROUND((E28*F26),0) -> 37909
A29: IMPREVISTOS | E29: 0.01 | F29: =ROUND((E29*F26),0) -> 1580
A30: UTILIDAD | E30: 0.05 | F30: =ROUND((E30*F26),0) -> 7898
A31: PRECIO TOTAL UNITARIO | F31: =F30+F29+F28+F26 -> 205342
A34: JOSÉ DAVID VARGAS ARIAS INGENIERO CIVIL | D34: Vo.Bo. ALEJANDRO PARRA COLLAZOS SEC DE PLANEACION

Sheet APU4.2.2
A1: MUNICIPIO LUGAR FECHA Suministro e instalación de tuberia IMC de 3/4" x 1.5m para soportar puntas Franklin. Incluye soportes y todo lo necesario para su correcto funcionamiento. UNIDAD: Und I. EQUIPO | D1: ANALISIS DE PRECIOS UNITARIOS OPORAPA VDA EL CARMEN MAYO DE 2026 | G1: 4.2.2
A2: Descripcion | B2: Tipo | C2: Tarifa/Dia | D2: Rendimiento | E2: Valor Unitario
A3: Herramienta menor | D3: 0.03 | E3: =ROUND(D3*F25,0) -> 682
A8: II. MATERIALES EN OBRA | E8: Sub-total | F8: =SUM(E3:E7) -> 682
A10: Descripcion | B10: Unidad | C10: Precio Unit. | D10: Cantidad | E10: Valor Unitario
A11: TUBO GALVANIZADO DE 3/4" X 3 MTS | B11: Und | C11: =+'EST MERCADO'!H91 -> 65450 | D11: 1.5 | E11: =ROUND(+C11*D11,0) -> 98175
A12: ANCLAJES PARA FIJACION DE PUNTA FRANKLIN | B12: Und | C12: =+'EST MERCADO'!H14 -> 53350 | D12: 1 | E12: =ROUND(+C12*D12,0) -> 53350
A18: IV. MANO DE OBRA | E18: Sub-Total | F18: =SUM(E11:E17) -> 151525
A20: Trabajador | B20: Jornal | C20: JornalTotal | D20: Rendimiento | E20: Valor Unitario
A21: =+'Mano de obra - Cargos'!C95 -> CUADRILLA TIPO III - (1 Of + 2 Ay) | B21: =+'Mano de obra - Cargos'!F102 -> 204272.25 | C21: =+'Mano de obra - Cargos'!J102 -> 363572.5 | D21: 16 | E21: =ROUND(+C21/D21,0) -> 22723
A25: Sub-total | F25: =SUM(E21:E24) -> 22723
A26: TOTAL COSTO DIRECTO | F26: =SUM(F4:F25) -> 174930 | G26: 163468
A27: COSTOS INDIRECTOS
A28: ADMINISTRACION | E28: 0.24 | F28: =ROUND((E28*F26),0) -> 41983
A29: IMPREVISTOS | E29: 0.01 | F29: =ROUND((E29*F26),0) -> 1749
A30: UTILIDAD | E30: 0.05 | F30: =ROUND((E30*F26),0) -> 8747
A31: PRECIO TOTAL UNITARIO | F31: =F30+F29+F28+F26 -> 227409
A34: JOSÉ DAVID VARGAS ARIAS INGENIERO CIVIL | D34: Vo.Bo. ALEJANDRO PARRA COLLAZOS SEC DE PLANEACION

Sheet APU4.2.3
A1: MUNICIPIO LUGAR FECHA Suministro e instalación de alambron 8 mm a instalar en techo. UNIDAD: ml I. EQUIPO | D1: ANALISIS DE PRECIOS UNITARIOS OPORAPA VDA EL CARMEN MAYO DE 2026 | G1: 4.2.3
A2: Descripcion | B2: Tipo | C2: Tarifa/Dia | D2: Rendimiento | E2: Valor Unitario
A3: Herramienta menor | D3: 0.03 | E3: =ROUND(D3*F25,0) -> 273
A8: II. MATERIALES EN OBRA | E8: Sub-total | F8: =SUM(E3:E7) -> 273
A10: Descripcion | B10: Unidad | C10: Precio Unit. | D10: Cantidad | E10: Valor Unitario
A11: ALAMBRON METALICO GALVANIZADO DE 8 MM | B11: ml | C11: =+'EST MERCADO'!H13 -> 3190 | D11: 1 | E11: =ROUND(+C11*D11,0) -> 3190
A12: SOPORTE SNAP PLASTICO PARA ALAMBRON | B12: Und | C12: =+'EST MERCADO'!H79 -> 9790 | D12: 1 | E12: =ROUND(+C12*D12,0) -> 9790
A18: IV. MANO DE OBRA | E18: Sub-Total | F18: =SUM(E11:E17) -> 12980
A20: Trabajador | B20: Jornal | C20: JornalTotal | D20: Rendimiento | E20: Valor Unitario
A21: =+'Mano de obra - Cargos'!C95 -> CUADRILLA TIPO III - (1 Of + 2 Ay) | B21: =+'Mano de obra - Cargos'!F102 -> 204272.25 | C21: =+'Mano de obra - Cargos'!J102 -> 363572.5 | D21: 40 | E21: =ROUND(+C21/D21,0) -> 9089
A25: Sub-total | F25: =SUM(E21:E24) -> 9089
A26: TOTAL COSTO DIRECTO | F26: =SUM(F4:F25) -> 22342 | G26: 22286
A27: COSTOS INDIRECTOS
A28: ADMINISTRACION | E28: 0.24 | F28: =ROUND((E28*F26),0) -> 5362
A29: IMPREVISTOS | E29: 0.01 | F29: =ROUND((E29*F26),0) -> 223
A30: UTILIDAD | E30: 0.05 | F30: =ROUND((E30*F26),0) -> 1117
A31: PRECIO TOTAL UNITARIO | F31: =F30+F29+F28+F26 -> 29044
A34: JOSÉ DAVID VARGAS ARIAS INGENIERO CIVIL | D34: Vo.Bo. ALEJANDRO PARRA COLLAZOS SEC DE PLANEACION

Sheet APU4.2.4
A1: MUNICIPIO LUGAR FECHA Suministro e instalación de bajantes en cable de aluminio 1/0 AWG a instalar en tubería IMC 3/4". UNIDAD:Und I. EQUIPO | D1: ANALISIS DE PRECIOS UNITARIOS OPORAPA VDA EL CARMEN MAYO DE 2026 | G1: 4.2.4
A2: Descripcion | B2: Tipo | C2: Tarifa/Dia | D2: Rendimiento | E2: Valor Unitario
A3: Herramienta menor | D3: 0.03 | E3: =ROUND(D3*F25,0) -> 1818
A8: II. MATERIALES EN OBRA | E8: Sub-total | F8: =SUM(E3:E7) -> 1818
A10: Descripcion | B10: Unidad | C10: Precio Unit. | D10: Cantidad | E10: Valor Unitario
A11: TUBO GALVANIZADO DE 3/4" X 3 MTS | B11: UND | C11: =+'EST MERCADO'!H91 -> 65450 | D11: 3 | E11: =ROUND(+C11*D11,0) -> 196350
A12: ABRAZADERA METALICA 3/4’ DOBLE ALA + ANCLAJE | B12: UND | C12: 1200 | D12: 8 | E12: =ROUND(+C12*D12,0) -> 9600
A13: CONECTOR AL-AL PARA APANTALLAMIENTO | B13: UND | C13: =+'EST MERCADO'!H44 -> 39210 | D13: 1 | E13: =ROUND(+C13*D13,0) -> 39210
A14: CONECTOR AL-CU PAG APANTALLAMIENTO | B14: UND | C14: =+'EST MERCADO'!H45 -> 37191 | D14: 1 | E14: =ROUND(+C14*D14,0) -> 37191
A15: CONDUCTOR ACSR No. 1/0 AWG POR MT. | B15: ML | C15: =+'EST MERCADO'!H41 -> 3883 | D15: 10 | E15: =ROUND(+C15*D15,0) -> 38830
A18: IV. MANO DE OBRA | E18: Sub-Total | F18: =SUM(E11:E17) -> 321181
A20: Trabajador | B20: Jornal | C20: JornalTotal | D20: Rendimiento | E20: Valor Unitario
A21: =+'Mano de obra - Cargos'!C95 -> CUADRILLA TIPO III - (1 Of + 2 Ay) | B21: =+'Mano de obra - Cargos'!F102 -> 204272.25 | C21: =+'Mano de obra - Cargos'!J102 -> 363572.5 | D21: 6 | E21: =ROUND(+C21/D21,0) -> 60595
A25: Sub-total | F25: =SUM(E21:E24) -> 60595
A26: TOTAL COSTO DIRECTO | F26: =SUM(F4:F25) -> 383594 | G26: 359411
A27: COSTOS INDIRECTOS
A28: ADMINISTRACION | E28: 0.24 | F28: =ROUND((E28*F26),0) -> 92063
A29: IMPREVISTOS | E29: 0.01 | F29: =ROUND((E29*F26),0) -> 3836
A30: UTILIDAD | E30: 0.05 | F30: =ROUND((E30*F26),0) -> 19180
A31: PRECIO TOTAL UNITARIO | F31: =F30+F29+F28+F26 -> 498673
A34: JOSÉ DAVID VARGAS ARIAS INGENIERO CIVIL | D34: Vo.Bo. ALEJANDRO PARRA COLLAZOS SEC DE PLANEACION

Sheet APU4.2.5
A1: MUNICIPIO LUGAR FECHA Suministro e instalación de bajantes en cable de aluminio 1/0 AWG a instalar en tubería IMC 3/4". UNIDAD:Und I. EQUIPO | D1: ANALISIS DE PRECIOS UNITARIOS OPORAPA VDA EL CARMEN MAYO DE 2026 | G1: 4.2.5
A2: Descripcion | B2: Tipo | C2: Tarifa/Dia | D2: Rendimiento | E2: Valor Unitario
A3: Herramienta menor | D3: 0.03 | E3: =ROUND(D3*F25,0) -> 1363
A8: II. MATERIALES EN OBRA | E8: Sub-total | F8: =SUM(E3:E7) -> 1363
A10: Descripcion | B10: Unidad | C10: Precio Unit. | D10: Cantidad | E10: Valor Unitario
A11: VARILLA COOPER WELL 2.4 DE 1/2 | B11: UND | C11: =+'EST MERCADO'!H103 -> 258170 | D11: 1 | E11: =ROUND(+C11*D11,0) -> 258170
A18: IV. MANO DE OBRA | E18: Sub-Total | F18: =SUM(E11:E17) -> 258170
A20: Trabajador | B20: Jornal | C20: JornalTotal | D20: Rendimiento | E20: Valor Unitario
A21: =+'Mano de obra - Cargos'!C95 -> CUADRILLA TIPO III - (1 Of + 2 Ay) | B21: =+'Mano de obra - Cargos'!F102 -> 204272.25 | C21: =+'Mano de obra - Cargos'!J102 -> 363572.5 | D21: 8 | E21: =ROUND(+C21/D21,0) -> 45447
A25: Sub-total | F25: =SUM(E21:E24) -> 45447
A26: TOTAL COSTO DIRECTO | F26: =SUM(F4:F25) -> 304980
A27: COSTOS INDIRECTOS
A28: ADMINISTRACION | E28: 0.24 | F28: =ROUND((E28*F26),0) -> 73195
A29: IMPREVISTOS | E29: 0.01 | F29: =ROUND((E29*F26),0) -> 3050
A30: UTILIDAD | E30: 0.05 | F30: =ROUND((E30*F26),0) -> 15249
A31: PRECIO TOTAL UNITARIO | F31: =F30+F29+F28+F26 -> 396474
A34: JOSÉ DAVID VARGAS ARIAS INGENIERO CIVIL | D34: Vo.Bo. ALEJANDRO PARRA COLLAZOS SEC DE PLANEACION

Sheet APU4.2.6
A1: MUNICIPIO LUGAR FECHA Suministro e instalación de soldadura exotérmica de 90gr. UNIDAD:Und I. EQUIPO | D1: ANALISIS DE PRECIOS UNITARIOS OPORAPA VDA EL CARMEN MAYO DE 2026 | G1: 4.2.6
A2: Descripcion | B2: Tipo | C2: Tarifa/Dia | D2: Rendimiento | E2: Valor Unitario
A3: Herramienta menor | D3: 0.03 | E3: =ROUND(D3*F25,0) -> 1091
A8: II. MATERIALES EN OBRA | E8: Sub-total | F8: =SUM(E3:E7) -> 1091
A10: Descripcion | B10: Unidad | C10: Precio Unit. | D10: Cantidad | E10: Valor Unitario
A11: SOLDADURA CADWELD 110 GR | B11: UND | C11: =+'EST MERCADO'!H78 -> 24310 | D11: 1 | E11: =ROUND(+C11*D11,0) -> 24310
A18: IV. MANO DE OBRA | E18: Sub-Total | F18: =SUM(E11:E17) -> 24310
A20: Trabajador | B20: Jornal | C20: JornalTotal | D20: Rendimiento | E20: Valor Unitario
A21: =+'Mano de obra - Cargos'!C95 -> CUADRILLA TIPO III - (1 Of + 2 Ay) | B21: =+'Mano de obra - Cargos'!F102 -> 204272.25 | C21: =+'Mano de obra - Cargos'!J102 -> 363572.5 | D21: 10 | E21: =ROUND(+C21/D21,0) -> 36357
A25: Sub-total | F25: =SUM(E21:E24) -> 36357
A26: TOTAL COSTO DIRECTO | F26: =SUM(F4:F25) -> 61758 | G26: 64048
A27: COSTOS INDIRECTOS
A28: ADMINISTRACION | E28: 0.24 | F28: =ROUND((E28*F26),0) -> 14822
A29: IMPREVISTOS | E29: 0.01 | F29: =ROUND((E29*F26),0) -> 618
A30: UTILIDAD | E30: 0.05 | F30: =ROUND((E30*F26),0) -> 3088
A31: PRECIO TOTAL UNITARIO | F31: =F30+F29+F28+F26 -> 80286
A34: JOSÉ DAVID VARGAS ARIAS INGENIERO CIVIL | D34: Vo.Bo. ALEJANDRO PARRA COLLAZOS SEC DE PLANEACION

Sheet APU4.2.7
A1: MUNICIPIO LUGAR FECHA Suministro e instalación de caja de inspección 30x30cm. UNIDAD:Und I. EQUIPO | D1: ANALISIS DE PRECIOS UNITARIOS OPORAPA VDA EL CARMEN MAYO DE 2026 | G1: 4.2.7
A2: Descripcion | B2: Tipo | C2: Tarifa/Dia | D2: Rendimiento | E2: Valor Unitario
A3: Herramienta menor | D3: 0.03 | E3: =ROUND(D3*F25,0) -> 3636
A8: II. MATERIALES EN OBRA | E8: Sub-total | F8: =SUM(E3:E7) -> 3636
A10: Descripcion | B10: Unidad | C10: Precio Unit. | D10: Cantidad | E10: Valor Unitario
A11: camaras de inspeccion CS 274 de 0,4x0,4 mtrs, marco en angulo de 1 1/2"x1 1/2"x3/16" y tapa en platina de 1 1/2"x3/16" y varilla de 3/8" | B11: UND | C11: =+'EST MERCADO'!H30 -> 242000 | D11: 1 | E11: =ROUND(+C11*D11,0) -> 242000
A18: IV. MANO DE OBRA | E18: Sub-Total | F18: =SUM(E11:E17) -> 242000
A20: Trabajador | B20: Jornal | C20: JornalTotal | D20: Rendimiento | E20: Valor Unitario
A21: =+'Mano de obra - Cargos'!C95 -> CUADRILLA TIPO III - (1 Of + 2 Ay) | B21: =+'Mano de obra - Cargos'!F102 -> 204272.25 | C21: =+'Mano de obra - Cargos'!J102 -> 363572.5 | D21: 3 | E21: =ROUND(+C21/D21,0) -> 121191
A25: Sub-total | F25: =SUM(E21:E24) -> 121191
A26: TOTAL COSTO DIRECTO | F26: =SUM(F4:F25) -> 366827 | G26: 359824
A27: COSTOS INDIRECTOS
A28: ADMINISTRACION | E28: 0.24 | F28: =ROUND((E28*F26),0) -> 88038
A29: IMPREVISTOS | E29: 0.01 | F29: =ROUND((E29*F26),0) -> 3668
A30: UTILIDAD | E30: 0.05 | F30: =ROUND((E30*F26),0) -> 18341
A31: PRECIO TOTAL UNITARIO | F31: =F30+F29+F28+F26 -> 476874
A34: JOSÉ DAVID VARGAS ARIAS INGENIERO CIVIL | D34: Vo.Bo. ALEJANDRO PARRA COLLAZOS SEC DE PLANEACION

Sheet APU4.2.8
A1: MUNICIPIO LUGAR FECHA Suministro e insta cable de cobre desnudo 2/0 AWG a enterrar directamente. UNIDAD:Und I. EQUIPO | D1: ANALISIS DE PRECIOS UNITARIOS OPORAPA VDA EL CARMEN MAYO DE 2026 | G1: 4.2.8
A2: Descripcion | B2: Tipo | C2: Tarifa/Dia | D2: Rendimiento | E2: Valor Unitario
A3: Herramienta menor | D3: 0.03 | E3: =ROUND(D3*F25,0) -> 273
A8: II. MATERIALES EN OBRA | E8: Sub-total | F8: =SUM(E3:E7) -> 273
A10: Descripcion | B10: Unidad | C10: Precio Unit. | D10: Cantidad | E10: Valor Unitario
A11: GABLE DE COBRE DESNUDO 2/0 AWG | B11: ml | C11: =+'EST MERCADO'!H25 -> 57145 | D11: 1 | E11: =ROUND(+C11*D11,0) -> 57145
A18: IV. MANO DE OBRA | E18: Sub-Total | F18: =SUM(E11:E17) -> 57145
A20: Trabajador | B20: Jornal | C20: JornalTotal | D20: Rendimiento | E20: Valor Unitario
A21: =+'Mano de obra - Cargos'!C95 -> CUADRILLA TIPO III - (1 Of + 2 Ay) | B21: =+'Mano de obra - Cargos'!F102 -> 204272.25 | C21: =+'Mano de obra - Cargos'!J102 -> 363572.5 | D21: 40 | E21: =ROUND(+C21/D21,0) -> 9089
A25: Sub-total | F25: =SUM(E21:E24) -> 9089
A26: TOTAL COSTO DIRECTO | F26: =SUM(F4:F25) -> 66507 | G26: 62436
A27: COSTOS INDIRECTOS
A28: ADMINISTRACION | E28: 0.24 | F28: =ROUND((E28*F26),0) -> 15962
A29: IMPREVISTOS | E29: 0.01 | F29: =ROUND((E29*F26),0) -> 665
A30: UTILIDAD | E30: 0.05 | F30: =ROUND((E30*F26),0) -> 3325
A31: PRECIO TOTAL UNITARIO | F31: =F30+F29+F28+F26 -> 86459
A34: JOSÉ DAVID VARGAS ARIAS INGENIERO CIVIL | D34: Vo.Bo. ALEJANDRO PARRA COLLAZOS SEC DE PLANEACION

Sheet APU4.3.1
A1: MUNICIPIO LUGAR FECHA Suministro e insta cable de cobre desnudo 2/0 AWG a enterrar directamente. UNIDAD:Und I. EQUIPO | D1: ANALISIS DE PRECIOS UNITARIOS OPORAPA VDA EL CARMEN MAYO DE 2026 | G1: 4.3.1
A2: Descripcion | B2: Tipo | C2: Tarifa/Dia | D2: Rendimiento | E2: Valor Unitario
A3: Herramienta menor | D3: 0.03 | E3: =ROUND(D3*F25,0) -> 5454
A4: Sección andamio | C4: 6500 | D4: 0.5 | E4: =ROUND(+C4/D4,0) -> 13000
A8: II. MATERIALES EN OBRA | E8: Sub-total | F8: =SUM(E3:E7) -> 18454
A10: Descripcion | B10: Unidad | C10: Precio Unit. | D10: Cantidad | E10: Valor Unitario
A11: Proyector Led de 200 W | B11: und | C11: =+'EST MERCADO'!H67 -> 462000 | D11: 1 | E11: =ROUND(+C11*D11,0) -> 462000
A18: IV. MANO DE OBRA | E18: Sub-Total | F18: =SUM(E11:E17) -> 462000
A20: Trabajador | B20: Jornal | C20: JornalTotal | D20: Rendimiento | E20: Valor Unitario
A21: =+'Mano de obra - Cargos'!C95 -> CUADRILLA TIPO III - (1 Of + 2 Ay) | B21: =+'Mano de obra - Cargos'!F102 -> 204272.25 | C21: =+'Mano de obra - Cargos'!J102 -> 363572.5 | D21: 2 | E21: =ROUND(+C21/D21,0) -> 181786
A25: Sub-total | F25: =SUM(E21:E24) -> 181786
A26: TOTAL COSTO DIRECTO | F26: =SUM(F4:F25) -> 662240 | G26: 642736
A27: COSTOS INDIRECTOS
A28: ADMINISTRACION | E28: 0.24 | F28: =ROUND((E28*F26),0) -> 158938
A29: IMPREVISTOS | E29: 0.01 | F29: =ROUND((E29*F26),0) -> 6622
A30: UTILIDAD | E30: 0.05 | F30: =ROUND((E30*F26),0) -> 33112
A31: PRECIO TOTAL UNITARIO | F31: =F30+F29+F28+F26 -> 860912
A34: JOSÉ DAVID VARGAS ARIAS INGENIERO CIVIL | D34: Vo.Bo. ALEJANDRO PARRA COLLAZOS SEC DE PLANEACION

Sheet APU4.4.1
A1: MUNICIPIO LUGAR FECHA Suministro e instalacion de caja para medidor. Incluye medidor bifasico y breaker UNIDAD:Und I. EQUIPO | D1: ANALISIS DE PRECIOS UNITARIOS OPORAPA VDA EL CARMEN MAYO DE 2026 | G1: 4.4.1
A2: Descripcion | B2: Tipo | C2: Tarifa/Dia | D2: Rendimiento | E2: Valor Unitario
A3: Herramienta menor | D3: 0.03 | E3: =ROUND(D3*F25,0) -> 7271
A8: II. MATERIALES EN OBRA | E8: Sub-total | F8: =SUM(E3:E7) -> 7271
A10: Descripcion | B10: Unidad | C10: Precio Unit. | D10: Cantidad | E10: Valor Unitario
A11: CONTADOR BIFASICO ELECTRONICO 5(1000) A 208/120 V | B11: UND | C11: =+'EST MERCADO'!H47 -> 394350 | D11: 1 | E11: =ROUND(+C11*D11,0) -> 394350
A12: ENCHUFABLE | B12: UND | C12: =+'EST MERCADO'!H48 -> 47918 | D12: 1 | E12: =ROUND(+C12*D12,0) -> 47918
A13: Cable No.8 Verde | B13: m | C13: =+'EST MERCADO'!H26 -> 4703 | D13: 10 | E13: =ROUND(+C13*D13,0) -> 47030
A14: Caja metalica para medidor | B14: UND | C14: =+'EST MERCADO'!H28 -> 168300 | D14: 1 | E14: =ROUND(+C14*D14,0) -> 168300
A18: IV. MANO DE OBRA | E18: Sub-Total | F18: =SUM(E11:E17) -> 657598
A20: Trabajador | B20: Jornal | C20: JornalTotal | D20: Rendimiento | E20: Valor Unitario
A21: =+'Mano de obra - Cargos'!C95 -> CUADRILLA TIPO III - (1 Of + 2 Ay) | B21: =+'Mano de obra - Cargos'!F102 -> 204272.25 | C21: =+'Mano de obra - Cargos'!J102 -> 363572.5 | D21: 1.5 | E21: =ROUND(+C21/D21,0) -> 242382
A25: Sub-total | F25: =SUM(E21:E24) -> 242382
A26: TOTAL COSTO DIRECTO | F26: =SUM(F4:F25) -> 907251 | G26: 877461
A27: COSTOS INDIRECTOS
A28: ADMINISTRACION | E28: 0.24 | F28: =ROUND((E28*F26),0) -> 217740
A29: IMPREVISTOS | E29: 0.01 | F29: =ROUND((E29*F26),0) -> 9073
A30: UTILIDAD | E30: 0.05 | F30: =ROUND((E30*F26),0) -> 45363
A31: PRECIO TOTAL UNITARIO | F31: =F30+F29+F28+F26 -> 1179427
A34: JOSÉ DAVID VARGAS ARIAS INGENIERO CIVIL | D34: Vo.Bo. ALEJANDRO PARRA COLLAZOS SEC DE PLANEACION

Sheet APU4.4.2
A1: MUNICIPIO LUGAR FECHA Suministro e instalacion de tablero de control de alumbrado.UNIDAD:Und I. EQUIPO | D1: ANALISIS DE PRECIOS UNITARIOS OPORAPA VDA EL CARMEN MAYO DE 2026 | G1: 4.4.2
A2: Descripcion | B2: Tipo | C2: Tarifa/Dia | D2: Rendimiento | E2: Valor Unitario
A3: Herramienta menor | D3: 0.03 | E3: =ROUND(D3*F30,0) -> 10907
A8: II. MATERIALES EN OBRA | E8: Sub-total | F8: =SUM(E3:E7) -> 10907
A10: Descripcion | B10: Unidad | C10: Precio Unit. | D10: Cantidad | E10: Valor Unitario
A11: Riel Omega | B11: UND | C11: =+'EST MERCADO'!H70 -> 29392 | D11: 1 | E11: =ROUND(+C11*D11,0) -> 29392
A12: Selector de dos posiciones | B12: UND | C12: =+'EST MERCADO'!H71 -> 36134 | D12: 3 | E12: =ROUND(+C12*D12,0) -> 108402
A13: borneras para tierra | B13: UND | C13: =+'EST MERCADO'!H20 -> 9460 | D13: 3 | E13: =ROUND(+C13*D13,0) -> 28380
A14: Frenos | B14: UND | C14: =+'EST MERCADO'!H51 -> 2200 | D14: 5 | E14: =ROUND(+C14*D14,0) -> 11000
A15: Cofre metalico | B15: UND | C15: =+'EST MERCADO'!H40 -> 429000 | D15: 1 | E15: =ROUND(+C15*D15,0) -> 429000
A16: Barraje de cobre | B16: UND | C16: =+'EST MERCADO'!H19 -> 20900 | D16: 4 | E16: =ROUND(+C16*D16,0) -> 83600
A17: Acrílico de proteccion | B17: UND | C17: =+'EST MERCADO'!H11 -> 22000 | D17: 1 | E17: =ROUND(+C17*D17,0) -> 22000
A18: Minibreaker 2x16A | B18: UND | C18: =+'EST MERCADO'!H59 -> 118800 | D18: 4 | E18: =ROUND(+C18*D18,0) -> 475200
A19: Minibreaker 1x16A | B19: UND | C19: =+'EST MERCADO'!H58 -> 47559 | D19: 2 | E19: =ROUND(+C19*D19,0) -> 95118
A23: IV. MANO DE OBRA | E23: Sub-Total | F23: =SUM(E11:E22) -> 1282092
A25: Trabajador | B25: Jornal | C25: JornalTotal | D25: Rendimiento | E25: Valor Unitario
A26: =+'Mano de obra - Cargos'!C95 -> CUADRILLA TIPO III - (1 Of + 2 Ay) | B26: =+'Mano de obra - Cargos'!F102 -> 204272.25 | C26: =+'Mano de obra - Cargos'!J102 -> 363572.5 | D26: 1 | E26: =ROUND(+C26/D26,0) -> 363573
A30: Sub-total | F30: =SUM(E26:E29) -> 363573
A31: TOTAL COSTO DIRECTO | F31: =SUM(F4:F30) -> 1656572 | G31: 1585010
A32: COSTOS INDIRECTOS
A33: ADMINISTRACION | E33: 0.24 | F33: =ROUND((E33*F31),0) -> 397577
A34: IMPREVISTOS | E34: 0.01 | F34: =ROUND((E34*F31),0) -> 16566
A35: UTILIDAD | E35: 0.05 | F35: =ROUND((E35*F31),0) -> 82829
A36: PRECIO TOTAL UNITARIO | F36: =F35+F34+F33+F31 -> 2153544
A39: JOSÉ DAVID VARGAS ARIAS INGENIERO CIVIL | D39: Vo.Bo. ALEJANDRO PARRA COLLAZOS SEC DE PLANEACION

Sheet APU5.1
A1: MUNICIPIO LUGAR FECHA Graniplast aplicado en muros o superficies receptoras de la aplicación UNIDAD:M2 I. EQUIPO | D1: ANALISIS DE PRECIOS UNITARIOS OPORAPA VDA EL CARMEN MAYO DE 2026 | G1: 5.1
A2: Descripcion | B2: Tipo | C2: Tarifa/Dia | D2: Rendimiento | E2: Valor Unitario
A3: Herramienta menor | D3: 0.03 | E3: =ROUND(D3*F26,0) -> 545
A4: Andamio metálico tubular l.5x1.5 | C4: 6500 | D4: 0.6 | E4: =ROUND(+C4/D4,0) -> 10833
A8: II. MATERIALES EN OBRA | E8: Sub-total | F8: =SUM(E3:E7) -> 11378
A10: Descripcion | B10: Unidad | C10: Precio Unit. | D10: Cantidad | E10: Valor Unitario
A11: Graniplast | B11: Kg | C11: =+'EST MERCADO'!H52 -> 4950 | D11: 3.5 | E11: =ROUND(+C11*D11,0) -> 17325
A12: Espátula | B12: Und | C12: =+'EST MERCADO'!H50 -> 11220 | D12: 0.1 | E12: =ROUND(+C12*D12,0) -> 1122
A13: =+'EST MERCADO'!B109 -> Pasta o textura para aplicación de graniplast | B13: Kg | C13: =+'EST MERCADO'!H109 -> 2420 | D13: 0.5 | E13: =ROUND(+C13*D13,0) -> 1210
A19: IV. MANO DE OBRA | E19: Sub-Total | F19: =SUM(E11:E18) -> 19657
A21: Trabajador | B21: Jornal | C21: JornalTotal | D21: Rendimiento | E21: Valor Unitario
A22: =+'Mano de obra - Cargos'!C95 -> CUADRILLA TIPO III - (1 Of + 2 Ay) | B22: =+'Mano de obra - Cargos'!F102 -> 204272.25 | C22: =+'Mano de obra - Cargos'!J102 -> 363572.5 | D22: 20 | E22: =ROUND(+C22/D22,0) -> 18179
A26: Sub-total | F26: =SUM(E22:E25) -> 18179
A27: TOTAL COSTO DIRECTO | F27: =SUM(F4:F26) -> 49214
A28: COSTOS INDIRECTOS
A29: ADMINISTRACION | E29: 0.24 | F29: =ROUND((E29*F27),0) -> 11811
A30: IMPREVISTOS | E30: 0.01 | F30: =ROUND((E30*F27),0) -> 492
A31: UTILIDAD | E31: 0.05 | F31: =ROUND((E31*F27),0) -> 2461
A32: PRECIO TOTAL UNITARIO | F32: =F31+F30+F29+F27 -> 63978
A35: JOSÉ DAVID VARGAS ARIAS INGENIERO CIVIL | D35: Vo.Bo. ALEJANDRO PARRA COLLAZOS SEC DE PLANEACION

Sheet APU5.2
A1: MUNICIPIO LUGAR FECHA Pintura para columnas tipo Koraza UNIDAD:M2 I. EQUIPO | D1: ANALISIS DE PRECIOS UNITARIOS OPORAPA VDA EL CARMEN MAYO DE 2026 | G1: 5.2
A2: Descripcion | B2: Tipo | C2: Tarifa/Dia | D2: Rendimiento | E2: Valor Unitario
A3: Herramienta menor | D3: 0.03 | E3: =ROUND(D3*F26,0) -> 364
A4: Andamio metálico tubular l.5x1.5 | C4: 6500 | D4: 1 | E4: =ROUND(+C4/D4,0) -> 6500
A8: II. MATERIALES EN OBRA | E8: Sub-total | F8: =SUM(E3:E7) -> 6864
A10: Descripcion | B10: Unidad | C10: Precio Unit. | D10: Cantidad | E10: Valor Unitario
A11: Pintura Koraza | B11: Galón | C11: =+'EST MERCADO'!H110 -> 148500 | D11: 0.1 | E11: =ROUND(+C11*D11,0) -> 14850
A19: IV. MANO DE OBRA | E19: Sub-Total | F19: =SUM(E11:E18) -> 14850
A21: Trabajador | B21: Jornal | C21: JornalTotal | D21: Rendimiento | E21: Valor Unitario
A22: =+'Mano de obra - Cargos'!C95 -> CUADRILLA TIPO III - (1 Of + 2 Ay) | B22: =+'Mano de obra - Cargos'!F102 -> 204272.25 | C22: =+'Mano de obra - Cargos'!J102 -> 363572.5 | D22: 30 | E22: =ROUND(+C22/D22,0) -> 12119
A26: Sub-total | F26: =SUM(E22:E25) -> 12119
A27: TOTAL COSTO DIRECTO | F27: =SUM(F4:F26) -> 33833 | G27: 30173
A28: COSTOS INDIRECTOS
A29: ADMINISTRACION | E29: 0.24 | F29: =ROUND((E29*F27),0) -> 8120
A30: IMPREVISTOS | E30: 0.01 | F30: =ROUND((E30*F27),0) -> 338
A31: UTILIDAD | E31: 0.05 | F31: =ROUND((E31*F27),0) -> 1692
A32: PRECIO TOTAL UNITARIO | F32: =F31+F30+F29+F27 -> 43983
A35: JOSÉ DAVID VARGAS ARIAS INGENIERO CIVIL | C35: Vo.Bo. ALEJANDRO PARRA COLLAZOS SEC DE PLANEACION

Sheet APU5.3
A1: MUNICIPIO LUGAR FECHA Pintura antideslizante resistente al trafico peatonal y deportivo UNIDAD:m2 I. EQUIPO | D1: ANALISIS DE PRECIOS UNITARIOS OPORAPA VDA EL CARMEN MAYO DE 2026 | G1: 5.3
A2: Descripcion | B2: Tipo | C2: Tarifa/Dia | D2: Rendimiento | E2: Valor Unitario
A3: Herramienta menor | D3: 0.03 | E3: =ROUND(D3*F26,0) -> 606
A8: II. MATERIALES EN OBRA | E8: Sub-total | F8: =SUM(E3:E7) -> 606
A10: Descripcion | B10: Unidad | C10: Precio Unit. | D10: Cantidad | E10: Valor Unitario
A11: PINTURA PARA CANCHAS ANTIDESLIZANTE | B11: Galón | C11: =+'EST MERCADO'!H63 -> 185350 | D11: 0.04 | E11: =ROUND(+C11*D11,0) -> 7414
A12: Thinner | B12: Galón | C12: =+'EST MERCADO'!H87 -> 31520 | D12: 0.1 | E12: =ROUND(+C12*D12,0) -> 3152
A13: Cinta tirro | B13: Rollo | C13: =+'EST MERCADO'!H38 -> 9900 | D13: 0.1 | E13: =ROUND(+C13*D13,0) -> 990
A19: IV. MANO DE OBRA | E19: Sub-Total | F19: =SUM(E11:E18) -> 11556
A21: Trabajador | B21: Jornal | C21: JornalTotal | D21: Rendimiento | E21: Valor Unitario
A22: =+'Mano de obra - Cargos'!C95 -> CUADRILLA TIPO III - (1 Of + 2 Ay) | B22: =+'Mano de obra - Cargos'!F102 -> 204272.25 | C22: =+'Mano de obra - Cargos'!J102 -> 363572.5 | D22: 18 | E22: =ROUND(+C22/D22,0) -> 20198
A26: Sub-total | F26: =SUM(E22:E25) -> 20198
A27: TOTAL COSTO DIRECTO | F27: =SUM(F4:F26) -> 32360 | G27: 33810
A28: COSTOS INDIRECTOS
A29: ADMINISTRACION | E29: 0.24 | F29: =ROUND((E29*F27),0) -> 7766
A30: IMPREVISTOS | E30: 0.01 | F30: =ROUND((E30*F27),0) -> 324
A31: UTILIDAD | E31: 0.05 | F31: =ROUND((E31*F27),0) -> 1618
A32: PRECIO TOTAL UNITARIO | F32: =F31+F30+F29+F27 -> 42068
A35: JOSÉ DAVID VARGAS ARIAS INGENIERO CIVIL | C35: Vo.Bo. ALEJANDRO PARRA COLLAZOS SEC DE PLANEACION

Sheet APU5.4
A1: MUNICIPIO LUGAR FECHA Demarcación de cancha multiple UNIDAD:ML I. EQUIPO | D1: ANALISIS DE PRECIOS UNITARIOS OPORAPA VDA EL CARMEN MAYO DE 2026 | G1: 5.4
A2: Descripcion | B2: Tipo | C2: Tarifa/Dia | D2: Rendimiento | E2: Valor Unitario
A3: Herramienta menor | D3: 0.03 | E3: =ROUND(D3*F24,0) -> 103
A4: Equipo de pintura y compresor | C4: 9800 | D4: 0.15 | E4: =C4*D4 -> 1470
A5: Hidrolavadora | C5: 8400 | D5: 0.15 | E5: =C5*D5 -> 1260
A8: II. MATERIALES EN OBRA | E8: Sub-total | F8: =SUM(E3:E7) -> 2833
A10: Descripcion | B10: Unidad | C10: Precio Unit. | D10: Cantidad | E10: Valor Unitario
A11: Pintura para canchas antideslizante | B11: Gal | C11: 185350 | D11: 0.008 | E11: =ROUND(+C11*D11,0) -> 1483
A17: IV. MANO DE OBRA | E17: Sub-Total | F17: =SUM(E11:E16) -> 1483
A19: Trabajador | B19: Jornal | C19: JornalTotal | D19: Rendimiento | E19: Valor Unitario
A20: ='Mano de obra - Cargos'!C85 -> CUADRILLA TIPO II - (1 Of + 1 Ay) | B20: ='Mano de obra - Cargos'!F92 -> 145908.75 | C20: ='Mano de obra - Cargos'!H92 -> 258506.53 | D20: 75 | E20: =ROUND(+C20/D20,0) -> 3447
A24: Sub-total | F24: =SUM(E20:E23) -> 3447
A25: TOTAL COSTO DIRECTO | F25: =ROUND(SUM(F4:F24),0) -> 7763
A26: COSTOS INDIRECTOS
A27: ADMINISTRACION | E27: 0.24 | F27: =ROUND((E27*F25),0) -> 1863
A28: IMPREVISTOS | E28: 0.01 | F28: =ROUND((E28*F25),0) -> 78
A29: UTILIDAD | E29: 0.05 | F29: =ROUND((E29*F25),0) -> 388
A30: PRECIO TOTAL UNITARIO | F30: =F29+F28+F27+F25 -> 10092
A33: JOSÉ DAVID VARGAS ARIAS INGENIERO CIVIL | C33: Vo.Bo. ALEJANDRO PARRA COLLAZOS SEC DE PLANEACION

Sheet APU5.5
A1: MUNICIPIO LUGAR FECHA Suministro e instalación de tableros acrílicos. Incluye: Aro, malla, tornillos y todo lo necesario para su correcto funcionamiento UNIDAD:Und I. EQUIPO | D1: ANALISIS DE PRECIOS UNITARIOS OPORAPA VDA EL CARMEN MAYO DE 2026 | G1: 5.5
A2: Descripcion | B2: Tipo | C2: Tarifa/Dia | D2: Rendimiento | E2: Valor Unitario
A3: Herramienta menor | D3: 0.03 | E3: =ROUND(D3*F26,0) -> 5267
A4: Andamio metálico tubular l.5x1.5 | C4: 6500 | D4: 1 | E4: =ROUND(+C4/D4,0) -> 6500
A8: II. MATERIALES EN OBRA | E8: Sub-total | F8: =SUM(E3:E7) -> 11767
A10: Descripcion | B10: Unidad | C10: Precio Unit. | D10: Cantidad | E10: Valor Unitario
A11: Tablero De Baloncesto En Acrílico 120cm X 180cm | B11: Und | C11: =+'EST MERCADO'!H104 -> 610000 | D11: 1 | E11: =ROUND(+C11*D11,0) -> 610000
A12: Aro De Baloncesto Basketball Metálico Reglamentario | B12: Und | C12: =+'EST MERCADO'!H105 -> 109000 | D12: 1 | E12: =ROUND(+C12*D12,0) -> 109000
